Workbook

Sheet Indice Schede
B2: Indice schede per la valutazione del rischio
B4: Ogni scheda si compone di tre parti, la prima di valutazione delle probabilità, la seconda con la valutazione dell’impatto e la terza con la valutazione complessiva del rischio
B5: In relazione all'assegnazione dei punteggi sul rischio,​ gli stessi rappresentano valori adatti ad un comune che non ha avuto al momento alcun episodio corruttivo, si è​ quindi ​scelto di mantenere un punteggio standard.
B6: Valutare i punteggi proposti inserendo​, dove necessario, le eventuali variazioni: per accedere alla compilazione delle schede, cliccare sul singolo procedimento. | F6: Vai al prospetto finale
B8: Alla fine della lavorazione, è possibile stampare il prospetto finale, da allegare alla deliberazione comunale e al Piano Triennale per la Prevenzione della Corruzione e per la Trasparenza. | F8: Vai alle Misure riduzione rischio
B11: Num. scheda | C11: Indice dei processi sottoposti a valutazione rischio (LINK ALLE SCHEDE) | D11: Processo valutato | E11: Controllo compilazione | F11: Misure riduzione rischio inserite | G11: Procedimento o sottoprocedimento a rischio | H11: Probabilità | I11: Impatto | J11: Rischio | O11: Rischio basso | P11: Rischio medio-basso | Q11: Rischio medio | R11: Richio medio-alto | S11: Rischio alto | U11: Processo analizzato | V11: Misure per la riduzione del rischio
B12: =IF(OR(C12="Nuova scheda",C12=""),"",T12) -> 1 | C12: ='1'!A3 -> Concorso per l'assunzione di personale | D12: ='1'!F2 -> SI | E12: =IF(D12="SI",IF('1'!$B$44="Presenti campi non compilati","Errore","OK"),"-") -> OK | F12: =IF(D12="SI",IF('1'!$A$47<>"","SI","NO"),"-") -> SI | G12: =IF(OR(C12="Nuova scheda",C12=""),"",M12&" - "&C12) -> 01 - Concorso per l'assunzione di personale | H12: =IF(AND(D12="SI",E12="OK"),'1'!$B$24,"Processo non sottoposto a mappatura e valutazione del rischio") -> 2.5 | I12: =IF(AND(D12="SI",E12="OK"),'1'!$B$40,"") -> 1.5 | J12: =IF(AND(D12="SI",E12="OK"),'1'!$B$44,"") -> 3.75 | L12: 1 | M12: =TEXT(L12,"00") -> 01 | O12: =IF(AND(D12="SI",E12="OK"),IF(AND(J12>0,J12<=1),G12,),) -> 0 | P12: =IF(AND(D12="SI",E12="OK"),IF(AND(J12>1,J12<=4),G12,),) -> 01 - Concorso per l'assunzione di personale | Q12: =IF(AND(D12="SI",E12="OK"),IF(AND(J12>4,J12<=9),G12,),) -> 0 | R12: =IF(AND(D12="SI",E12="OK"),IF(AND(J12>9,J12<=16),G12,),) -> 0 | S12: =IF(AND(D12="SI",E12="OK"),IF(AND(J12>16,J12<=25),G12,),) -> 0 | T12: 1 | U12: =IF(AND(D12="SI",E12="OK",'1'!$A$47<>""),M12&" - "&C12,"") -> 01 - Concorso per l'assunzione di personale | V12: =IF(AND(U12<>"",'1'!$A$47<>""),'1'!$A$47,"") -> I due fattori maggiori di rischio corruttivo sono legati alla rilevanza esterna del processo e al suo impatto economico. Si ritiene pertanto necessario adottare ogni misura possibile affinché le commissioni di concorso si adoperino nella massima trasparenza, disponendo la pubblicazione più ampia e tempestiva possibile dei verbali di concorso dai quali, specie per i soggetti utilmente posti in graduatoria, risultino chiaramente i criteri di valutazione.
B13: =IF(OR(C13="Nuova scheda",C13=""),"",T13) -> 2 | C13: ='2'!A3 -> Concorso per la progressione in carriera del personale | D13: ='2'!F2 -> SI | E13: =IF(D13="SI",IF('2'!$B$44="Presenti campi non compilati","Errore","OK"),"-") -> OK | F13: =IF(D13="SI",IF('2'!$A$47<>"","SI","NO"),"-") -> SI | G13: =IF(OR(C13="Nuova scheda",C13=""),"",M13&" - "&C13) -> 02 - Concorso per la progressione in carriera del personale | H13: =IF(AND(D13="SI",E13="OK"),'2'!$B$24,"Processo non sottoposto a mappatura e valutazione del rischio") -> 2 | I13: =IF(AND(D13="SI",E13="OK"),'2'!$B$40,"") -> 1.25 | J13: =IF(AND(D13="SI",E13="OK"),'2'!$B$44,"") -> 2.5 | L13: 2 | M13: =IF(L13<>0,TEXT(L13,"00"),"") -> 02 | O13: =IF(AND(D13="SI",E13="OK"),IF(AND(J13>0,J13<=1),G13,),) -> 0 | P13: =IF(AND(D13="SI",E13="OK"),IF(AND(J13>1,J13<=4),G13,),) -> 02 - Concorso per la progressione in carriera del personale | Q13: =IF(AND(D13="SI",E13="OK"),IF(AND(J13>4,J13<=9),G13,),) -> 0 | R13: =IF(AND(D13="SI",E13="OK"),IF(AND(J13>9,J13<=16),G13,),) -> 0 | S13: =IF(AND(D13="SI",E13="OK"),IF(AND(J13>16,J13<=25),G13,),) -> 0 | T13: 2 | U13: =IF(AND(D13="SI",E13="OK",'2'!$A$47<>""),M13&" - "&C13,"") -> 02 - Concorso per la progressione in carriera del personale | V13: =IF(AND(U13<>"",'2'!$A$47<>""),'2'!$A$47,"") -> Rispetto al processo n. 1, in questo caso il rischio è minore, per il maggiore controllo interno e il minore impatto esterno. In ogni caso risulta anche qui necessario adottare ogni misura possibile affinché le commissioni di concorso si adoperino nella massima trasparenza, disponendo la pubblicazione più ampia e tempestiva possibile dei verbali di concorso dai quali, specie per i soggetti utilmente posti in graduatoria, risultino chiaramente i criteri di valutazione.
B14: =IF(OR(C14="Nuova scheda",C14=""),"",T14) -> 3 | C14: ='3'!A3 -> Selezione per l'affidamento di un incarico professionale | D14: ='3'!F2 -> SI | E14: =IF(D14="SI",IF('3'!$B$44="Presenti campi non compilati","Errore","OK"),"-") -> OK | F14: =IF(D14="SI",IF('3'!$A$47<>"","SI","NO"),"-") -> SI | G14: =IF(OR(C14="Nuova scheda",C14=""),"",M14&" - "&C14) -> 03 - Selezione per l'affidamento di un incarico professionale | H14: =IF(AND(D14="SI",E14="OK"),'3'!$B$24,"Processo non sottoposto a mappatura e valutazione del rischio") -> 3.5 | I14: =IF(AND(D14="SI",E14="OK"),'3'!$B$40,"") -> 1.5 | J14: =IF(AND(D14="SI",E14="OK"),'3'!$B$44,"") -> 5.25 | L14: 3 | M14: =IF(L14<>0,TEXT(L14,"00"),"") -> 03 | O14: =IF(AND(D14="SI",E14="OK"),IF(AND(J14>0,J14<=1),G14,),) -> 0 | P14: =IF(AND(D14="SI",E14="OK"),IF(AND(J14>1,J14<=4),G14,),) -> 0 | Q14: =IF(AND(D14="SI",E14="OK"),IF(AND(J14>4,J14<=9),G14,),) -> 03 - Selezione per l'affidamento di un incarico professionale | R14: =IF(AND(D14="SI",E14="OK"),IF(AND(J14>9,J14<=16),G14,),) -> 0 | S14: =IF(AND(D14="SI",E14="OK"),IF(AND(J14>16,J14<=25),G14,),) -> 0 | T14: 3 | U14: =IF(AND(D14="SI",E14="OK",'3'!$A$47<>""),M14&" - "&C14,"") -> 03 - Selezione per l'affidamento di un incarico professionale | V14: =IF(AND(U14<>"",'3'!$A$47<>""),'3'!$A$47,"") -> Pur con i recenti correttivi delle norme che obbligano a fare un piano preliminare e con delle forti limitazione della spesa, questo processo può nascondere una certa pericolosità corruttiva in relazione alle valutazioni di merito che, in via preliminare hanno detrminato l'esigenza di ricorrere a figure esterne all'amministrazione e all'ammontare del corrispettivo, comunque denominato. Si ritiene pertanto necessario disporre che il RPCT venga fatto destinatario per opportuna conoscenza di tutti i provvedimenti di impegno di spesa relativi a corrispettivi particolarmente rilevanti.
B15: =IF(OR(C15="Nuova scheda",C15=""),"",T15) -> 4 | C15: ='4'!A3 -> Affidamento mediante procedura aperta (o ristretta) di lavori, servizi, forniture | D15: ='4'!F2 -> SI | E15: =IF(D15="SI",IF('4'!$B$44="Presenti campi non compilati","Errore","OK"),"-") -> OK | F15: =IF(D15="SI",IF('4'!$A$47<>"","SI","NO"),"-") -> SI | G15: =IF(OR(C15="Nuova scheda",C15=""),"",M15&" - "&C15) -> 04 - Affidamento mediante procedura aperta (o ristretta) di lavori, servizi, forniture | H15: =IF(AND(D15="SI",E15="OK"),'4'!$B$24,"Processo non sottoposto a mappatura e valutazione del rischio") -> 2.3333333 | I15: =IF(AND(D15="SI",E15="OK"),'4'!$B$40,"") -> 1.25 | J15: =IF(AND(D15="SI",E15="OK"),'4'!$B$44,"") -> 2.9166667 | L15: 4 | M15: =IF(L15<>0,TEXT(L15,"00"),"") -> 04 | O15: =IF(AND(D15="SI",E15="OK"),IF(AND(J15>0,J15<=1),G15,),) -> 0 | P15: =IF(AND(D15="SI",E15="OK"),IF(AND(J15>1,J15<=4),G15,),) -> 04 - Affidamento mediante procedura aperta (o ristretta) di lavori, servizi, forniture | Q15: =IF(AND(D15="SI",E15="OK"),IF(AND(J15>4,J15<=9),G15,),) -> 0 | R15: =IF(AND(D15="SI",E15="OK"),IF(AND(J15>9,J15<=16),G15,),) -> 0 | S15: =IF(AND(D15="SI",E15="OK"),IF(AND(J15>16,J15<=25),G15,),) -> 0 | T15: 4 | U15: =IF(AND(D15="SI",E15="OK",'4'!$A$47<>""),M15&" - "&C15,"") -> 04 - Affidamento mediante procedura aperta (o ristretta) di lavori, servizi, forniture | V15: =IF(AND(U15<>"",'4'!$A$47<>""),'4'!$A$47,"") -> Le recenti novità che obbligano al ricorso al mercato elettronico e alla limitazione solo a detreminate forniture di meccanismi semplificati di gara, sembrerebbero aver ridotto molto il rischio corruttivo. Risulta però necessaria, anche a campione, una profilazione a consuntivo dei vari passaggi di gara, anche in contraddittorio con i responsbaili delle varie fasi, richiamando preventivamente tutti i soggetti all'applicazione ferrea delle norme esistenti a tutela della concorrenza e dell'economicità delle procedure, prima ancora che della corruzione, che spesso si concretizza proprio in provvedimenti antieconomici per la nostra amministrazione.
B16: =IF(OR(C16="Nuova scheda",C16=""),"",T16) -> 5 | C16: ='5'!A3 -> Affidamento diretto di lavori, servizi o forniture | D16: ='5'!F2 -> SI | E16: =IF(D16="SI",IF('5'!$B$44="Presenti campi non compilati","Errore","OK"),"-") -> OK | F16: =IF(D16="SI",IF('5'!$A$47<>"","SI","NO"),"-") -> SI | G16: =IF(OR(C16="Nuova scheda",C16=""),"",M16&" - "&C16) -> 05 - Affidamento diretto di lavori, servizi o forniture | H16: =IF(AND(D16="SI",E16="OK"),'5'!$B$24,"Processo non sottoposto a mappatura e valutazione del rischio") -> 2.8333333 | I16: =IF(AND(D16="SI",E16="OK"),'5'!$B$40,"") -> 1.5 | J16: =IF(AND(D16="SI",E16="OK"),'5'!$B$44,"") -> 4.25 | L16: 5 | M16: =IF(L16<>0,TEXT(L16,"00"),"") -> 05 | O16: =IF(AND(D16="SI",E16="OK"),IF(AND(J16>0,J16<=1),G16,),) -> 0 | P16: =IF(AND(D16="SI",E16="OK"),IF(AND(J16>1,J16<=4),G16,),) -> 0 | Q16: =IF(AND(D16="SI",E16="OK"),IF(AND(J16>4,J16<=9),G16,),) -> 05 - Affidamento diretto di lavori, servizi o forniture | R16: =IF(AND(D16="SI",E16="OK"),IF(AND(J16>9,J16<=16),G16,),) -> 0 | S16: =IF(AND(D16="SI",E16="OK"),IF(AND(J16>16,J16<=25),G16,),) -> 0 | T16: 5 | U16: =IF(AND(D16="SI",E16="OK",'5'!$A$47<>""),M16&" - "&C16,"") -> 05 - Affidamento diretto di lavori, servizi o forniture | V16: =IF(AND(U16<>"",'5'!$A$47<>""),'5'!$A$47,"") -> Le recenti novità che obbligano al ricorso al mercato elettronico e alla limitazione solo a detreminate forniture di meccanismi semplificati di gara, sembrerebbero aver ridotto molto il rischio corruttivo. Risulta però necessaria, anche a campione, una profilazione a consuntivo dei vari passaggi di gara, anche in contraddittorio con i responsbaili delle varie fasi, richiamando preventivamente tutti i soggetti all'applicazione ferrea delle norme esistenti a tutela della concorrenza e dell'economicità delle procedure, prima ancora che della corruzione, che spesso si concretizza proprio in provvedimenti antieconomici per la nostra amministrazione.
B17: =IF(OR(C17="Nuova scheda",C17=""),"",T17) -> 6 | C17: ='6'!A3 -> Permesso di costruire | D17: ='6'!F2 -> SI | E17: =IF(D17="SI",IF('6'!$B$44="Presenti campi non compilati","Errore","OK"),"-") -> OK | F17: =IF(D17="SI",IF('6'!$A$47<>"","SI","NO"),"-") -> SI | G17: =IF(OR(C17="Nuova scheda",C17=""),"",M17&" - "&C17) -> 06 - Permesso di costruire | H17: =IF(AND(D17="SI",E17="OK"),'6'!$B$24,"Processo non sottoposto a mappatura e valutazione del rischio") -> 2.3333333 | I17: =IF(AND(D17="SI",E17="OK"),'6'!$B$40,"") -> 1.25 | J17: =IF(AND(D17="SI",E17="OK"),'6'!$B$44,"") -> 2.9166667 | L17: 6 | M17: =IF(L17<>0,TEXT(L17,"00"),"") -> 06 | O17: =IF(AND(D17="SI",E17="OK"),IF(AND(J17>0,J17<=1),G17,),) -> 0 | P17: =IF(AND(D17="SI",E17="OK"),IF(AND(J17>1,J17<=4),G17,),) -> 06 - Permesso di costruire | Q17: =IF(AND(D17="SI",E17="OK"),IF(AND(J17>4,J17<=9),G17,),) -> 0 | R17: =IF(AND(D17="SI",E17="OK"),IF(AND(J17>9,J17<=16),G17,),) -> 0 | S17: =IF(AND(D17="SI",E17="OK"),IF(AND(J17>16,J17<=25),G17,),) -> 0 | T17: 6 | U17: =IF(AND(D17="SI",E17="OK",'6'!$A$47<>""),M17&" - "&C17,"") -> 06 - Permesso di costruire | V17: =IF(AND(U17<>"",'6'!$A$47<>""),'6'!$A$47,"") -> L'accesso agli uffici dei progettisti professionisti, degli impresari edili e dei proprietari di terreni edificabili o edifici che possono essere oggetto di interventi dovrà essere disciplinato in modo chiaro e basato su principi previamente definiti. In caso di varianti si dovrà dare conto nei provvedimenti finali delle motivazioni che hanno portato al rilascio.
B18: =IF(OR(C18="Nuova scheda",C18=""),"",T18) -> 7 | C18: ='7'!A3 -> Permesso di costruire in aree assoggettate ad autorizzazione paesaggistica | D18: ='7'!F2 -> SI | E18: =IF(D18="SI",IF('7'!$B$44="Presenti campi non compilati","Errore","OK"),"-") -> OK | F18: =IF(D18="SI",IF('7'!$A$47<>"","SI","NO"),"-") -> SI | G18: =IF(OR(C18="Nuova scheda",C18=""),"",M18&" - "&C18) -> 07 - Permesso di costruire in aree assoggettate ad autorizzazione paesaggistica | H18: =IF(AND(D18="SI",E18="OK"),'7'!$B$24,"Processo non sottoposto a mappatura e valutazione del rischio") -> 3 | I18: =IF(AND(D18="SI",E18="OK"),'7'!$B$40,"") -> 1.25 | J18: =IF(AND(D18="SI",E18="OK"),'7'!$B$44,"") -> 3.75 | L18: 7 | M18: =IF(L18<>0,TEXT(L18,"00"),"") -> 07 | O18: =IF(AND(D18="SI",E18="OK"),IF(AND(J18>0,J18<=1),G18,),) -> 0 | P18: =IF(AND(D18="SI",E18="OK"),IF(AND(J18>1,J18<=4),G18,),) -> 07 - Permesso di costruire in aree assoggettate ad autorizzazione paesaggistica | Q18: =IF(AND(D18="SI",E18="OK"),IF(AND(J18>4,J18<=9),G18,),) -> 0 | R18: =IF(AND(D18="SI",E18="OK"),IF(AND(J18>9,J18<=16),G18,),) -> 0 | S18: =IF(AND(D18="SI",E18="OK"),IF(AND(J18>16,J18<=25),G18,),) -> 0 | T18: 7 | U18: =IF(AND(D18="SI",E18="OK",'7'!$A$47<>""),M18&" - "&C18,"") -> 07 - Permesso di costruire in aree assoggettate ad autorizzazione paesaggistica | V18: =IF(AND(U18<>"",'7'!$A$47<>""),'7'!$A$47,"") -> In questo caso, oltre ai documenti di legge e a quanto previsto nella scheda n. 6, qui integralmente richiamato, si rende necessario uno studio del responsabile del servizio, preliminare ad ogni progetto approvato di questo tipo, che valuti anche i requisiti soggettivi del destinatario o di chi ne trae vantaggio, al fine di evitare che detti provvedimenti si risolvano in atti, seppure corretti formalmente, a favore di pratiche censurabili.
B19: =IF(OR(C19="Nuova scheda",C19=""),"",T19) -> 8 | C19: ='8'!A3 -> Concessione di sovvenzioni, contributi, sussidi, ausili finanziari, nonché attribuzione di vantaggi economici di qualunque genere | D19: ='8'!F2 -> SI | E19: =IF(D19="SI",IF('8'!$B$44="Presenti campi non compilati","Errore","OK"),"-") -> OK | F19: =IF(D19="SI",IF('8'!$A$47<>"","SI","NO"),"-") -> SI | G19: =IF(OR(C19="Nuova scheda",C19=""),"",M19&" - "&C19) -> 08 - Concessione di sovvenzioni, contributi, sussidi, ausili finanziari, nonché attribuzione di vantaggi economici di qualunque genere | H19: =IF(AND(D19="SI",E19="OK"),'18'!$B$24,"Processo non sottoposto a mappatura e valutazione del rischio") -> 1.8333333 | I19: =IF(AND(D19="SI",E19="OK"),'8'!$B$40,"") -> 1.5 | J19: =IF(AND(D19="SI",E19="OK"),'8'!$B$44,"") -> 3.75 | L19: 8 | M19: =IF(L19<>0,TEXT(L19,"00"),"") -> 08 | O19: =IF(AND(D19="SI",E19="OK"),IF(AND(J19>0,J19<=1),G19,),) -> 0 | P19: =IF(AND(D19="SI",E19="OK"),IF(AND(J19>1,J19<=4),G19,),) -> 08 - Concessione di sovvenzioni, contributi, sussidi, ausili finanziari, nonché attribuzione di vantaggi economici di qualunque genere | Q19: =IF(AND(D19="SI",E19="OK"),IF(AND(J19>4,J19<=9),G19,),) -> 0 | R19: =IF(AND(D19="SI",E19="OK"),IF(AND(J19>9,J19<=16),G19,),) -> 0 | S19: =IF(AND(D19="SI",E19="OK"),IF(AND(J19>16,J19<=25),G19,),) -> 0 | T19: 8 | U19: =IF(AND(D19="SI",E19="OK",'8'!$A$47<>""),M19&" - "&C19,"") -> 08 - Concessione di sovvenzioni, contributi, sussidi, ausili finanziari, nonché attribuzione di vantaggi economici di qualunque genere | V19: =IF(AND(U19<>"",'8'!$A$47<>""),'8'!$A$47,"") -> Il rischio corruttivo insito in questo processo e nelle varie fasi può essere abbattuto solo se si adoattano criteri oggettivi di corresponsione dei benefici e con procedimenti che siano il più possibile rigidi, dove cioè non ci siano margini di discrezionalità. I processi dovranno essere avviati sulla base di un regolamento o di un bando pubblico, si dovrà fornire una modulistica che non permetta da parte di nessuno di avvalersi di "scorciatoie" procedimentali e, con le dovute cautele relative alla riservatezza dei dati personali, dovrà essere data la più ampia pubblicità possibile ai provvedimenti di liquidazione.
B20: =IF(OR(C20="Nuova scheda",C20=""),"",T20) -> 9 | C20: ='9'!A3 -> Provvedimenti di pianificazione urbanistica generale | D20: ='9'!F2 -> SI | E20: =IF(D20="SI",IF('9'!$B$44="Presenti campi non compilati","Errore","OK"),"-") -> OK | F20: =IF(D20="SI",IF('9'!$A$47<>"","SI","NO"),"-") -> SI | G20: =IF(OR(C20="Nuova scheda",C20=""),"",M20&" - "&C20) -> 09 - Provvedimenti di pianificazione urbanistica generale | H20: =IF(AND(D20="SI",E20="OK"),'9'!$B$24,"Processo non sottoposto a mappatura e valutazione del rischio") -> 4 | I20: =IF(AND(D20="SI",E20="OK"),'9'!$B$40,"") -> 1.75 | J20: =IF(AND(D20="SI",E20="OK"),'9'!$B$44,"") -> 7 | L20: 9 | M20: =IF(L20<>0,TEXT(L20,"00"),"") -> 09 | O20: =IF(AND(D20="SI",E20="OK"),IF(AND(J20>0,J20<=1),G20,),) -> 0 | P20: =IF(AND(D20="SI",E20="OK"),IF(AND(J20>1,J20<=4),G20,),) -> 0 | Q20: =IF(AND(D20="SI",E20="OK"),IF(AND(J20>4,J20<=9),G20,),) -> 09 - Provvedimenti di pianificazione urbanistica generale | R20: =IF(AND(D20="SI",E20="OK"),IF(AND(J20>9,J20<=16),G20,),) -> 0 | S20: =IF(AND(D20="SI",E20="OK"),IF(AND(J20>16,J20<=25),G20,),) -> 0 | T20: 9 | U20: =IF(AND(D20="SI",E20="OK",'9'!$A$47<>""),M20&" - "&C20,"") -> 09 - Provvedimenti di pianificazione urbanistica generale | V20: =IF(AND(U20<>"",'9'!$A$47<>""),'9'!$A$47,"") -> Anche in questo processo vengono richiamate e si auspica l'applicazione delle misure di cui alle schede 6 e 7. In più, visto che i processi di pianificazione generale hanno una durata temporale molto lunga, andrà tenuta memoria dei vari passaggi e in caso di "oggetti di previsione" particolarmente impattanti sia a livello finanziario che urbanistico, si dovrà vigilare in particolare sui beneficiari affinché non abbiamo alcun "contatto" che non sia esclusivamente tecnico, con i tecnici che pianificano e con gli amministratori che decidono.
B21: =IF(OR(C21="Nuova scheda",C21=""),"",T21) -> 10 | C21: ='10'!A3 -> Provvedimenti di pianificazione urbanistica attuativa | D21: ='10'!F2 -> SI | E21: =IF(D21="SI",IF('10'!B44="Presenti campi non compilati","Errore","OK"),"-") -> OK | F21: =IF(D21="SI",IF('10'!$A$47<>"","SI","NO"),"-") -> SI | G21: =IF(OR(C21="Nuova scheda",C21=""),"",M21&" - "&C21) -> 10 - Provvedimenti di pianificazione urbanistica attuativa | H21: =IF(AND(D21="SI",E21="OK"),'10'!$B$24,"Processo non sottoposto a mappatura e valutazione del rischio") -> 3.8333333 | I21: =IF(AND(D21="SI",E21="OK"),'10'!$B$40,"") -> 1.75 | J21: =IF(AND(D21="SI",E21="OK"),'10'!$B$44,"") -> 6.7083333 | L21: 10 | M21: =IF(L21<>0,TEXT(L21,"00"),"") -> 10 | O21: =IF(AND(D21="SI",E21="OK"),IF(AND(J21>0,J21<=1),G21,),) -> 0 | P21: =IF(AND(D21="SI",E21="OK"),IF(AND(J21>1,J21<=4),G21,),) -> 0 | Q21: =IF(AND(D21="SI",E21="OK"),IF(AND(J21>4,J21<=9),G21,),) -> 10 - Provvedimenti di pianificazione urbanistica attuativa | R21: =IF(AND(D21="SI",E21="OK"),IF(AND(J21>9,J21<=16),G21,),) -> 0 | S21: =IF(AND(D21="SI",E21="OK"),IF(AND(J21>16,J21<=25),G21,),) -> 0 | T21: 10 | U21: =IF(AND(D21="SI",E21="OK",'10'!$A$47<>""),M21&" - "&C21,"") -> 10 - Provvedimenti di pianificazione urbanistica attuativa | V21: =IF(AND(U21<>"",'10'!$A$47<>""),'10'!$A$47,"") -> Anche in questo processo vengono richiamate e si auspica l'applicazione delle misure di cui alle schede 6 e 7. In più, visto che i processi di pianificazione generale hanno una durata temporale molto lunga, andrà tenuta memoria dei vari passaggi e in caso di "oggetti di previsione" particolarmente impattanti sia a livello finanziario che urbanistico, si dovrà vigilare in particolare sui beneficiari affinché non abbiamo alcun "contatto" che non sia esclusivamente tecnico, con i tecnici che pianificano e con gli amministratori che decidono.
B22: =IF(OR(C22="Nuova scheda",C22=""),"",T22) -> 11 | C22: ='11'!A3 -> Levata dei protesti | D22: ='11'!F2 -> SI | E22: =IF(D22="SI",IF('11'!$B$44="Presenti campi non compilati","Errore","OK"),"-") -> OK | F22: =IF(D22="SI",IF('11'!$A$47<>"","SI","NO"),"-") -> SI | G22: =IF(OR(C22="Nuova scheda",C22=""),"",M22&" - "&C22) -> 11 - Levata dei protesti | H22: =IF(AND(D22="SI",E22="OK"),'11'!$B$24,"Processo non sottoposto a mappatura e valutazione del rischio") -> 2 | I22: =IF(AND(D22="SI",E22="OK"),'11'!$B$40,"") -> 1.75 | J22: =IF(AND(D22="SI",E22="OK"),'11'!$B$44,"") -> 3.5 | L22: 11 | M22: =IF(L22<>0,TEXT(L22,"00"),"") -> 11 | O22: =IF(AND(D22="SI",E22="OK"),IF(AND(J22>0,J22<=1),G22,),) -> 0 | P22: =IF(AND(D22="SI",E22="OK"),IF(AND(J22>1,J22<=4),G22,),) -> 11 - Levata dei protesti | Q22: =IF(AND(D22="SI",E22="OK"),IF(AND(J22>4,J22<=9),G22,),) -> 0 | R22: =IF(AND(D22="SI",E22="OK"),IF(AND(J22>9,J22<=16),G22,),) -> 0 | S22: =IF(AND(D22="SI",E22="OK"),IF(AND(J22>16,J22<=25),G22,),) -> 0 | T22: 11 | U22: =IF(AND(D22="SI",E22="OK",'11'!$A$47<>""),M22&" - "&C22,"") -> 11 - Levata dei protesti | V22: =IF(AND(U22<>"",'11'!$A$47<>""),'11'!$A$47,"") -> Quando il segretario esercita questa funzione, lo fa sempre alla presenza di un suo collaboratore che sia in grado in ogni momento di testimoniare dell'integrità dei suoi comportamenti.
B23: =IF(OR(C23="Nuova scheda",C23=""),"",T23) -> 12 | C23: ='12'!A3 -> Gestione delle sanzioni per violazione del CDS | D23: ='12'!F2 -> SI | E23: =IF(D23="SI",IF('12'!$B$44="Presenti campi non compilati","Errore","OK"),"-") -> OK | F23: =IF(D23="SI",IF('12'!$A$47<>"","SI","NO"),"-") -> SI | G23: =IF(OR(C23="Nuova scheda",C23=""),"",M23&" - "&C23) -> 12 - Gestione delle sanzioni per violazione del CDS | H23: =IF(AND(D23="SI",E23="OK"),'12'!$B$24,"Processo non sottoposto a mappatura e valutazione del rischio") -> 2.1666667 | I23: =IF(AND(D23="SI",E23="OK"),'12'!$B$40,"") -> 1.75 | J23: =IF(AND(D23="SI",E23="OK"),'12'!$B$44,"") -> 3.7916667 | L23: 12 | M23: =IF(L23<>0,TEXT(L23,"00"),"") -> 12 | O23: =IF(AND(D23="SI",E23="OK"),IF(AND(J23>0,J23<=1),G23,),) -> 0 | P23: =IF(AND(D23="SI",E23="OK"),IF(AND(J23>1,J23<=4),G23,),) -> 12 - Gestione delle sanzioni per violazione del CDS | Q23: =IF(AND(D23="SI",E23="OK"),IF(AND(J23>4,J23<=9),G23,),) -> 0 | R23: =IF(AND(D23="SI",E23="OK"),IF(AND(J23>9,J23<=16),G23,),) -> 0 | S23: =IF(AND(D23="SI",E23="OK"),IF(AND(J23>16,J23<=25),G23,),) -> 0 | T23: 12 | U23: =IF(AND(D23="SI",E23="OK",'12'!$A$47<>""),M23&" - "&C23,"") -> 12 - Gestione delle sanzioni per violazione del CDS | V23: =IF(AND(U23<>"",'12'!$A$47<>""),'12'!$A$47,"") -> Due sono le direttive per la riduzione del rischio. La prima fa riferimento agli agenti ed ausiliari che accertano le violazioni che dovranno sempre operare almeno in coppia al fin di testimoniare reciprocamente l'integrità dei comportamenti dei pubblici ufficiali. La seconda misura è inerente al processo di riscossione che deve essere progressivamente sempre più informatizzato e rendere automatico ogni passaggio, specie per quelle sanzioni che vengono annullate, revocate o per le quali si decide di non procedere con la "messa a ruolo/risocssione coattiva"
B24: =IF(OR(C24="Nuova scheda",C24=""),"",T24) -> 13 | C24: ='13'!A3 -> Gestione ordinaria delle entrate di bilancio | D24: ='13'!F2 -> SI | E24: =IF(D24="SI",IF('13'!$B$44="Presenti campi non compilati","Errore","OK"),"-") -> OK | F24: =IF(D24="SI",IF('13'!$A$47<>"","SI","NO"),"-") -> SI | G24: =IF(OR(C24="Nuova scheda",C24=""),"",M24&" - "&C24) -> 13 - Gestione ordinaria delle entrate di bilancio | H24: =IF(AND(D24="SI",E24="OK"),'13'!$B$24,"Processo non sottoposto a mappatura e valutazione del rischio") -> 2.1666667 | I24: =IF(AND(D24="SI",E24="OK"),'13'!$B$40,"") -> 1 | J24: =IF(AND(D24="SI",E24="OK"),'13'!$B$44,"") -> 2.1666667 | L24: 13 | M24: =IF(L24<>0,TEXT(L24,"00"),"") -> 13 | O24: =IF(AND(D24="SI",E24="OK"),IF(AND(J24>0,J24<=1),G24,),) -> 0 | P24: =IF(AND(D24="SI",E24="OK"),IF(AND(J24>1,J24<=4),G24,),) -> 13 - Gestione ordinaria delle entrate di bilancio | Q24: =IF(AND(D24="SI",E24="OK"),IF(AND(J24>4,J24<=9),G24,),) -> 0 | R24: =IF(AND(D24="SI",E24="OK"),IF(AND(J24>9,J24<=16),G24,),) -> 0 | S24: =IF(AND(D24="SI",E24="OK"),IF(AND(J24>16,J24<=25),G24,),) -> 0 | T24: 13 | U24: =IF(AND(D24="SI",E24="OK",'13'!$A$47<>""),M24&" - "&C24,"") -> 13 - Gestione ordinaria delle entrate di bilancio | V24: =IF(AND(U24<>"",'13'!$A$47<>""),'13'!$A$47,"") -> Le fattispecie in cui si concretizzano questi processi sono le più varie, ma diventano rilevanti ai fini dell'anticorruzione solo quando "si decidono" dilazioni, sconti, azzeramenti, rimodulazioni del debito ecc. In questi casi si dovrebbe produrre anche uno scostamento tra la previsione di entrata registrata a bilancio e l'accertamento della stessa. Sarebbe bene dunque che, specie quando si determinano detti scostamenti, venissero dai servizi finanziari segnalati al RPCT.
B25: =IF(OR(C25="Nuova scheda",C25=""),"",T25) -> 14 | C25: ='14'!A3 -> Gestione ordinaria delle spese di bilancio | D25: ='14'!F2 -> SI | E25: =IF(D25="SI",IF('14'!$B$44="Presenti campi non compilati","Errore","OK"),"-") -> OK | F25: =IF(D25="SI",IF('14'!$A$47<>"","SI","NO"),"-") -> SI | G25: =IF(OR(C25="Nuova scheda",C25=""),"",M25&" - "&C25) -> 14 - Gestione ordinaria delle spese di bilancio | H25: =IF(AND(D25="SI",E25="OK"),'14'!$B$24,"Processo non sottoposto a mappatura e valutazione del rischio") -> 3.3333333 | I25: =IF(AND(D25="SI",E25="OK"),'14'!$B$40,"") -> 1 | J25: =IF(AND(D25="SI",E25="OK"),'14'!$B$44,"") -> 3.3333333 | L25: 14 | M25: =IF(L25<>0,TEXT(L25,"00"),"") -> 14 | O25: =IF(AND(D25="SI",E25="OK"),IF(AND(J25>0,J25<=1),G25,),) -> 0 | P25: =IF(AND(D25="SI",E25="OK"),IF(AND(J25>1,J25<=4),G25,),) -> 14 - Gestione ordinaria delle spese di bilancio | Q25: =IF(AND(D25="SI",E25="OK"),IF(AND(J25>4,J25<=9),G25,),) -> 0 | R25: =IF(AND(D25="SI",E25="OK"),IF(AND(J25>9,J25<=16),G25,),) -> 0 | S25: =IF(AND(D25="SI",E25="OK"),IF(AND(J25>16,J25<=25),G25,),) -> 0 | T25: 14 | U25: =IF(AND(D25="SI",E25="OK",'14'!$A$47<>""),M25&" - "&C25,"") -> 14 - Gestione ordinaria delle spese di bilancio | V25: =IF(AND(U25<>"",'14'!$A$47<>""),'14'!$A$47,"") -> Il meccanismo della spesa ha acquistato in questi ultimi anni degli automatismi tali che, se si è seguito tutto il procedimento: bilancio preventivo, PEG, scelta del contraente, impegno di spesa, registrazione dell'impegno, liquidazione, emissione del mandato, qualora la spesa stessa sia legittima (però in caso contrario siamo in una fattispecie diversa da questa scheda), è molto complicato ipotizzare fattispecie corruttive. In questo contesto possono assumere rilevanza e potrebbero essere segnalate al RPCT solo le variazioni della spesa particolarmente significative rispetto alle previsioni.
B26: =IF(OR(C26="Nuova scheda",C26=""),"",T26) -> 15 | C26: ='15'!A3 -> Accertamenti e verifiche dei tributi locali | D26: ='15'!F2 -> SI | E26: =IF(D26="SI",IF('15'!$B$44="Presenti campi non compilati","Errore","OK"),"-") -> OK | F26: =IF(D26="SI",IF('15'!$A$47<>"","SI","NO"),"-") -> SI | G26: =IF(OR(C26="Nuova scheda",C26=""),"",M26&" - "&C26) -> 15 - Accertamenti e verifiche dei tributi locali | H26: =IF(AND(D26="SI",E26="OK"),'15'!$B$24,"Processo non sottoposto a mappatura e valutazione del rischio") -> 3.1666667 | I26: =IF(AND(D26="SI",E26="OK"),'15'!$B$40,"") -> 1.25 | J26: =IF(AND(D26="SI",E26="OK"),'15'!$B$44,"") -> 3.9583333 | L26: 15 | M26: =IF(L26<>0,TEXT(L26,"00"),"") -> 15 | O26: =IF(AND(D26="SI",E26="OK"),IF(AND(J26>0,J26<=1),G26,),) -> 0 | P26: =IF(AND(D26="SI",E26="OK"),IF(AND(J26>1,J26<=4),G26,),) -> 15 - Accertamenti e verifiche dei tributi locali | Q26: =IF(AND(D26="SI",E26="OK"),IF(AND(J26>4,J26<=9),G26,),) -> 0 | R26: =IF(AND(D26="SI",E26="OK"),IF(AND(J26>9,J26<=16),G26,),) -> 0 | S26: =IF(AND(D26="SI",E26="OK"),IF(AND(J26>16,J26<=25),G26,),) -> 0 | T26: 15 | U26: =IF(AND(D26="SI",E26="OK",'15'!$A$47<>""),M26&" - "&C26,"") -> 15 - Accertamenti e verifiche dei tributi locali | V26: =IF(AND(U26<>"",'15'!$A$47<>""),'15'!$A$47,"") -> La misura più importante è inerente al processo di riscossione che deve essere progressivamente sempre più informatizzato e rendere automatico ogni passaggio, specie per quei tributi che vengono annullati, revocati o per i quali si decide di non procedere con la "messa a ruolo/risocssione coattiva"
B27: =IF(OR(C27="Nuova scheda",C27=""),"",T27) -> 16 | C27: ='16'!A3 -> Accertamenti con adesione dei tributi locali | D27: ='16'!F2 -> SI | E27: =IF(D27="SI",IF('16'!$B$44="Presenti campi non compilati","Errore","OK"),"-") -> OK | F27: =IF(D27="SI",IF('16'!$A$47<>"","SI","NO"),"-") -> SI | G27: =IF(OR(C27="Nuova scheda",C27=""),"",M27&" - "&C27) -> 16 - Accertamenti con adesione dei tributi locali | H27: =IF(AND(D27="SI",E27="OK"),'16'!$B$24,"Processo non sottoposto a mappatura e valutazione del rischio") -> 3.8333333 | I27: =IF(AND(D27="SI",E27="OK"),'16'!$B$40,"") -> 1.25 | J27: =IF(AND(D27="SI",E27="OK"),'16'!$B$44,"") -> 4.7916667 | L27: 16 | M27: =IF(L27<>0,TEXT(L27,"00"),"") -> 16 | O27: =IF(AND(D27="SI",E27="OK"),IF(AND(J27>0,J27<=1),G27,),) -> 0 | P27: =IF(AND(D27="SI",E27="OK"),IF(AND(J27>1,J27<=4),G27,),) -> 0 | Q27: =IF(AND(D27="SI",E27="OK"),IF(AND(J27>4,J27<=9),G27,),) -> 16 - Accertamenti con adesione dei tributi locali | R27: =IF(AND(D27="SI",E27="OK"),IF(AND(J27>9,J27<=16),G27,),) -> 0 | S27: =IF(AND(D27="SI",E27="OK"),IF(AND(J27>16,J27<=25),G27,),) -> 0 | T27: 16 | U27: =IF(AND(D27="SI",E27="OK",'16'!$A$47<>""),M27&" - "&C27,"") -> 16 - Accertamenti con adesione dei tributi locali | V27: =IF(AND(U27<>"",'16'!$A$47<>""),'16'!$A$47,"") -> Qui la scelta è duplice e oltre a quanto disposto per la scheda precedente relativamente al processo di riscossione, che deve essere progressivamente sempre più informatizzato e rendere automatico ogni passaggio, specie per quei tributi che vengono annullati, revocati o per i quali si decide di non procedere con la "messa a ruolo/risocssione coattiva", si dovrà anche prevedere un meccanismo di trasparenza nei provvedimenti che autorizzano dette riduzioni, con particolare riferimento alla parte motivazionale.
B28: =IF(OR(C28="Nuova scheda",C28=""),"",T28) -> 17 | C28: ='17'!A3 -> Accertamenti e controlli sugli abusi edilizi | D28: ='17'!F2 -> SI | E28: =IF(D28="SI",IF('17'!$B$44="Presenti campi non compilati","Errore","OK"),"-") -> OK | F28: =IF(D28="SI",IF('17'!$A$47<>"","SI","NO"),"-") -> SI | G28: =IF(OR(C28="Nuova scheda",C28=""),"",M28&" - "&C28) -> 17 - Accertamenti e controlli sugli abusi edilizi | H28: =IF(AND(D28="SI",E28="OK"),'17'!$B$24,"Processo non sottoposto a mappatura e valutazione del rischio") -> 2.6666667 | I28: =IF(AND(D28="SI",E28="OK"),'17'!$B$40,"") -> 1 | J28: =IF(AND(D28="SI",E28="OK"),'17'!$B$44,"") -> 2.6666667 | L28: 17 | M28: =IF(L28<>0,TEXT(L28,"00"),"") -> 17 | O28: =IF(AND(D28="SI",E28="OK"),IF(AND(J28>0,J28<=1),G28,),) -> 0 | P28: =IF(AND(D28="SI",E28="OK"),IF(AND(J28>1,J28<=4),G28,),) -> 17 - Accertamenti e controlli sugli abusi edilizi | Q28: =IF(AND(D28="SI",E28="OK"),IF(AND(J28>4,J28<=9),G28,),) -> 0 | R28: =IF(AND(D28="SI",E28="OK"),IF(AND(J28>9,J28<=16),G28,),) -> 0 | S28: =IF(AND(D28="SI",E28="OK"),IF(AND(J28>16,J28<=25),G28,),) -> 0 | T28: 17 | U28: =IF(AND(D28="SI",E28="OK",'17'!$A$47<>""),M28&" - "&C28,"") -> 17 - Accertamenti e controlli sugli abusi edilizi | V28: =IF(AND(U28<>"",'17'!$A$47<>""),'17'!$A$47,"") -> L'abuso edilizio può essere paragonato alle violazioni del Cds di cui alla scheda 12 e dunque due sono le direttive per la riduzione del rischio. La prima fa riferimento agli agenti e tecnici che accertano, sul territorio, gli abusi e le violazioni alla normativa urbanistica. Detti funzionari dovranno sempre operare almeno in coppia al fine di testimoniare reciprocamente l'integrità dei propri comportamenti. La seconda misura è inerente al processo sanzionatorio che deve essere progressivamente sempre più informatizzato e rendere automatico ogni passaggio, specie per quelle sanzioni che vengono annullate, revocate o per le quali si decide di non procedere con il ripristino o la demolizione.
B29: =IF(OR(C29="Nuova scheda",C29=""),"",T29) -> 18 | C29: ='18'!A3 -> Incentivi economici al personale (produttività e retribuzioni di risultato) | D29: ='18'!F2 -> SI | E29: =IF(D29="SI",IF('18'!$B$44="Presenti campi non compilati","Errore","OK"),"-") -> OK | F29: =IF(D29="SI",IF('18'!$A$47<>"","SI","NO"),"-") -> SI | G29: =IF(OR(C29="Nuova scheda",C29=""),"",M29&" - "&C29) -> 18 - Incentivi economici al personale (produttività e retribuzioni di risultato) | H29: =IF(AND(D29="SI",E29="OK"),'18'!$B$24,"Processo non sottoposto a mappatura e valutazione del rischio") -> 1.8333333 | I29: =IF(AND(D29="SI",E29="OK"),'18'!$B$40,"") -> 2.25 | J29: =IF(AND(D29="SI",E29="OK"),'18'!$B$44,"") -> 4.125 | L29: 18 | M29: =IF(L29<>0,TEXT(L29,"00"),"") -> 18 | O29: =IF(AND(D29="SI",E29="OK"),IF(AND(J29>0,J29<=1),G29,),) -> 0 | P29: =IF(AND(D29="SI",E29="OK"),IF(AND(J29>1,J29<=4),G29,),) -> 0 | Q29: =IF(AND(D29="SI",E29="OK"),IF(AND(J29>4,J29<=9),G29,),) -> 18 - Incentivi economici al personale (produttività e retribuzioni di risultato) | R29: =IF(AND(D29="SI",E29="OK"),IF(AND(J29>9,J29<=16),G29,),) -> 0 | S29: =IF(AND(D29="SI",E29="OK"),IF(AND(J29>16,J29<=25),G29,),) -> 0 | T29: 18 | U29: =IF(AND(D29="SI",E29="OK",'18'!$A$47<>""),M29&" - "&C29,"") -> 18 - Incentivi economici al personale (produttività e retribuzioni di risultato) | V29: =IF(AND(U29<>"",'18'!$A$47<>""),'18'!$A$47,"") -> Questo è un caso paradigmatico relativo ai parametri utilizzati per la valutazione del rischio che danno un risultato altissimo quando invece l'esperienza dimostra che teoricamente è difficile ipotizzare fenomeni corruttivi, in quanto c'è il controllo reciproco dei dipendneti stessi e risulterebbe evidente ogni ipotesi premiale non in linea con i meccanismi di calcolo. A tal fine pare ovvio che la trasparenza del piano della performance debba essere altamente rigido e non derogabile e, ad ogni passaggio, sia applicata il massimo della trasparenza possibile, anche con qualche inevitabile contraccolpo in tema di riservatezza dei dati personali.
B30: =IF(OR(C30="Nuova scheda",C30=""),"",T30) -> 19 | C30: ='19'!A3 -> Autorizzazione all’occupazione del suolo pubblico | D30: ='19'!F2 -> SI | E30: =IF(D30="SI",IF('19'!$B$44="Presenti campi non compilati","Errore","OK"),"-") -> OK | F30: =IF(D30="SI",IF('19'!$A$47<>"","SI","NO"),"-") -> SI | G30: =IF(OR(C30="Nuova scheda",C30=""),"",M30&" - "&C30) -> 19 - Autorizzazione all’occupazione del suolo pubblico | H30: =IF(AND(D30="SI",E30="OK"),'19'!$B$24,"Processo non sottoposto a mappatura e valutazione del rischio") -> 2.1666667 | I30: =IF(AND(D30="SI",E30="OK"),'19'!$B$40,"") -> 1 | J30: =IF(AND(D30="SI",E30="OK"),'19'!$B$44,"") -> 2.1666667 | L30: 19 | M30: =IF(L30<>0,TEXT(L30,"00"),"") -> 19 | O30: =IF(AND(D30="SI",E30="OK"),IF(AND(J30>0,J30<=1),G30,),) -> 0 | P30: =IF(AND(D30="SI",E30="OK"),IF(AND(J30>1,J30<=4),G30,),) -> 19 - Autorizzazione all’occupazione del suolo pubblico | Q30: =IF(AND(D30="SI",E30="OK"),IF(AND(J30>4,J30<=9),G30,),) -> 0 | R30: =IF(AND(D30="SI",E30="OK"),IF(AND(J30>9,J30<=16),G30,),) -> 0 | S30: =IF(AND(D30="SI",E30="OK"),IF(AND(J30>16,J30<=25),G30,),) -> 0 | T30: 19 | U30: =IF(AND(D30="SI",E30="OK",'19'!$A$47<>""),M30&" - "&C30,"") -> 19 - Autorizzazione all’occupazione del suolo pubblico | V30: =IF(AND(U30<>"",'19'!$A$47<>""),'19'!$A$47,"") -> Se vengono applicate in modo chiaro e trasparente le disposizioni normative e regolamentari, non dovrebbero verificarsi fenomeni corruttivi. Questa fattispecie è comunque una di quelle in cui è rilevante anche il controllo delle entrate relative ai canoni previsti.
B31: =IF(OR(C31="Nuova scheda",C31=""),"",T31) -> 20 | C31: ='20'!A3 -> Autorizzazioni ex artt. 68 e 69 del TULPS (spettacoli anche viaggianti, pubblici intrattenimenti, feste da ballo, esposizioni, gare) | D31: ='20'!$F$2 -> SI | E31: =IF(D31="SI",IF('20'!$B$44="Presenti campi non compilati","Errore","OK"),"-") -> OK | F31: =IF(D31="SI",IF('20'!$A$47<>"","SI","NO"),"-") -> SI | G31: =IF(OR(C31="Nuova scheda",C31=""),"",M31&" - "&C31) -> 20 - Autorizzazioni ex artt. 68 e 69 del TULPS (spettacoli anche viaggianti, pubblici intrattenimenti, feste da ballo, esposizioni, gare) | H31: =IF(AND(D31="SI",E31="OK"),'20'!$B$24,"Processo non sottoposto a mappatura e valutazione del rischio") -> 2.8333333 | I31: =IF(AND(D31="SI",E31="OK"),'20'!$B$40,"") -> 1.25 | J31: =IF(AND(D31="SI",E31="OK"),'20'!$B$44,"") -> 3.5416667 | L31: 20 | M31: =IF(L31<>0,TEXT(L31,"00"),"") -> 20 | O31: =IF(AND(D31="SI",E31="OK"),IF(AND(J31>0,J31<=1),G31,),) -> 0 | P31: =IF(AND(D31="SI",E31="OK"),IF(AND(J31>1,J31<=4),G31,),) -> 20 - Autorizzazioni ex artt. 68 e 69 del TULPS (spettacoli anche viaggianti, pubblici intrattenimenti, feste da ballo, esposizioni, gare) | Q31: =IF(AND(D31="SI",E31="OK"),IF(AND(J31>4,J31<=9),G31,),) -> 0 | R31: =IF(AND(D31="SI",E31="OK"),IF(AND(J31>9,J31<=16),G31,),) -> 0 | S31: =IF(AND(D31="SI",E31="OK"),IF(AND(J31>16,J31<=25),G31,),) -> 0 | T31: 20 | U31: =IF(AND(D31="SI",E31="OK",'20'!$A$47<>""),M31&" - "&C31,"") -> 20 - Autorizzazioni ex artt. 68 e 69 del TULPS (spettacoli anche viaggianti, pubblici intrattenimenti, feste da ballo, esposizioni, gare) | V31: =IF(AND(U31<>"",'20'!$A$47<>""),'20'!$A$47,"") -> Se vengono applicate in modo chiaro e trasparente le disposizioni normative e regolamentari, non dovrebbero verificarsi fenomeni corruttivi. Questa fattispecie è comunque una di quelle in cui è rilevante anche il controllo delle entrate relative ai canoni previsti.
B32: =IF(OR(C32="Nuova scheda",C32=""),"",T32) -> 21 | C32: ='21'!A3 -> Permesso di costruire convenzionato | D32: ='21'!$F$2 -> SI | E32: =IF(D32="SI",IF('21'!$B$44="Presenti campi non compilati","Errore","OK"),"-") -> OK | F32: =IF(D32="SI",IF('21'!$A$47<>"","SI","NO"),"-") -> SI | G32: =IF(OR(C32="Nuova scheda",C32=""),"",M32&" - "&C32) -> 21 - Permesso di costruire convenzionato | H32: =IF(AND(D32="SI",E32="OK"),'21'!$B$24,"Processo non sottoposto a mappatura e valutazione del rischio") -> 3.3333333 | I32: =IF(AND(D32="SI",E32="OK"),'21'!$B$40,"") -> 1.25 | J32: =IF(AND(D32="SI",E32="OK"),'21'!$B$44,"") -> 4.1666667 | L32: 21 | M32: =IF(L32<>0,TEXT(L32,"00"),"") -> 21 | O32: =IF(AND(D32="SI",E32="OK"),IF(AND(J32>0,J32<=1),G32,),) -> 0 | P32: =IF(AND(D32="SI",E32="OK"),IF(AND(J32>1,J32<=4),G32,),) -> 0 | Q32: =IF(AND(D32="SI",E32="OK"),IF(AND(J32>4,J32<=9),G32,),) -> 21 - Permesso di costruire convenzionato | R32: =IF(AND(D32="SI",E32="OK"),IF(AND(J32>9,J32<=16),G32,),) -> 0 | S32: =IF(AND(D32="SI",E32="OK"),IF(AND(J32>16,J32<=25),G32,),) -> 0 | T32: 21 | U32: =IF(AND(D32="SI",E32="OK",'21'!$A$47<>""),M32&" - "&C32,"") -> 21 - Permesso di costruire convenzionato | V32: =IF(AND(U32<>"",'21'!$A$47<>""),'21'!$A$47,"") -> Come per la scheda 6 (Permesso di costruire) l'accesso agli uffici dei progettisti professionisti, degli impresari edili e dei proprietari di terreni edificabili o edifici che possono essere oggetto di interventi di questo tipo dovrà essere disciplinato in modo chiaro e basato su principi previamente definiti. In caso di convenzioni si dovrà dare conto nei provvedimenti finali delle motivazioni che hanno portato al rilascio, specie nella definizione deli aspetti soggettivi dei beneficiari.
B33: =IF(OR(C33="Nuova scheda",C33=""),"",T33) -> 22 | C33: ='22'!A3 -> Pratiche anagrafiche | D33: ='22'!$F$2 -> SI | E33: =IF(D33="SI",IF('22'!$B$44="Presenti campi non compilati","Errore","OK"),"-") -> OK | F33: =IF(D33="SI",IF('22'!$A$47<>"","SI","NO"),"-") -> SI | G33: =IF(OR(C33="Nuova scheda",C33=""),"",M33&" - "&C33) -> 22 - Pratiche anagrafiche | H33: =IF(AND(D33="SI",E33="OK"),'22'!$B$24,"Processo non sottoposto a mappatura e valutazione del rischio") -> 2.1666667 | I33: =IF(AND(D33="SI",E33="OK"),'22'!$B$40,"") -> 1 | J33: =IF(AND(D33="SI",E33="OK"),'22'!$B$44,"") -> 2.1666667 | L33: 22 | M33: =IF(L33<>0,TEXT(L33,"00"),"") -> 22 | O33: =IF(AND(D33="SI",E33="OK"),IF(AND(J33>0,J33<=1),G33,),) -> 0 | P33: =IF(AND(D33="SI",E33="OK"),IF(AND(J33>1,J33<=4),G33,),) -> 22 - Pratiche anagrafiche | Q33: =IF(AND(D33="SI",E33="OK"),IF(AND(J33>4,J33<=9),G33,),) -> 0 | R33: =IF(AND(D33="SI",E33="OK"),IF(AND(J33>9,J33<=16),G33,),) -> 0 | S33: =IF(AND(D33="SI",E33="OK"),IF(AND(J33>16,J33<=25),G33,),) -> 0 | T33: 22 | U33: =IF(AND(D33="SI",E33="OK",'22'!$A$47<>""),M33&" - "&C33,"") -> 22 - Pratiche anagrafiche | V33: =IF(AND(U33<>"",'22'!$A$47<>""),'22'!$A$47,"") -> In questo ente si sono adottate tutte le misure previste dall'ordinamento anagrafico al fine di avere accertamenti anagrafici, eseguiti da personale diverso dagli ufficiali d'anagrafe, scrupolosi e puntuali. Si consiglia la rotazione del personale impiegato negli accertamenti e di sottoporre tutte le pratiche anagrafiche sia immigratorie che di cambio indirizzoad accertamento eseguito dalla poliza municipale.
B34: =IF(OR(C34="Nuova scheda",C34=""),"",T34) -> 23 | C34: ='23'!A3 -> Documenti di identità | D34: ='23'!$F$2 -> SI | E34: =IF(D34="SI",IF('23'!$B$44="Presenti campi non compilati","Errore","OK"),"-") -> OK | F34: =IF(D34="SI",IF('23'!$A$47<>"","SI","NO"),"-") -> SI | G34: =IF(OR(C34="Nuova scheda",C34=""),"",M34&" - "&C34) -> 23 - Documenti di identità | H34: =IF(AND(D34="SI",E34="OK"),'23'!$B$24,"Processo non sottoposto a mappatura e valutazione del rischio") -> 2 | I34: =IF(AND(D34="SI",E34="OK"),'23'!$B$40,"") -> 1 | J34: =IF(AND(D34="SI",E34="OK"),'23'!$B$44,"") -> 2 | L34: 23 | M34: =IF(L34<>0,TEXT(L34,"00"),"") -> 23 | O34: =IF(AND(D34="SI",E34="OK"),IF(AND(J34>0,J34<=1),G34,),) -> 0 | P34: =IF(AND(D34="SI",E34="OK"),IF(AND(J34>1,J34<=4),G34,),) -> 23 - Documenti di identità | Q34: =IF(AND(D34="SI",E34="OK"),IF(AND(J34>4,J34<=9),G34,),) -> 0 | R34: =IF(AND(D34="SI",E34="OK"),IF(AND(J34>9,J34<=16),G34,),) -> 0 | S34: =IF(AND(D34="SI",E34="OK"),IF(AND(J34>16,J34<=25),G34,),) -> 0 | T34: 23 | U34: =IF(AND(D34="SI",E34="OK",'23'!$A$47<>""),M34&" - "&C34,"") -> 23 - Documenti di identità | V34: =IF(AND(U34<>"",'23'!$A$47<>""),'23'!$A$47,"") -> Se il comune è tra quelli che rilasciano la CIE: "La procedura centralizzata della carta d'identità elettronica, con l'associazione delle impronte digitali, elimina pressoché totalmente ogni ipotesi corruttiva" Se il comune non rilascia la CIE: La carta d'identità viene in questo ente rilascaiata solo mediante la rpocedura informatica e dogni rilascio è associato in modo permanente alla procedura anagrafica. Risulta complesso pertanto assegnare un'identità diversa dalla propria ai richiedenti. Inoltre il rilascio immediato allo sportello, obbligatorio per tutti, evita ogni "tentazione corruttiva" per un rilascio veloce o preferenziale.
B35: =IF(OR(C35="Nuova scheda",C35=""),"",T35) -> 24 | C35: ='24'!A3 -> Servizi per minori e famiglie (servizio svolto dal CSSM e non dal Comune) | D35: ='24'!$F$2 -> SI | E35: =IF(D35="SI",IF('24'!$B$44="Presenti campi non compilati","Errore","OK"),"-") -> OK | F35: =IF(D35="SI",IF('24'!$A$47<>"","SI","NO"),"-") -> SI | G35: =IF(OR(C35="Nuova scheda",C35=""),"",M35&" - "&C35) -> 24 - Servizi per minori e famiglie (servizio svolto dal CSSM e non dal Comune) | H35: =IF(AND(D35="SI",E35="OK"),'24'!$B$24,"Processo non sottoposto a mappatura e valutazione del rischio") -> 3.5 | I35: =IF(AND(D35="SI",E35="OK"),'24'!$B$40,"") -> 1.25 | J35: =IF(AND(D35="SI",E35="OK"),'24'!$B$44,"") -> 4.375 | L35: 24 | M35: =IF(L35<>0,TEXT(L35,"00"),"") -> 24 | O35: =IF(AND(D35="SI",E35="OK"),IF(AND(J35>0,J35<=1),G35,),) -> 0 | P35: =IF(AND(D35="SI",E35="OK"),IF(AND(J35>1,J35<=4),G35,),) -> 0 | Q35: =IF(AND(D35="SI",E35="OK"),IF(AND(J35>4,J35<=9),G35,),) -> 24 - Servizi per minori e famiglie (servizio svolto dal CSSM e non dal Comune) | R35: =IF(AND(D35="SI",E35="OK"),IF(AND(J35>9,J35<=16),G35,),) -> 0 | S35: =IF(AND(D35="SI",E35="OK"),IF(AND(J35>16,J35<=25),G35,),) -> 0 | T35: 24 | U35: =IF(AND(D35="SI",E35="OK",'24'!$A$47<>""),M35&" - "&C35,"") -> 24 - Servizi per minori e famiglie (servizio svolto dal CSSM e non dal Comune) | V35: =IF(AND(U35<>"",'24'!$A$47<>""),'24'!$A$47,"") -> Per i servizi che comportano la corresponsione di contributi in denaro si faccia riferimento alle prescrizioni di cui alla scheda n. 8 sulla corresponisone dei benefici economici. Per i servizi in cui si debba disporre il ricovero in strutture o interventi similari, si dovranno utilizzare solo strutture accreditate secondo la normativa regionale e convenzionate con i servizi comunali e distrettuali (o consorziali per gli enti che hanno questa dimensione sovracomunale)
B36: =IF(OR(C36="Nuova scheda",C36=""),"",T36) -> 25 | C36: ='25'!A3 -> Servizi assistenziali e socio-sanitari per anziani (servizio svolto dal CSSM e non dal Comune) | D36: ='25'!$F$2 -> SI | E36: =IF(D36="SI",IF('25'!$B$44="Presenti campi non compilati","Errore","OK"),"-") -> OK | F36: =IF(D36="SI",IF('25'!$A$47<>"","SI","NO"),"-") -> SI | G36: =IF(OR(C36="Nuova scheda",C36=""),"",M36&" - "&C36) -> 25 - Servizi assistenziali e socio-sanitari per anziani (servizio svolto dal CSSM e non dal Comune) | H36: =IF(AND(D36="SI",E36="OK"),'25'!$B$24,"Processo non sottoposto a mappatura e valutazione del rischio") -> 3.5 | I36: =IF(AND(D36="SI",E36="OK"),'25'!$B$40,"") -> 1.25 | J36: =IF(AND(D36="SI",E36="OK"),'25'!$B$44,"") -> 4.375 | L36: 25 | M36: =IF(L36<>0,TEXT(L36,"00"),"") -> 25 | O36: =IF(AND(D36="SI",E36="OK"),IF(AND(J36>0,J36<=1),G36,),) -> 0 | P36: =IF(AND(D36="SI",E36="OK"),IF(AND(J36>1,J36<=4),G36,),) -> 0 | Q36: =IF(AND(D36="SI",E36="OK"),IF(AND(J36>4,J36<=9),G36,),) -> 25 - Servizi assistenziali e socio-sanitari per anziani (servizio svolto dal CSSM e non dal Comune) | R36: =IF(AND(D36="SI",E36="OK"),IF(AND(J36>9,J36<=16),G36,),) -> 0 | S36: =IF(AND(D36="SI",E36="OK"),IF(AND(J36>16,J36<=25),G36,),) -> 0 | T36: 25 | U36: =IF(AND(D36="SI",E36="OK",'25'!$A$47<>""),M36&" - "&C36,"") -> 25 - Servizi assistenziali e socio-sanitari per anziani (servizio svolto dal CSSM e non dal Comune) | V36: =IF(AND(U36<>"",'25'!$A$47<>""),'25'!$A$47,"") -> Per i servizi che comportano la corresponsione di contributi in denaro si faccia riferimento alle prescrizioni di cui alla scheda n. 8 sulla corresponisone dei benefici economici. Per i servizi in cui si debba disporre il ricovero in strutture o interventi similari, si dovranno utilizzare solo strutture accreditate secondo la normativa regionale e convenzionate con i servizi comunali e distrettuali (o consorziali per gli enti che hanno questa dimensione sovracomunale)
B37: =IF(OR(C37="Nuova scheda",C37=""),"",T37) -> 26 | C37: ='26'!A3 -> Servizi per disabili (servizio svolto dal CSSM e non dal Comune) | D37: ='26'!$F$2 -> SI | E37: =IF(D37="SI",IF('26'!$B$44="Presenti campi non compilati","Errore","OK"),"-") -> OK | F37: =IF(D37="SI",IF('26'!$A$47<>"","SI","NO"),"-") -> SI | G37: =IF(OR(C37="Nuova scheda",C37=""),"",M37&" - "&C37) -> 26 - Servizi per disabili (servizio svolto dal CSSM e non dal Comune) | H37: =IF(AND(D37="SI",E37="OK"),'26'!$B$24,"Processo non sottoposto a mappatura e valutazione del rischio") -> 3.5 | I37: =IF(AND(D37="SI",E37="OK"),'26'!$B$40,"") -> 1.25 | J37: =IF(AND(D37="SI",E37="OK"),'26'!$B$44,"") -> 4.375 | L37: 26 | M37: =IF(L37<>0,TEXT(L37,"00"),"") -> 26 | O37: =IF(AND(D37="SI",E37="OK"),IF(AND(J37>0,J37<=1),G37,),) -> 0 | P37: =IF(AND(D37="SI",E37="OK"),IF(AND(J37>1,J37<=4),G37,),) -> 0 | Q37: =IF(AND(D37="SI",E37="OK"),IF(AND(J37>4,J37<=9),G37,),) -> 26 - Servizi per disabili (servizio svolto dal CSSM e non dal Comune) | R37: =IF(AND(D37="SI",E37="OK"),IF(AND(J37>9,J37<=16),G37,),) -> 0 | S37: =IF(AND(D37="SI",E37="OK"),IF(AND(J37>16,J37<=25),G37,),) -> 0 | T37: 26 | U37: =IF(AND(D37="SI",E37="OK",'26'!$A$47<>""),M37&" - "&C37,"") -> 26 - Servizi per disabili (servizio svolto dal CSSM e non dal Comune) | V37: =IF(AND(U37<>"",'26'!$A$47<>""),'26'!$A$47,"") -> Per i servizi che comportano la corresponsione di contributi in denaro si faccia riferimento alle prescrizioni di cui alla scheda n. 8 sulla corresponisone dei benefici economici. Per i servizi in cui si debba disporre il ricovero in strutture o interventi similari, si dovranno utilizzare solo strutture accreditate secondo la normativa regionale e convenzionate con i servizi comunali e distrettuali (o consorziali per gli enti che hanno questa dimensione sovracomunale)
B38: =IF(OR(C38="Nuova scheda",C38=""),"",T38) -> 27 | C38: ='27'!A3 -> Servizi per adulti in difficoltà (servizio svolto dal CSSM e non dal Comune) | D38: ='27'!$F$2 -> SI | E38: =IF(D38="SI",IF('27'!$B$44="Presenti campi non compilati","Errore","OK"),"-") -> OK | F38: =IF(D38="SI",IF('27'!$A$47<>"","SI","NO"),"-") -> SI | G38: =IF(OR(C38="Nuova scheda",C38=""),"",M38&" - "&C38) -> 27 - Servizi per adulti in difficoltà (servizio svolto dal CSSM e non dal Comune) | H38: =IF(AND(D38="SI",E38="OK"),'27'!$B$24,"Processo non sottoposto a mappatura e valutazione del rischio") -> 3.5 | I38: =IF(AND(D38="SI",E38="OK"),'27'!$B$40,"") -> 1.25 | J38: =IF(AND(D38="SI",E38="OK"),'27'!$B$44,"") -> 4.375 | L38: 27 | M38: =IF(L38<>0,TEXT(L38,"00"),"") -> 27 | O38: =IF(AND(D38="SI",E38="OK"),IF(AND(J38>0,J38<=1),G38,),) -> 0 | P38: =IF(AND(D38="SI",E38="OK"),IF(AND(J38>1,J38<=4),G38,),) -> 0 | Q38: =IF(AND(D38="SI",E38="OK"),IF(AND(J38>4,J38<=9),G38,),) -> 27 - Servizi per adulti in difficoltà (servizio svolto dal CSSM e non dal Comune) | R38: =IF(AND(D38="SI",E38="OK"),IF(AND(J38>9,J38<=16),G38,),) -> 0 | S38: =IF(AND(D38="SI",E38="OK"),IF(AND(J38>16,J38<=25),G38,),) -> 0 | T38: 27 | U38: =IF(AND(D38="SI",E38="OK",'27'!$A$47<>""),M38&" - "&C38,"") -> 27 - Servizi per adulti in difficoltà (servizio svolto dal CSSM e non dal Comune) | V38: =IF(AND(U38<>"",'27'!$A$47<>""),'27'!$A$47,"") -> Per i servizi che comportano la corresponsione di contributi in denaro si faccia riferimento alle prescrizioni di cui alla scheda n. 8 sulla corresponisone dei benefici economici. Per i servizi in cui si debba disporre il ricovero in strutture o interventi similari, si dovranno utilizzare solo strutture accreditate secondo la normativa regionale e convenzionate con i servizi comunali e distrettuali (o consorziali per gli enti che hanno questa dimensione sovracomunale)
B39: =IF(OR(C39="Nuova scheda",C39=""),"",T39) -> 28 | C39: ='28'!A3 -> Servizi di integrazione dei cittadini stranieri (servizio svolto dal CSSM e non dal Comune) | D39: ='28'!$F$2 -> SI | E39: =IF(D39="SI",IF('28'!$B$44="Presenti campi non compilati","Errore","OK"),"-") -> OK | F39: =IF(D39="SI",IF('28'!$A$47<>"","SI","NO"),"-") -> SI | G39: =IF(OR(C39="Nuova scheda",C39=""),"",M39&" - "&C39) -> 28 - Servizi di integrazione dei cittadini stranieri (servizio svolto dal CSSM e non dal Comune) | H39: =IF(AND(D39="SI",E39="OK"),'28'!$B$24,"Processo non sottoposto a mappatura e valutazione del rischio") -> 3.5 | I39: =IF(AND(D39="SI",E39="OK"),'28'!$B$40,"") -> 1.25 | J39: =IF(AND(D39="SI",E39="OK"),'28'!$B$44,"") -> 4.375 | L39: 28 | M39: =IF(L39<>0,TEXT(L39,"00"),"") -> 28 | O39: =IF(AND(D39="SI",E39="OK"),IF(AND(J39>0,J39<=1),G39,),) -> 0 | P39: =IF(AND(D39="SI",E39="OK"),IF(AND(J39>1,J39<=4),G39,),) -> 0 | Q39: =IF(AND(D39="SI",E39="OK"),IF(AND(J39>4,J39<=9),G39,),) -> 28 - Servizi di integrazione dei cittadini stranieri (servizio svolto dal CSSM e non dal Comune) | R39: =IF(AND(D39="SI",E39="OK"),IF(AND(J39>9,J39<=16),G39,),) -> 0 | S39: =IF(AND(D39="SI",E39="OK"),IF(AND(J39>16,J39<=25),G39,),) -> 0 | T39: 28 | U39: =IF(AND(D39="SI",E39="OK",'28'!$A$47<>""),M39&" - "&C39,"") -> 28 - Servizi di integrazione dei cittadini stranieri (servizio svolto dal CSSM e non dal Comune) | V39: =IF(AND(U39<>"",'28'!$A$47<>""),'28'!$A$47,"") -> Per i servizi che comportano la corresponsione di contributi in denaro si faccia riferimento alle prescrizioni di cui alla scheda n. 8 sulla corresponisone dei benefici economici. Per i servizi in cui si debba disporre il ricovero in strutture o interventi similari, si dovranno utilizzare solo strutture accreditate secondo la normativa regionale e convenzionate con i servizi comunali e distrettuali (o consorziali per gli enti che hanno questa dimensione sovracomunale). Andrà sempre tenuto conto della regolarità del soggiorno dei beneficiari in contatto costanete con lo sportello per l'immigrazione e l'ufficio stranieri della questura.
B40: =IF(OR(C40="Nuova scheda",C40=""),"",T40) -> 29 | C40: ='29'!A3 -> Raccolta e smaltimento rifiuti | D40: ='29'!$F$2 -> SI | E40: =IF(D40="SI",IF('29'!$B$44="Presenti campi non compilati","Errore","OK"),"-") -> OK | F40: =IF(D40="SI",IF('29'!$A$47<>"","SI","NO"),"-") -> SI | G40: =IF(OR(C40="Nuova scheda",C40=""),"",M40&" - "&C40) -> 29 - Raccolta e smaltimento rifiuti | H40: =IF(AND(D40="SI",E40="OK"),'29'!$B$24,"Processo non sottoposto a mappatura e valutazione del rischio") -> 3.6666667 | I40: =IF(AND(D40="SI",E40="OK"),'29'!$B$40,"") -> 1.25 | J40: =IF(AND(D40="SI",E40="OK"),'29'!$B$44,"") -> 4.5833333 | L40: 29 | M40: =IF(L40<>0,TEXT(L40,"00"),"") -> 29 | O40: =IF(AND(D40="SI",E40="OK"),IF(AND(J40>0,J40<=1),G40,),) -> 0 | P40: =IF(AND(D40="SI",E40="OK"),IF(AND(J40>1,J40<=4),G40,),) -> 0 | Q40: =IF(AND(D40="SI",E40="OK"),IF(AND(J40>4,J40<=9),G40,),) -> 29 - Raccolta e smaltimento rifiuti | R40: =IF(AND(D40="SI",E40="OK"),IF(AND(J40>9,J40<=16),G40,),) -> 0 | S40: =IF(AND(D40="SI",E40="OK"),IF(AND(J40>16,J40<=25),G40,),) -> 0 | T40: 29 | U40: =IF(AND(D40="SI",E40="OK",'29'!$A$47<>""),M40&" - "&C40,"") -> 29 - Raccolta e smaltimento rifiuti | V40: =IF(AND(U40<>"",'29'!$A$47<>""),'29'!$A$47,"") -> I processi che ineriscono alla raccolta pratica e allo smaltimento quotidiano saranno rispondenti al contratto di servizio con l'ente gestore e pertanto sono difficili da individuare fattispecie corruttive. Ben diverso è il rischio teorico di scelta del contraente per la gestione del servizio. Questo ente ha fatto una scelta ... [ qui ogni ente è bene che personalizzi la scheda con riferimento al soggetto gestore e alla modalità di assegnazione del servizio]
B41: =IF(OR(C41="Nuova scheda",C41=""),"",T41) -> 30 | C41: ='30'!A3 -> Gestione del protocollo | D41: ='30'!$F$2 -> SI | E41: =IF(D41="SI",IF('30'!$B$44="Presenti campi non compilati","Errore","OK"),"-") -> OK | F41: =IF(D41="SI",IF('30'!$A$47<>"","SI","NO"),"-") -> SI | G41: =IF(OR(C41="Nuova scheda",C41=""),"",M41&" - "&C41) -> 30 - Gestione del protocollo | H41: =IF(AND(D41="SI",E41="OK"),'30'!$B$24,"Processo non sottoposto a mappatura e valutazione del rischio") -> 1.1666667 | I41: =IF(AND(D41="SI",E41="OK"),'30'!$B$40,"") -> 0.75 | J41: =IF(AND(D41="SI",E41="OK"),'30'!$B$44,"") -> 0.875 | L41: 30 | M41: =IF(L41<>0,TEXT(L41,"00"),"") -> 30 | O41: =IF(AND(D41="SI",E41="OK"),IF(AND(J41>0,J41<=1),G41,),) -> 30 - Gestione del protocollo | P41: =IF(AND(D41="SI",E41="OK"),IF(AND(J41>1,J41<=4),G41,),) -> 0 | Q41: =IF(AND(D41="SI",E41="OK"),IF(AND(J41>4,J41<=9),G41,),) -> 0 | R41: =IF(AND(D41="SI",E41="OK"),IF(AND(J41>9,J41<=16),G41,),) -> 0 | S41: =IF(AND(D41="SI",E41="OK"),IF(AND(J41>16,J41<=25),G41,),) -> 0 | T41: 30 | U41: =IF(AND(D41="SI",E41="OK",'30'!$A$47<>""),M41&" - "&C41,"") -> 30 - Gestione del protocollo | V41: =IF(AND(U41<>"",'30'!$A$47<>""),'30'!$A$47,"") -> Non si registrano pericoli corruttivi anche perché questo ente si è dotato del protocollo elettronico con profilatura dei flussi.
B42: =IF(OR(C42="Nuova scheda",C42=""),"",T42) -> 31 | C42: ='31'!A3 -> Gestione dell'archivio | D42: ='31'!$F$2 -> SI | E42: =IF(D42="SI",IF('31'!$B$44="Presenti campi non compilati","Errore","OK"),"-") -> OK | F42: =IF(D42="SI",IF('31'!$A$47<>"","SI","NO"),"-") -> SI | G42: =IF(OR(C42="Nuova scheda",C42=""),"",M42&" - "&C42) -> 31 - Gestione dell'archivio | H42: =IF(AND(D42="SI",E42="OK"),'31'!$B$24,"Processo non sottoposto a mappatura e valutazione del rischio") -> 1.1666667 | I42: =IF(AND(D42="SI",E42="OK"),'31'!$B$40,"") -> 0.75 | J42: =IF(AND(D42="SI",E42="OK"),'31'!$B$44,"") -> 0.875 | L42: 31 | M42: =IF(L42<>0,TEXT(L42,"00"),"") -> 31 | O42: =IF(AND(D42="SI",E42="OK"),IF(AND(J42>0,J42<=1),G42,),) -> 31 - Gestione dell'archivio | P42: =IF(AND(D42="SI",E42="OK"),IF(AND(J42>1,J42<=4),G42,),) -> 0 | Q42: =IF(AND(D42="SI",E42="OK"),IF(AND(J42>4,J42<=9),G42,),) -> 0 | R42: =IF(AND(D42="SI",E42="OK"),IF(AND(J42>9,J42<=16),G42,),) -> 0 | S42: =IF(AND(D42="SI",E42="OK"),IF(AND(J42>16,J42<=25),G42,),) -> 0 | T42: 31 | U42: =IF(AND(D42="SI",E42="OK",'31'!$A$47<>""),M42&" - "&C42,"") -> 31 - Gestione dell'archivio | V42: =IF(AND(U42<>"",'31'!$A$47<>""),'31'!$A$47,"") -> Non si registrano pericoli corruttivi anche perché questo ente si è dotato di un manuale di gestione documentale che, unitamente al protocollo elettronico, determina una profilatura dei flussi documentali.
B43: =IF(OR(C43="Nuova scheda",C43=""),"",T43) -> 32 | C43: ='32'!A3 -> Gestione delle sepolture e dei loculi | D43: ='32'!$F$2 -> SI | E43: =IF(D43="SI",IF('32'!$B$44="Presenti campi non compilati","Errore","OK"),"-") -> OK | F43: =IF(D43="SI",IF('32'!$A$47<>"","SI","NO"),"-") -> SI | G43: =IF(OR(C43="Nuova scheda",C43=""),"",M43&" - "&C43) -> 32 - Gestione delle sepolture e dei loculi | H43: =IF(AND(D43="SI",E43="OK"),'32'!$B$24,"Processo non sottoposto a mappatura e valutazione del rischio") -> 2.1666667 | I43: =IF(AND(D43="SI",E43="OK"),'32'!$B$40,"") -> 1 | J43: =IF(AND(D43="SI",E43="OK"),'32'!$B$44,"") -> 2.1666667 | L43: 32 | M43: =IF(L43<>0,TEXT(L43,"00"),"") -> 32 | O43: =IF(AND(D43="SI",E43="OK"),IF(AND(J43>0,J43<=1),G43,),) -> 0 | P43: =IF(AND(D43="SI",E43="OK"),IF(AND(J43>1,J43<=4),G43,),) -> 32 - Gestione delle sepolture e dei loculi | Q43: =IF(AND(D43="SI",E43="OK"),IF(AND(J43>4,J43<=9),G43,),) -> 0 | R43: =IF(AND(D43="SI",E43="OK"),IF(AND(J43>9,J43<=16),G43,),) -> 0 | S43: =IF(AND(D43="SI",E43="OK"),IF(AND(J43>16,J43<=25),G43,),) -> 0 | T43: 32 | U43: =IF(AND(D43="SI",E43="OK",'32'!$A$47<>""),M43&" - "&C43,"") -> 32 - Gestione delle sepolture e dei loculi | V43: =IF(AND(U43<>"",'32'!$A$47<>""),'32'!$A$47,"") -> Il forte controllo sociale derivato dalla forte esposizione del servizio all'atenzione di parenti e consocenti del defunto esclude pratiche corruttive nel servizio pratico di gestione cimiteriale. Per quanto riguarda la gestione delle concessioni cimiteriali è stato [o va adottato, per gli enti che ne sono privi] adoattato un apposito regolamento e le tariffe sono aggiornate annualmente. La scelta del concessionario nella gestione dei cimiteri [solo per gli enti che gestiscono i cimiteri in modo diverso dalla gestione diretta ] ...dettagliare
B44: =IF(OR(C44="Nuova scheda",C44=""),"",T44) -> 33 | C44: ='33'!A3 -> Gestione delle tombe di famiglia | D44: ='33'!$F$2 -> SI | E44: =IF(D44="SI",IF('33'!$B$44="Presenti campi non compilati","Errore","OK"),"-") -> OK | F44: =IF(D44="SI",IF('33'!$A$47<>"","SI","NO"),"-") -> SI | G44: =IF(OR(C44="Nuova scheda",C44=""),"",M44&" - "&C44) -> 33 - Gestione delle tombe di famiglia | H44: =IF(AND(D44="SI",E44="OK"),'33'!$B$24,"Processo non sottoposto a mappatura e valutazione del rischio") -> 2.5 | I44: =IF(AND(D44="SI",E44="OK"),'33'!$B$40,"") -> 1.25 | J44: =IF(AND(D44="SI",E44="OK"),'33'!$B$44,"") -> 3.125 | L44: 33 | M44: =IF(L44<>0,TEXT(L44,"00"),"") -> 33 | O44: =IF(AND(D44="SI",E44="OK"),IF(AND(J44>0,J44<=1),G44,),) -> 0 | P44: =IF(AND(D44="SI",E44="OK"),IF(AND(J44>1,J44<=4),G44,),) -> 33 - Gestione delle tombe di famiglia | Q44: =IF(AND(D44="SI",E44="OK"),IF(AND(J44>4,J44<=9),G44,),) -> 0 | R44: =IF(AND(D44="SI",E44="OK"),IF(AND(J44>9,J44<=16),G44,),) -> 0 | S44: =IF(AND(D44="SI",E44="OK"),IF(AND(J44>16,J44<=25),G44,),) -> 0 | T44: 33 | U44: =IF(AND(D44="SI",E44="OK",'33'!$A$47<>""),M44&" - "&C44,"") -> 33 - Gestione delle tombe di famiglia | V44: =IF(AND(U44<>"",'33'!$A$47<>""),'33'!$A$47,"") -> Oltre a quanto indicato nella scheda precedente per quanto riguarda questa fattispecie si ritiene necessario adoattre un apposito regolamento e l'eventuale assegnazione di nuove tombe andrà fatta con apposito procedimento ad evidenza pubblica.
B45: =IF(OR(C45="Nuova scheda",C45=""),"",T45) -> 34 | C45: ='34'!A3 -> Organizzazione eventi | D45: ='34'!$F$2 -> SI | E45: =IF(D45="SI",IF('34'!$B$44="Presenti campi non compilati","Errore","OK"),"-") -> OK | F45: =IF(D45="SI",IF('34'!$A$47<>"","SI","NO"),"-") -> SI | G45: =IF(OR(C45="Nuova scheda",C45=""),"",M45&" - "&C45) -> 34 - Organizzazione eventi | H45: =IF(AND(D45="SI",E45="OK"),'34'!$B$24,"Processo non sottoposto a mappatura e valutazione del rischio") -> 3 | I45: =IF(AND(D45="SI",E45="OK"),'34'!$B$40,"") -> 1.25 | J45: =IF(AND(D45="SI",E45="OK"),'34'!$B$44,"") -> 3.75 | L45: 34 | M45: =IF(L45<>0,TEXT(L45,"00"),"") -> 34 | O45: =IF(AND(D45="SI",E45="OK"),IF(AND(J45>0,J45<=1),G45,),) -> 0 | P45: =IF(AND(D45="SI",E45="OK"),IF(AND(J45>1,J45<=4),G45,),) -> 34 - Organizzazione eventi | Q45: =IF(AND(D45="SI",E45="OK"),IF(AND(J45>4,J45<=9),G45,),) -> 0 | R45: =IF(AND(D45="SI",E45="OK"),IF(AND(J45>9,J45<=16),G45,),) -> 0 | S45: =IF(AND(D45="SI",E45="OK"),IF(AND(J45>16,J45<=25),G45,),) -> 0 | T45: 34 | U45: =IF(AND(D45="SI",E45="OK",'34'!$A$47<>""),M45&" - "&C45,"") -> 34 - Organizzazione eventi | V45: =IF(AND(U45<>"",'34'!$A$47<>""),'34'!$A$47,"") -> Si consiglia ai responsabili dei servizi di procedere alla realzizzazione di eventi mediante la pubblicazione preventiva di un bando di coo-progettazione con enti del terzo settore o con impresari artistici. Anche se il codice dei contratti non si applica a questa fattispecie sembra utile, se non necessario, adottare ogni possibile strumento di evidenza pubblica.
B46: =IF(OR(C46="Nuova scheda",C46=""),"",T46) -> 35 | C46: ='35'!A3 -> Rilascio di patrocini | D46: ='35'!$F$2 -> SI | E46: =IF(D46="SI",IF('35'!$B$44="Presenti campi non compilati","Errore","OK"),"-") -> OK | F46: =IF(D46="SI",IF('35'!$A$47<>"","SI","NO"),"-") -> SI | G46: =IF(OR(C46="Nuova scheda",C46=""),"",M46&" - "&C46) -> 35 - Rilascio di patrocini | H46: =IF(AND(D46="SI",E46="OK"),'35'!$B$24,"Processo non sottoposto a mappatura e valutazione del rischio") -> 2.6666667 | I46: =IF(AND(D46="SI",E46="OK"),'35'!$B$40,"") -> 1.25 | J46: =IF(AND(D46="SI",E46="OK"),'35'!$B$44,"") -> 3.3333333 | L46: 35 | M46: =IF(L46<>0,TEXT(L46,"00"),"") -> 35 | O46: =IF(AND(D46="SI",E46="OK"),IF(AND(J46>0,J46<=1),G46,),) -> 0 | P46: =IF(AND(D46="SI",E46="OK"),IF(AND(J46>1,J46<=4),G46,),) -> 35 - Rilascio di patrocini | Q46: =IF(AND(D46="SI",E46="OK"),IF(AND(J46>4,J46<=9),G46,),) -> 0 | R46: =IF(AND(D46="SI",E46="OK"),IF(AND(J46>9,J46<=16),G46,),) -> 0 | S46: =IF(AND(D46="SI",E46="OK"),IF(AND(J46>16,J46<=25),G46,),) -> 0 | T46: 35 | U46: =IF(AND(D46="SI",E46="OK",'35'!$A$47<>""),M46&" - "&C46,"") -> 35 - Rilascio di patrocini | V46: =IF(AND(U46<>"",'35'!$A$47<>""),'35'!$A$47,"") -> Per i patrocini gratuiti si ritiene inutile ogni misura anticorruttiva. Per i patrocini onerosi, che prevedono un contributo a supporto dell'iniziativa si faccia rifeirmento alle misure di cui alla scheda n. 8. Nella fissazione delle regole che stanno alla base della concessione dei patrocini vanno individuate le regole particolari per quelli onerosi.
B47: =IF(OR(C47="Nuova scheda",C47=""),"",T47) -> 36 | C47: ='36'!A3 -> Gare ad evidenza pubblica di vendita di beni | D47: ='36'!$F$2 -> SI | E47: =IF(D47="SI",IF('36'!$B$44="Presenti campi non compilati","Errore","OK"),"-") -> OK | F47: =IF(D47="SI",IF('36'!$A$47<>"","SI","NO"),"-") -> SI | G47: =IF(OR(C47="Nuova scheda",C47=""),"",M47&" - "&C47) -> 36 - Gare ad evidenza pubblica di vendita di beni | H47: =IF(AND(D47="SI",E47="OK"),'36'!$B$24,"Processo non sottoposto a mappatura e valutazione del rischio") -> 2.5 | I47: =IF(AND(D47="SI",E47="OK"),'36'!$B$40,"") -> 1.25 | J47: =IF(AND(D47="SI",E47="OK"),'36'!$B$44,"") -> 3.125 | L47: 36 | M47: =IF(L47<>0,TEXT(L47,"00"),"") -> 36 | O47: =IF(AND(D47="SI",E47="OK"),IF(AND(J47>0,J47<=1),G47,),) -> 0 | P47: =IF(AND(D47="SI",E47="OK"),IF(AND(J47>1,J47<=4),G47,),) -> 36 - Gare ad evidenza pubblica di vendita di beni | Q47: =IF(AND(D47="SI",E47="OK"),IF(AND(J47>4,J47<=9),G47,),) -> 0 | R47: =IF(AND(D47="SI",E47="OK"),IF(AND(J47>9,J47<=16),G47,),) -> 0 | S47: =IF(AND(D47="SI",E47="OK"),IF(AND(J47>16,J47<=25),G47,),) -> 0 | T47: 36 | U47: =IF(AND(D47="SI",E47="OK",'36'!$A$47<>""),M47&" - "&C47,"") -> 36 - Gare ad evidenza pubblica di vendita di beni | V47: =IF(AND(U47<>"",'36'!$A$47<>""),'36'!$A$47,"") -> Vanno previste vendite di beni mobili ed immobili solo se previste in appositi bandi con tutte le regole necessarie o con regolamenti che comunque prevedano un coinvolgimento di diversi soggetti.
B48: =IF(OR(C48="Nuova scheda",C48=""),"",T48) -> 37 | C48: ='37'!A3 -> Funzionamento degli organi collegiali | D48: ='37'!$F$2 -> SI | E48: =IF(D48="SI",IF('37'!$B$44="Presenti campi non compilati","Errore","OK"),"-") -> OK | F48: =IF(D48="SI",IF('37'!$A$47<>"","SI","NO"),"-") -> SI | G48: =IF(OR(C48="Nuova scheda",C48=""),"",M48&" - "&C48) -> 37 - Funzionamento degli organi collegiali | H48: =IF(AND(D48="SI",E48="OK"),'37'!$B$24,"Processo non sottoposto a mappatura e valutazione del rischio") -> 1.3333333 | I48: =IF(AND(D48="SI",E48="OK"),'37'!$B$40,"") -> 1.75 | J48: =IF(AND(D48="SI",E48="OK"),'37'!$B$44,"") -> 2.3333333 | L48: 37 | M48: =IF(L48<>0,TEXT(L48,"00"),"") -> 37 | O48: =IF(AND(D48="SI",E48="OK"),IF(AND(J48>0,J48<=1),G48,),) -> 0 | P48: =IF(AND(D48="SI",E48="OK"),IF(AND(J48>1,J48<=4),G48,),) -> 37 - Funzionamento degli organi collegiali | Q48: =IF(AND(D48="SI",E48="OK"),IF(AND(J48>4,J48<=9),G48,),) -> 0 | R48: =IF(AND(D48="SI",E48="OK"),IF(AND(J48>9,J48<=16),G48,),) -> 0 | S48: =IF(AND(D48="SI",E48="OK"),IF(AND(J48>16,J48<=25),G48,),) -> 0 | T48: 37 | U48: =IF(AND(D48="SI",E48="OK",'37'!$A$47<>""),M48&" - "&C48,"") -> 37 - Funzionamento degli organi collegiali | V48: =IF(AND(U48<>"",'37'!$A$47<>""),'37'!$A$47,"") -> Non si ritiene necessario adottare misure particolari
B49: =IF(OR(C49="Nuova scheda",C49=""),"",T49) -> 38 | C49: ='38'!A3 -> Formazione di determinazioni, ordinanze, decreti ed altri atti amministrativi | D49: ='38'!$F$2 -> SI | E49: =IF(D49="SI",IF('38'!$B$44="Presenti campi non compilati","Errore","OK"),"-") -> OK | F49: =IF(D49="SI",IF('38'!$A$47<>"","SI","NO"),"-") -> SI | G49: =IF(OR(C49="Nuova scheda",C49=""),"",M49&" - "&C49) -> 38 - Formazione di determinazioni, ordinanze, decreti ed altri atti amministrativi | H49: =IF(AND(D49="SI",E49="OK"),'38'!$B$24,"Processo non sottoposto a mappatura e valutazione del rischio") -> 1.3333333 | I49: =IF(AND(D49="SI",E49="OK"),'38'!$B$40,"") -> 1.25 | J49: =IF(AND(D49="SI",E49="OK"),'38'!$B$44,"") -> 1.6666667 | L49: 38 | M49: =IF(L49<>0,TEXT(L49,"00"),"") -> 38 | O49: =IF(AND(D49="SI",E49="OK"),IF(AND(J49>0,J49<=1),G49,),) -> 0 | P49: =IF(AND(D49="SI",E49="OK"),IF(AND(J49>1,J49<=4),G49,),) -> 38 - Formazione di determinazioni, ordinanze, decreti ed altri atti amministrativi | Q49: =IF(AND(D49="SI",E49="OK"),IF(AND(J49>4,J49<=9),G49,),) -> 0 | R49: =IF(AND(D49="SI",E49="OK"),IF(AND(J49>9,J49<=16),G49,),) -> 0 | S49: =IF(AND(D49="SI",E49="OK"),IF(AND(J49>16,J49<=25),G49,),) -> 0 | T49: 38 | U49: =IF(AND(D49="SI",E49="OK",'38'!$A$47<>""),M49&" - "&C49,"") -> 38 - Formazione di determinazioni, ordinanze, decreti ed altri atti amministrativi | V49: =IF(AND(U49<>"",'38'!$A$47<>""),'38'!$A$47,"") -> Non si ritiene necessario adottare misure particolari
B50: =IF(OR(C50="Nuova scheda",C50=""),"",T50) -> 39 | C50: ='39'!A3 -> Designazione dei rappresentanti dell'ente presso enti, società, fondazioni | D50: ='39'!$F$2 -> SI | E50: =IF(D50="SI",IF('39'!$B$44="Presenti campi non compilati","Errore","OK"),"-") -> OK | F50: =IF(D50="SI",IF('39'!$A$47<>"","SI","NO"),"-") -> SI | G50: =IF(OR(C50="Nuova scheda",C50=""),"",M50&" - "&C50) -> 39 - Designazione dei rappresentanti dell'ente presso enti, società, fondazioni | H50: =IF(AND(D50="SI",E50="OK"),'39'!$B$24,"Processo non sottoposto a mappatura e valutazione del rischio") -> 3.3333333 | I50: =IF(AND(D50="SI",E50="OK"),'39'!$B$40,"") -> 1.75 | J50: =IF(AND(D50="SI",E50="OK"),'39'!$B$44,"") -> 5.8333333 | L50: 39 | M50: =IF(L50<>0,TEXT(L50,"00"),"") -> 39 | O50: =IF(AND(D50="SI",E50="OK"),IF(AND(J50>0,J50<=1),G50,),) -> 0 | P50: =IF(AND(D50="SI",E50="OK"),IF(AND(J50>1,J50<=4),G50,),) -> 0 | Q50: =IF(AND(D50="SI",E50="OK"),IF(AND(J50>4,J50<=9),G50,),) -> 39 - Designazione dei rappresentanti dell'ente presso enti, società, fondazioni | R50: =IF(AND(D50="SI",E50="OK"),IF(AND(J50>9,J50<=16),G50,),) -> 0 | S50: =IF(AND(D50="SI",E50="OK"),IF(AND(J50>16,J50<=25),G50,),) -> 0 | T50: 39 | U50: =IF(AND(D50="SI",E50="OK",'39'!$A$47<>""),M50&" - "&C50,"") -> 39 - Designazione dei rappresentanti dell'ente presso enti, società, fondazioni | V50: =IF(AND(U50<>"",'39'!$A$47<>""),'39'!$A$47,"") -> Vanno distinte designazioni che prevedono un compenso dalle designazioni che invece prevedano un compenso. Maggiore è il compneso, maggiori devono essere le misure di prevenzione della corruzione. Si tenga però presente che il PTPCT è rivolto quasi esclusivamente a comportamenti e processi di competenza della struttura amministrativa e gestionale e non al comportamento di organismi politici. In quest'ottica va predisposto un bando per ogni designazione (o un regolamento) che nell'istruire l'elenco su cui l'organo politico dovrà effettuare la sua scelta, metta tutti i potenziali aspiranti sul medesimo piano.
B51: =IF(OR(C51="Nuova scheda",C51=""),"",T51) -> 40 | C51: ='40'!A3 -> Gestione dei procedimenti di segnalazione e reclamo | D51: ='40'!$F$2 -> SI | E51: =IF(D51="SI",IF('40'!$B$44="Presenti campi non compilati","Errore","OK"),"-") -> OK | F51: =IF(D51="SI",IF('40'!$A$47<>"","SI","NO"),"-") -> SI | G51: =IF(OR(C51="Nuova scheda",C51=""),"",M51&" - "&C51) -> 40 - Gestione dei procedimenti di segnalazione e reclamo | H51: =IF(AND(D51="SI",E51="OK"),'40'!$B$24,"Processo non sottoposto a mappatura e valutazione del rischio") -> 1.8333333 | I51: =IF(AND(D51="SI",E51="OK"),'40'!$B$40,"") -> 1.75 | J51: =IF(AND(D51="SI",E51="OK"),'40'!$B$44,"") -> 3.2083333 | L51: 40 | M51: =IF(L51<>0,TEXT(L51,"00"),"") -> 40 | O51: =IF(AND(D51="SI",E51="OK"),IF(AND(J51>0,J51<=1),G51,),) -> 0 | P51: =IF(AND(D51="SI",E51="OK"),IF(AND(J51>1,J51<=4),G51,),) -> 40 - Gestione dei procedimenti di segnalazione e reclamo | Q51: =IF(AND(D51="SI",E51="OK"),IF(AND(J51>4,J51<=9),G51,),) -> 0 | R51: =IF(AND(D51="SI",E51="OK"),IF(AND(J51>9,J51<=16),G51,),) -> 0 | S51: =IF(AND(D51="SI",E51="OK"),IF(AND(J51>16,J51<=25),G51,),) -> 0 | T51: 40 | U51: =IF(AND(D51="SI",E51="OK",'40'!$A$47<>""),M51&" - "&C51,"") -> 40 - Gestione dei procedimenti di segnalazione e reclamo | V51: =IF(AND(U51<>"",'40'!$A$47<>""),'40'!$A$47,"") -> Questo comune si è dotato di un protocollo elettronico con cui vengono profilati i flussi documentali, le segnalazioni, anche quelle anonime o con secretazione del mittente, sono sempre rintracciabili rendendo evidente eventuali omissioni o fenomeni corruttivi. [Se invece il comune non si è dotato di tale strumento potrà prevederne l'acquisto, anche a tal fine ...]
B52: =IF(OR(C52="Nuova scheda",C52=""),"",T52) -> 41 | C52: ='41'!A3 -> Gestione della leva | D52: ='41'!$F$2 -> SI | E52: =IF(D52="SI",IF('41'!$B$44="Presenti campi non compilati","Errore","OK"),"-") -> OK | F52: =IF(D52="SI",IF('41'!$A$47<>"","SI","NO"),"-") -> SI | G52: =IF(OR(C52="Nuova scheda",C52=""),"",M52&" - "&C52) -> 41 - Gestione della leva | H52: =IF(AND(D52="SI",E52="OK"),'41'!$B$24,"Processo non sottoposto a mappatura e valutazione del rischio") -> 1.1666667 | I52: =IF(AND(D52="SI",E52="OK"),'41'!$B$40,"") -> 0.75 | J52: =IF(AND(D52="SI",E52="OK"),'41'!$B$44,"") -> 0.875 | L52: 41 | M52: =IF(L52<>0,TEXT(L52,"00"),"") -> 41 | O52: =IF(AND(D52="SI",E52="OK"),IF(AND(J52>0,J52<=1),G52,),) -> 41 - Gestione della leva | P52: =IF(AND(D52="SI",E52="OK"),IF(AND(J52>1,J52<=4),G52,),) -> 0 | Q52: =IF(AND(D52="SI",E52="OK"),IF(AND(J52>4,J52<=9),G52,),) -> 0 | R52: =IF(AND(D52="SI",E52="OK"),IF(AND(J52>9,J52<=16),G52,),) -> 0 | S52: =IF(AND(D52="SI",E52="OK"),IF(AND(J52>16,J52<=25),G52,),) -> 0 | T52: 41 | U52: =IF(AND(D52="SI",E52="OK",'41'!$A$47<>""),M52&" - "&C52,"") -> 41 - Gestione della leva | V52: =IF(AND(U52<>"",'41'!$A$47<>""),'41'!$A$47,"") -> La leva militare al momento è sospesa, anche se in realtà le liste devono ancora essere compilate. Non esistono fattispecie teoriche di corruzione in questo campo.
B53: =IF(OR(C53="Nuova scheda",C53=""),"",T53) -> 42 | C53: ='42'!A3 -> Gestione dell'elettorato | D53: ='42'!$F$2 -> SI | E53: =IF(D53="SI",IF('42'!$B$44="Presenti campi non compilati","Errore","OK"),"-") -> OK | F53: =IF(D53="SI",IF('42'!$A$47<>"","SI","NO"),"-") -> SI | G53: =IF(OR(C53="Nuova scheda",C53=""),"",M53&" - "&C53) -> 42 - Gestione dell'elettorato | H53: =IF(AND(D53="SI",E53="OK"),'42'!$B$24,"Processo non sottoposto a mappatura e valutazione del rischio") -> 2 | I53: =IF(AND(D53="SI",E53="OK"),'42'!$B$40,"") -> 0.75 | J53: =IF(AND(D53="SI",E53="OK"),'42'!$B$44,"") -> 1.5 | L53: 42 | M53: =IF(L53<>0,TEXT(L53,"00"),"") -> 42 | O53: =IF(AND(D53="SI",E53="OK"),IF(AND(J53>0,J53<=1),G53,),) -> 0 | P53: =IF(AND(D53="SI",E53="OK"),IF(AND(J53>1,J53<=4),G53,),) -> 42 - Gestione dell'elettorato | Q53: =IF(AND(D53="SI",E53="OK"),IF(AND(J53>4,J53<=9),G53,),) -> 0 | R53: =IF(AND(D53="SI",E53="OK"),IF(AND(J53>9,J53<=16),G53,),) -> 0 | S53: =IF(AND(D53="SI",E53="OK"),IF(AND(J53>16,J53<=25),G53,),) -> 0 | T53: 42 | U53: =IF(AND(D53="SI",E53="OK",'42'!$A$47<>""),M53&" - "&C53,"") -> 42 - Gestione dell'elettorato | V53: =IF(AND(U53<>"",'42'!$A$47<>""),'42'!$A$47,"") -> La maggioranza dei prodotti dell'ufficio elettorale è totalmente vincolata e non può prevedere episodi corruttivi, che invece si possono concretizzare, anche in modo "pericoloso" nei procedimenti di predisposizone delle liste elettorali (autentiche di firma, certifcazioni ecc.). In questi casi i dipendneti dell'ufficio elettorale, sia quelli a ciò destinati in via permanente che quelli in via straordinaria, dovranno essere controllati dai propri responsabili al fine di eseguire le loro prestazioni solo nell'ambito dell'ufficio elettorale e solo durante l'orario di ufficio con la presenza di altri dipendenti.
B54: =IF(OR(C54="Nuova scheda",C54=""),"",T54) -> 43 | C54: ='43'!A3 -> Gestione degli alloggi pubblici | D54: ='43'!$F$2 -> SI | E54: =IF(D54="SI",IF('43'!$B$44="Presenti campi non compilati","Errore","OK"),"-") -> OK | F54: =IF(D54="SI",IF('43'!$A$47<>"","SI","NO"),"-") -> SI | G54: =IF(OR(C54="Nuova scheda",C54=""),"",M54&" - "&C54) -> 43 - Gestione degli alloggi pubblici | H54: =IF(AND(D54="SI",E54="OK"),'43'!$B$24,"Processo non sottoposto a mappatura e valutazione del rischio") -> 2.6666667 | I54: =IF(AND(D54="SI",E54="OK"),'43'!$B$40,"") -> 0.75 | J54: =IF(AND(D54="SI",E54="OK"),'43'!$B$44,"") -> 2 | L54: 43 | M54: =IF(L54<>0,TEXT(L54,"00"),"") -> 43 | O54: =IF(AND(D54="SI",E54="OK"),IF(AND(J54>0,J54<=1),G54,),) -> 0 | P54: =IF(AND(D54="SI",E54="OK"),IF(AND(J54>1,J54<=4),G54,),) -> 43 - Gestione degli alloggi pubblici | Q54: =IF(AND(D54="SI",E54="OK"),IF(AND(J54>4,J54<=9),G54,),) -> 0 | R54: =IF(AND(D54="SI",E54="OK"),IF(AND(J54>9,J54<=16),G54,),) -> 0 | S54: =IF(AND(D54="SI",E54="OK"),IF(AND(J54>16,J54<=25),G54,),) -> 0 | T54: 43 | U54: =IF(AND(D54="SI",E54="OK",'43'!$A$47<>""),M54&" - "&C54,"") -> 43 - Gestione degli alloggi pubblici | V54: =IF(AND(U54<>"",'43'!$A$47<>""),'43'!$A$47,"") -> Le graduatorie per l'assegnazione degli alloggi popolari dovranno essere redatte esclusivamente da soggetti terzi rispetto ai dipendenti dell'ufficio. Ci si rivolga prioritariamente alle prestazioni di esperti di comuni e agenzie autonome.
B55: =IF(OR(C55="Nuova scheda",C55=""),"",T55) -> 44 | C55: ='44'!A3 -> Gestione del diritto allo studio | D55: ='44'!$F$2 -> SI | E55: =IF(D55="SI",IF('44'!$B$44="Presenti campi non compilati","Errore","OK"),"-") -> OK | F55: =IF(D55="SI",IF('44'!$A$47<>"","SI","NO"),"-") -> SI | G55: =IF(OR(C55="Nuova scheda",C55=""),"",M55&" - "&C55) -> 44 - Gestione del diritto allo studio | H55: =IF(AND(D55="SI",E55="OK"),'44'!$B$24,"Processo non sottoposto a mappatura e valutazione del rischio") -> 2.6666667 | I55: =IF(AND(D55="SI",E55="OK"),'44'!$B$40,"") -> 1.25 | J55: =IF(AND(D55="SI",E55="OK"),'44'!$B$44,"") -> 3.3333333 | L55: 44 | M55: =IF(L55<>0,TEXT(L55,"00"),"") -> 44 | O55: =IF(AND(D55="SI",E55="OK"),IF(AND(J55>0,J55<=1),G55,),) -> 0 | P55: =IF(AND(D55="SI",E55="OK"),IF(AND(J55>1,J55<=4),G55,),) -> 44 - Gestione del diritto allo studio | Q55: =IF(AND(D55="SI",E55="OK"),IF(AND(J55>4,J55<=9),G55,),) -> 0 | R55: =IF(AND(D55="SI",E55="OK"),IF(AND(J55>9,J55<=16),G55,),) -> 0 | S55: =IF(AND(D55="SI",E55="OK"),IF(AND(J55>16,J55<=25),G55,),) -> 0 | T55: 44 | U55: =IF(AND(D55="SI",E55="OK",'44'!$A$47<>""),M55&" - "&C55,"") -> 44 - Gestione del diritto allo studio | V55: =IF(AND(U55<>"",'44'!$A$47<>""),'44'!$A$47,"") -> L'assegnazione dei libri di testo, gratuita o semigratuita, è assolutamente vincolata e non può essere oggetto di corrzuione. Diverso invece il problema legato ai processi legati all'indiziduazione e gestione dei percorsi di scuola lavoro, specie quelli per cui questa amministrazione prevede dei compensi per i tirocinanti o stagisti. In questo caso gli accordi con le istituzioni scolastiche dovranno essere basati su procedimenti ad evidenza pubblica, premiando il merito o i soggetti svantaggiati.
B56: =IF(OR(C56="Nuova scheda",C56=""),"",T56) -> 45 | C56: ='45'!A3 -> Vigilanza sulla circolazione e la sosta | D56: ='45'!$F$2 -> SI | E56: =IF(D56="SI",IF('45'!$B$44="Presenti campi non compilati","Errore","OK"),"-") -> OK | F56: =IF(D56="SI",IF('45'!$A$47<>"","SI","NO"),"-") -> SI | G56: =IF(OR(C56="Nuova scheda",C56=""),"",M56&" - "&C56) -> 45 - Vigilanza sulla circolazione e la sosta | H56: =IF(AND(D56="SI",E56="OK"),'45'!$B$24,"Processo non sottoposto a mappatura e valutazione del rischio") -> 1.6666667 | I56: =IF(AND(D56="SI",E56="OK"),'45'!$B$40,"") -> 1 | J56: =IF(AND(D56="SI",E56="OK"),'45'!$B$44,"") -> 1.6666667 | L56: 45 | M56: =IF(L56<>0,TEXT(L56,"00"),"") -> 45 | O56: =IF(AND(D56="SI",E56="OK"),IF(AND(J56>0,J56<=1),G56,),) -> 0 | P56: =IF(AND(D56="SI",E56="OK"),IF(AND(J56>1,J56<=4),G56,),) -> 45 - Vigilanza sulla circolazione e la sosta | Q56: =IF(AND(D56="SI",E56="OK"),IF(AND(J56>4,J56<=9),G56,),) -> 0 | R56: =IF(AND(D56="SI",E56="OK"),IF(AND(J56>9,J56<=16),G56,),) -> 0 | S56: =IF(AND(D56="SI",E56="OK"),IF(AND(J56>16,J56<=25),G56,),) -> 0 | T56: 45 | U56: =IF(AND(D56="SI",E56="OK",'45'!$A$47<>""),M56&" - "&C56,"") -> 45 - Vigilanza sulla circolazione e la sosta | V56: =IF(AND(U56<>"",'45'!$A$47<>""),'45'!$A$47,"") -> Questo processo può essere assimilato a quello sulle sanzioni del CDS qualora gli ausiliari del traffico siano dei dipendneti pubblici; quando invece sono dei dipendenti di gestori delle aree parcheggio e non abbiamo la qualifica di incaricato di pubblico servizio, nei provvedimenti convenzionali con cui si assegnano dette aree, andrà compiutamentre definito il loro ruolo e soprattutto i controlli a loro carico.
B57: =IF(OR(C57="Nuova scheda",C57=""),"",T57) -> 46 | C57: ='46'!A3 -> Gestione del reticolato idrico minore | D57: ='46'!$F$2 -> SI | E57: =IF(D57="SI",IF('46'!$B$44="Presenti campi non compilati","Errore","OK"),"-") -> OK | F57: =IF(D57="SI",IF('46'!$A$47<>"","SI","NO"),"-") -> SI | G57: =IF(OR(C57="Nuova scheda",C57=""),"",M57&" - "&C57) -> 46 - Gestione del reticolato idrico minore | H57: =IF(AND(D57="SI",E57="OK"),'46'!$B$24,"Processo non sottoposto a mappatura e valutazione del rischio") -> 2.5 | I57: =IF(AND(D57="SI",E57="OK"),'46'!$B$40,"") -> 1.25 | J57: =IF(AND(D57="SI",E57="OK"),'46'!$B$44,"") -> 3.125 | L57: 46 | M57: =IF(L57<>0,TEXT(L57,"00"),"") -> 46 | O57: =IF(AND(D57="SI",E57="OK"),IF(AND(J57>0,J57<=1),G57,),) -> 0 | P57: =IF(AND(D57="SI",E57="OK"),IF(AND(J57>1,J57<=4),G57,),) -> 46 - Gestione del reticolato idrico minore | Q57: =IF(AND(D57="SI",E57="OK"),IF(AND(J57>4,J57<=9),G57,),) -> 0 | R57: =IF(AND(D57="SI",E57="OK"),IF(AND(J57>9,J57<=16),G57,),) -> 0 | S57: =IF(AND(D57="SI",E57="OK"),IF(AND(J57>16,J57<=25),G57,),) -> 0 | T57: 46 | U57: =IF(AND(D57="SI",E57="OK",'46'!$A$47<>""),M57&" - "&C57,"") -> 46 - Gestione del reticolato idrico minore | V57: =IF(AND(U57<>"",'46'!$A$47<>""),'46'!$A$47,"") -> Mentre l'approvigionamento idrico per usi domestici non risulta particolarmente problematico, ci possono essere dei profili di criticità nel campo dell'approvigionamento idrico per usi agricoli ed industriali e per la gestione dei pozzi privati. La ferraginosità delle norme nazionali e regionali e l'oggettiva difficoltà dei controlli consigliano massima attenzione sui procedimenti di autorizzaizone dei prelievi e degli scarichi. Sarebbe utile la predisposizione di un regolamento comunale che partendo dalla normativa nazionale e regionale indichi le funzioni e le responsabilità dei vari uffici.
B58: =IF(OR(C58="Nuova scheda",C58=""),"",T58) -> 47 | C58: ='47'!A3 -> Affidamenti in house | D58: ='47'!$F$2 -> SI | E58: =IF(D58="SI",IF('47'!$B$44="Presenti campi non compilati","Errore","OK"),"-") -> OK | F58: =IF(D58="SI",IF('47'!$A$47<>"","SI","NO"),"-") -> SI | G58: =IF(OR(C58="Nuova scheda",C58=""),"",M58&" - "&C58) -> 47 - Affidamenti in house | H58: =IF(AND(D58="SI",E58="OK"),'47'!$B$24,"Processo non sottoposto a mappatura e valutazione del rischio") -> 3.1666667 | I58: =IF(AND(D58="SI",E58="OK"),'47'!$B$40,"") -> 1.5 | J58: =IF(AND(D58="SI",E58="OK"),'47'!$B$44,"") -> 4.75 | L58: 47 | M58: =IF(L58<>0,TEXT(L58,"00"),"") -> 47 | O58: =IF(AND(D58="SI",E58="OK"),IF(AND(J58>0,J58<=1),G58,),) -> 0 | P58: =IF(AND(D58="SI",E58="OK"),IF(AND(J58>1,J58<=4),G58,),) -> 0 | Q58: =IF(AND(D58="SI",E58="OK"),IF(AND(J58>4,J58<=9),G58,),) -> 47 - Affidamenti in house | R58: =IF(AND(D58="SI",E58="OK"),IF(AND(J58>9,J58<=16),G58,),) -> 0 | S58: =IF(AND(D58="SI",E58="OK"),IF(AND(J58>16,J58<=25),G58,),) -> 0 | T58: 47 | U58: =IF(AND(D58="SI",E58="OK",'47'!$A$47<>""),M58&" - "&C58,"") -> 47 - Affidamenti in house | V58: =IF(AND(U58<>"",'47'!$A$47<>""),'47'!$A$47,"") -> Nel caso di affidamneti di gestioni di questo tipo, si provveda sempre sulla base di procedimenti ad evidenza pubblica e si sposti l'individuazione delle caratteristiche potenziali degli affidatari, in termini di economicità e funzionalità, dalla fase decisionale a quella di programmazione. In questo modo i responsabili dei servizi avranno poco margine per affidamenti discrezionali.
B59: =IF(OR(C59="Nuova scheda",C59=""),"",T59) -> 48 | C59: ='48'!A3 -> Controlli sull'uso del territorio | D59: ='48'!$F$2 -> SI | E59: =IF(D59="SI",IF('48'!$B$44="Presenti campi non compilati","Errore","OK"),"-") -> OK | F59: =IF(D59="SI",IF('48'!$A$47<>"","SI","NO"),"-") -> SI | G59: =IF(OR(C59="Nuova scheda",C59=""),"",M59&" - "&C59) -> 48 - Controlli sull'uso del territorio | H59: =IF(AND(D59="SI",E59="OK"),'48'!$B$24,"Processo non sottoposto a mappatura e valutazione del rischio") -> 3 | I59: =IF(AND(D59="SI",E59="OK"),'48'!$B$40,"") -> 1.25 | J59: =IF(AND(D59="SI",E59="OK"),'48'!$B$44,"") -> 3.75 | L59: 48 | M59: =IF(L59<>0,TEXT(L59,"00"),"") -> 48 | O59: =IF(AND(D59="SI",E59="OK"),IF(AND(J59>0,J59<=1),G59,),) -> 0 | P59: =IF(AND(D59="SI",E59="OK"),IF(AND(J59>1,J59<=4),G59,),) -> 48 - Controlli sull'uso del territorio | Q59: =IF(AND(D59="SI",E59="OK"),IF(AND(J59>4,J59<=9),G59,),) -> 0 | R59: =IF(AND(D59="SI",E59="OK"),IF(AND(J59>9,J59<=16),G59,),) -> 0 | S59: =IF(AND(D59="SI",E59="OK"),IF(AND(J59>16,J59<=25),G59,),) -> 0 | T59: 48 | U59: =IF(AND(D59="SI",E59="OK",'48'!$A$47<>""),M59&" - "&C59,"") -> 48 - Controlli sull'uso del territorio | V59: =IF(AND(U59<>"",'48'!$A$47<>""),'48'!$A$47,"") -> Il controllo del territori può essere paragonato alle verifiche degli abusi edilizi di cui alla scheda 17 e dunque due sono le direttive per la riduzione del rischio. La prima fa riferimento agli agenti e tecnici che accertano, sul territorio, gli abusi e le violazioni alla normativa ambientale. Detti funzionari dovranno sempre operare almeno in coppia al fine di testimoniare reciprocamente l'integrità dei propri comportamenti. La seconda misura è inerente al processo sanzionatorio che deve essere progressivamente sempre più informatizzato e rendere automatico ogni passaggio, specie per quelle sanzioni che vengono annullate, revocate o per le quali si decide di non procedere con il ripristino ambientale.
B60: =IF(OR(C60="Nuova scheda",C60=""),"",T60) | C60: ='49'!$A$3 -> Nuova scheda | D60: ='49'!$F$2 -> NO | E60: =IF(D60="SI",IF('49'!$B$44="Presenti campi non compilati","Errore","OK"),"-") -> - | F60: =IF(D60="SI",IF('49'!$A$47<>"","SI","NO"),"-") -> - | G60: =IF(OR(C60="Nuova scheda",C60=""),"",M60&" - "&C60) | H60: =IF(AND(D60="SI",E60="OK"),'49'!$B$24,"Processo non sottoposto a mappatura e valutazione del rischio") -> Processo non sottoposto a mappatura e valutazione del rischio | I60: =IF(AND(D60="SI",E60="OK"),'49'!$B$40,"") | J60: =IF(AND(D60="SI",E60="OK"),'49'!$B$44,"") | L60: 49 | M60: =IF(L60<>0,TEXT(L60,"00"),"") -> 49 | O60: =IF(AND(D60="SI",E60="OK"),IF(AND(J60>0,J60<=1),G60,),) -> 0 | P60: =IF(AND(D60="SI",E60="OK"),IF(AND(J60>1,J60<=4),G60,),) -> 0 | Q60: =IF(AND(D60="SI",E60="OK"),IF(AND(J60>4,J60<=9),G60,),) -> 0 | R60: =IF(AND(D60="SI",E60="OK"),IF(AND(J60>9,J60<=16),G60,),) -> 0 | S60: =IF(AND(D60="SI",E60="OK"),IF(AND(J60>16,J60<=25),G60,),) -> 0 | T60: 49 | U60: =IF(AND(D60="SI",E60="OK",'49'!$A$47<>""),M60&" - "&C60,"") | V60: =IF(AND(U60<>"",'49'!$A$47<>""),'49'!$A$47,"")
B61: =IF(OR(C61="Nuova scheda",C61=""),"",T61) | C61: ='50'!$A$3 -> Nuova scheda | D61: ='50'!$F$2 -> NO | E61: =IF(D61="SI",IF('50'!$B$44="Presenti campi non compilati","Errore","OK"),"-") -> - | F61: =IF(D61="SI",IF('50'!$A$47<>"","SI","NO"),"-") -> - | G61: =IF(OR(C61="Nuova scheda",C61=""),"",M61&" - "&C61) | H61: =IF(AND(D61="SI",E61="OK"),'50'!$B$24,"Processo non sottoposto a mappatura e valutazione del rischio") -> Processo non sottoposto a mappatura e valutazione del rischio | I61: =IF(AND(D61="SI",E61="OK"),'50'!$B$40,"") | J61: =IF(AND(D61="SI",E61="OK"),'50'!$B$44,"") | L61: 50 | M61: =IF(L61<>0,TEXT(L61,"00"),"") -> 50 | O61: =IF(AND(D61="SI",E61="OK"),IF(AND(J61>0,J61<=1),G61,),) -> 0 | P61: =IF(AND(D61="SI",E61="OK"),IF(AND(J61>1,J61<=4),G61,),) -> 0 | Q61: =IF(AND(D61="SI",E61="OK"),IF(AND(J61>4,J61<=9),G61,),) -> 0 | R61: =IF(AND(D61="SI",E61="OK"),IF(AND(J61>9,J61<=16),G61,),) -> 0 | S61: =IF(AND(D61="SI",E61="OK"),IF(AND(J61>16,J61<=25),G61,),) -> 0 | T61: 50 | U61: =IF(AND(D61="SI",E61="OK",'50'!$A$47<>""),M61&" - "&C61,"") | V61: =IF(AND(U61<>"",'50'!$A$47<>""),'50'!$A$47,"")
B62: =IF(OR(C62="Nuova scheda",C62=""),"",T62) | C62: ='51'!$A$3 -> Nuova scheda | D62: ='51'!$F$2 -> NO | E62: =IF(D62="SI",IF('51'!$B$44="Presenti campi non compilati","Errore","OK"),"-") -> - | F62: =IF(D62="SI",IF('51'!$A$47<>"","SI","NO"),"-") -> - | G62: =IF(OR(C62="Nuova scheda",C62=""),"",M62&" - "&C62) | H62: =IF(AND(D62="SI",E62="OK"),'51'!$B$24,"Processo non sottoposto a mappatura e valutazione del rischio") -> Processo non sottoposto a mappatura e valutazione del rischio | I62: =IF(AND(D62="SI",E62="OK"),'51'!$B$40,"") | J62: =IF(AND(D62="SI",E62="OK"),'51'!$B$44,"") | L62: 51 | M62: =IF(L62<>0,TEXT(L62,"00"),"") -> 51 | O62: =IF(AND(D62="SI",E62="OK"),IF(AND(J62>0,J62<=1),G62,),) -> 0 | P62: =IF(AND(D62="SI",E62="OK"),IF(AND(J62>1,J62<=4),G62,),) -> 0 | Q62: =IF(AND(D62="SI",E62="OK"),IF(AND(J62>4,J62<=9),G62,),) -> 0 | R62: =IF(AND(D62="SI",E62="OK"),IF(AND(J62>9,J62<=16),G62,),) -> 0 | S62: =IF(AND(D62="SI",E62="OK"),IF(AND(J62>16,J62<=25),G62,),) -> 0 | T62: 51 | U62: =IF(AND(D62="SI",E62="OK",'51'!$A$47<>""),M62&" - "&C62,"") | V62: =IF(AND(U62<>"",'51'!$A$47<>""),'51'!$A$47,"")
B63: =IF(OR(C63="Nuova scheda",C63=""),"",T63) | C63: ='52'!$A$3 -> Nuova scheda | D63: ='52'!$F$2 -> NO | E63: =IF(D63="SI",IF('52'!$B$44="Presenti campi non compilati","Errore","OK"),"-") -> - | F63: =IF(D63="SI",IF('52'!$A$47<>"","SI","NO"),"-") -> - | G63: =IF(OR(C63="Nuova scheda",C63=""),"",M63&" - "&C63) | H63: =IF(AND(D63="SI",E63="OK"),'52'!$B$24,"Processo non sottoposto a mappatura e valutazione del rischio") -> Processo non sottoposto a mappatura e valutazione del rischio | I63: =IF(AND(D63="SI",E63="OK"),'52'!$B$40,"") | J63: =IF(AND(D63="SI",E63="OK"),'52'!$B$44,"") | L63: 52 | M63: =IF(L63<>0,TEXT(L63,"00"),"") -> 52 | O63: =IF(AND(D63="SI",E63="OK"),IF(AND(J63>0,J63<=1),G63,),) -> 0 | P63: =IF(AND(D63="SI",E63="OK"),IF(AND(J63>1,J63<=4),G63,),) -> 0 | Q63: =IF(AND(D63="SI",E63="OK"),IF(AND(J63>4,J63<=9),G63,),) -> 0 | R63: =IF(AND(D63="SI",E63="OK"),IF(AND(J63>9,J63<=16),G63,),) -> 0 | S63: =IF(AND(D63="SI",E63="OK"),IF(AND(J63>16,J63<=25),G63,),) -> 0 | T63: 52 | U63: =IF(AND(D63="SI",E63="OK",'52'!$A$47<>""),M63&" - "&C63,"") | V63: =IF(AND(U63<>"",'52'!$A$47<>""),'52'!$A$47,"")
B64: =IF(OR(C64="Nuova scheda",C64=""),"",T64) | C64: ='53'!$A$3 -> Nuova scheda | D64: ='53'!$F$2 -> NO | E64: =IF(D64="SI",IF('53'!$B$44="Presenti campi non compilati","Errore","OK"),"-") -> - | F64: =IF(D64="SI",IF('53'!$A$47<>"","SI","NO"),"-") -> - | G64: =IF(OR(C64="Nuova scheda",C64=""),"",M64&" - "&C64) | H64: =IF(AND(D64="SI",E64="OK"),'53'!$B$24,"Processo non sottoposto a mappatura e valutazione del rischio") -> Processo non sottoposto a mappatura e valutazione del rischio | I64: =IF(AND(D64="SI",E64="OK"),'53'!$B$40,"") | J64: =IF(AND(D64="SI",E64="OK"),'53'!$B$44,"") | L64: 53 | M64: =IF(L64<>0,TEXT(L64,"00"),"") -> 53 | O64: =IF(AND(D64="SI",E64="OK"),IF(AND(J64>0,J64<=1),G64,),) -> 0 | P64: =IF(AND(D64="SI",E64="OK"),IF(AND(J64>1,J64<=4),G64,),) -> 0 | Q64: =IF(AND(D64="SI",E64="OK"),IF(AND(J64>4,J64<=9),G64,),) -> 0 | R64: =IF(AND(D64="SI",E64="OK"),IF(AND(J64>9,J64<=16),G64,),) -> 0 | S64: =IF(AND(D64="SI",E64="OK"),IF(AND(J64>16,J64<=25),G64,),) -> 0 | T64: 53 | U64: =IF(AND(D64="SI",E64="OK",'53'!$A$47<>""),M64&" - "&C64,"") | V64: =IF(AND(U64<>"",'53'!$A$47<>""),'53'!$A$47,"")

Sheet Prospetto Finale
A1: Comune di Clavesana
A2: Provincia di Cuneo | H2: Torna all'indice
A4: Piano Triennale per la Prevenzione della Corruzione e per la trasparenza 2020-2022 | H4: Vai alle Misure riduzione rischio
A10: Avvertenza metodologica
A11: Le presenti schede sono state predisposte in funzione del documento principale a cui si riferiscono.
A12: In tale documento sono indicate le premesse che hanno portato alla loro redazione, che sono di due ordini: gli aspetti locali e particolari di questo comune e le indicazioni standardizzate dell’ANAC.
A13: Sull’assegnazione dei punteggi sul rischio, essendo questo un comune che non ha avuto al momento alcun episodio corruttivo, si è scelto di mantenere un punteggio standard.
A14: Anche i risultati finali della valutazione del rischio sono stati poi riportati nel documento principale e appositamente riassunti in tabelle di facile lettura.
A15: A chi riscontra omissioni, imprecisioni o errori è richiesto di segnalarlo all’indirizzo PEC istituzionale che è: postmaster@pec.clavesana.info, indirizzando apposita nota al Segretario Comunale.
A16: INDICE DELLE SCHEDE
A17: Ogni scheda si compone di tre parti, la prima di valutazione delle probabilità, la seconda, nella pagina successiva, con la valutazione dell’impatto e la terza con la valutazione complessiva del rischio
B18: Processi sottoposti a valutazione del rischio | C18: Probabilità (P) | D18: Impatto (I) | E18: Rischio (Pxl)
C20: Processo non sottoposto a mappatura e valutazione del rischio
B21: 01 - Concorso per l'assunzione di personale | C21: 2.5 | D21: 1.5 | E21: 3.75
B22: 02 - Concorso per la progressione in carriera del personale | C22: 2 | D22: 1.25 | E22: 2.5
B23: 03 - Selezione per l'affidamento di un incarico professionale | C23: 3.5 | D23: 1.5 | E23: 5.25
B24: 04 - Affidamento mediante procedura aperta (o ristretta) di lavori, servizi, forniture | C24: 2.3333333 | D24: 1.25 | E24: 2.9166667
B25: 05 - Affidamento diretto di lavori, servizi o forniture | C25: 2.8333333 | D25: 1.5 | E25: 4.25
B26: 06 - Permesso di costruire | C26: 2.3333333 | D26: 1.25 | E26: 2.9166667
B27: 07 - Permesso di costruire in aree assoggettate ad autorizzazione paesaggistica | C27: 3 | D27: 1.25 | E27: 3.75
B28: 08 - Concessione di sovvenzioni, contributi, sussidi, ausili finanziari, nonché attribuzione di vantaggi economici di qualunque genere | C28: 1.8333333 | D28: 1.5 | E28: 3.75
B29: 09 - Provvedimenti di pianificazione urbanistica generale | C29: 4 | D29: 1.75 | E29: 7
B30: 10 - Provvedimenti di pianificazione urbanistica attuativa | C30: 3.8333333 | D30: 1.75 | E30: 6.7083333
B31: 11 - Levata dei protesti | C31: 2 | D31: 1.75 | E31: 3.5
B32: 12 - Gestione delle sanzioni per violazione del CDS | C32: 2.1666667 | D32: 1.75 | E32: 3.7916667
... B68: 48 - Controlli sull'uso del territorio | C68: 3 | D68: 1.25 | E68: 3.75

Sheet Misure riduzione del rischio
E3: Torna all'indice
B5: Processi sottoposti a valutazione del rischio | C5: Misure specifiche da adottare nel triennio per ridurre ulteriormente il rischio | E5: Vai prospetto finale
B7: 01 - Concorso per l'assunzione di personale | C7: I due fattori maggiori di rischio corruttivo sono legati alla rilevanza esterna del processo e al suo impatto economico. Si ritiene pertanto necessario adottare ogni misura possibile affinché le commissioni di concorso si adoperino nella massima traspare
B8: 02 - Concorso per la progressione in carriera del personale | C8: Rispetto al processo n. 1, in questo caso il rischio è minore, per il maggiore controllo interno e il minore impatto esterno. In ogni caso risulta anche qui necessario adottare ogni misura possibile affinché le commissioni di concorso si adoperino nella massima trasparenza, disponendo la pubblicazione più ampia e tempestiva possibile dei verbali di concorso dai quali, specie per i soggetti utilmente posti in graduatoria, risultino chiaramente i criteri di valutazione.
B9: 03 - Selezione per l'affidamento di un incarico professionale | C9: Pur con i recenti correttivi delle norme che obbligano a fare un piano preliminare e con delle forti limitazione della spesa, questo processo può nascondere una certa pericolosità corruttiva in relazione alle valutazioni di merito che, in via preliminare hanno detrminato l'esigenza di ricorrere a figure esterne all'amministrazione e all'ammontare del corrispettivo, comunque denominato. Si ritiene pertanto necessario disporre che il RPCT venga fatto destinatario per opportuna conoscenza di tutti i provvedimenti di impegno di spesa relativi a corrispettivi particolarmente rilevanti.
B10: 04 - Affidamento mediante procedura aperta (o ristretta) di lavori, servizi, forniture | C10: Le recenti novità che obbligano al ricorso al mercato elettronico e alla limitazione solo a detreminate forniture di meccanismi semplificati di gara, sembrerebbero aver ridotto molto il rischio corruttivo. Risulta però necessaria, anche a campione, una profilazione a consuntivo dei vari passaggi di gara, anche in contraddittorio con i responsbaili delle varie fasi, richiamando preventivamente tutti i soggetti all'applicazione ferrea delle norme esistenti a tutela della concorrenza e dell'economicità delle procedure, prima ancora che della corruzione, che spesso si concretizza proprio in provvedimenti antieconomici per la nostra amministrazione.
B11: 05 - Affidamento diretto di lavori, servizi o forniture | C11: Le recenti novità che obbligano al ricorso al mercato elettronico e alla limitazione solo a detreminate forniture di meccanismi semplificati di gara, sembrerebbero aver ridotto molto il rischio corruttivo. Risulta però necessaria, anche a campione, una profilazione a consuntivo dei vari passaggi di gara, anche in contraddittorio con i responsbaili delle varie fasi, richiamando preventivamente tutti i soggetti all'applicazione ferrea delle norme esistenti a tutela della concorrenza e dell'economicità delle procedure, prima ancora che della corruzione, che spesso si concretizza proprio in provvedimenti antieconomici per la nostra amministrazione.
B12: 06 - Permesso di costruire | C12: L'accesso agli uffici dei progettisti professionisti, degli impresari edili e dei proprietari di terreni edificabili o edifici che possono essere oggetto di interventi dovrà essere disciplinato in modo chiaro e basato su principi previamente definiti. In caso di varianti si dovrà dare conto nei provvedimenti finali delle motivazioni che hanno portato al rilascio.
B13: 07 - Permesso di costruire in aree assoggettate ad autorizzazione paesaggistica | C13: In questo caso, oltre ai documenti di legge e a quanto previsto nella scheda n. 6, qui integralmente richiamato, si rende necessario uno studio del responsabile del servizio, preliminare ad ogni progetto approvato di questo tipo, che valuti anche i requisiti soggettivi del destinatario o di chi ne trae vantaggio, al fine di evitare che detti provvedimenti si risolvano in atti, seppure corretti formalmente, a favore di pratiche censurabili.
B14: 08 - Concessione di sovvenzioni, contributi, sussidi, ausili finanziari, nonché attribuzione di vantaggi economici di qualunque genere | C14: Il rischio corruttivo insito in questo processo e nelle varie fasi può essere abbattuto solo se si adoattano criteri oggettivi di corresponsione dei benefici e con procedimenti che siano il più possibile rigidi, dove cioè non ci siano margini di discrezionalità. I processi dovranno essere avviati sulla base di un regolamento o di un bando pubblico, si dovrà fornire una modulistica che non permetta da parte di nessuno di avvalersi di "scorciatoie" procedimentali e, con le dovute cautele relative alla riservatezza dei dati personali, dovrà essere data la più ampia pubblicità possibile ai provvedimenti di liquidazione.
B15: 09 - Provvedimenti di pianificazione urbanistica generale | C15: Anche in questo processo vengono richiamate e si auspica l'applicazione delle misure di cui alle schede 6 e 7. In più, visto che i processi di pianificazione generale hanno una durata temporale molto lunga, andrà tenuta memoria dei vari passaggi e in caso di "oggetti di previsione" particolarmente impattanti sia a livello finanziario che urbanistico, si dovrà vigilare in particolare sui beneficiari affinché non abbiamo alcun "contatto" che non sia esclusivamente tecnico, con i tecnici che pianificano e con gli amministratori che decidono.
B16: 10 - Provvedimenti di pianificazione urbanistica attuativa | C16: Anche in questo processo vengono richiamate e si auspica l'applicazione delle misure di cui alle schede 6 e 7. In più, visto che i processi di pianificazione generale hanno una durata temporale molto lunga, andrà tenuta memoria dei vari passaggi e in caso di "oggetti di previsione" particolarmente impattanti sia a livello finanziario che urbanistico, si dovrà vigilare in particolare sui beneficiari affinché non abbiamo alcun "contatto" che non sia esclusivamente tecnico, con i tecnici che pianificano e con gli amministratori che decidono.
B17: 11 - Levata dei protesti | C17: Quando il segretario esercita questa funzione, lo fa sempre alla presenza di un suo collaboratore che sia in grado in ogni momento di testimoniare dell'integrità dei suoi comportamenti.
B18: 12 - Gestione delle sanzioni per violazione del CDS | C18: Due sono le direttive per la riduzione del rischio. La prima fa riferimento agli agenti ed ausiliari che accertano le violazioni che dovranno sempre operare almeno in coppia al fin di testimoniare reciprocamente l'integrità dei comportamenti dei pubblici ufficiali. La seconda misura è inerente al processo di riscossione che deve essere progressivamente sempre più informatizzato e rendere automatico ogni passaggio, specie per quelle sanzioni che vengono annullate, revocate o per le quali si decide di non procedere con la "messa a ruolo/risocssione coattiva"
... B54: 28 - Servizi di integrazione dei cittadini stranieri (servizio svolto dal CSSM e non dal Comune) | C54: Per i servizi che comportano la corresponsione di contributi in denaro si faccia riferimento alle prescrizioni di cui alla scheda n. 8 sulla corresponisone dei benefici economici. Per i servizi in cui si debba disporre il ricovero in strutture o interventi similari, si dovranno utilizzare solo strutture accreditate secondo la normativa regionale e convenzionate con i servizi comunali e distrettuali (o consorziali per gli enti che hanno questa dimensione sovracomunale). Andrà sempre tenuto conto della regolarità del soggiorno dei beneficiari in contatto costanete con lo sportello per l'immigrazione e l'ufficio stranieri della questura.

Sheet 1
A2: Scheda | B2: =IF(F2="SI",'Indice Schede'!B12,"non utilizzata") -> 1 | D2: Processo valutato? | F2: SI | H2: SI
A3: Concorso per l'assunzione di personale | H3: NO
A4: 1. Valutazione della probabilità | D4: Torna all'indice
A5: Criteri | B5: Punteggi | G5: Seleziona da elenco: | H5: -
A6: Criterio 1: discrezionalità | G6: No, è del tutto vincolato = 1 | H6: 1
A7: Il processo è discrezionale? | B7: È parzialmente vincolato dalla legge e da atti amministrativi (regolamenti, direttive, circolari) = 2 | G7: È parzialmente vincolato dalla legge e da atti amministrativi (regolamenti, direttive, circolari) = 2 | H7: 2
A8: punteggio assegnato | B8: =VLOOKUP(B7,G5:H10,2,FALSE) -> 2 | G8: È parzialmente vincolato solo dalla legge = 3 | H8: 3
A9: Criterio 2: rilevanza esterna | G9: È parzialmente vincolato solo da atti amministrativi (regolamenti, direttive, circolari) = 4 | H9: 4
A10: Il processo produce effetti diretti all'esterno dell'amministrazione di riferimento ? | B10: Si, il risultato del processo è rivolto direttamente ad utenti esterni = 5 | G10: È altamente discrezionale = 5 | H10: 5
A11: punteggio assegnato | B11: =VLOOKUP(B10,G13:H15,2,FALSE) -> 5
A12: Criterio 3: complessità del processo
A13: Si tratta di un processo complesso che comporta il coinvolgimento di più amministrazioni (esclusi i controlli) in fasi successive per il conseguimento del risultato? | B13: No, il processo coinvolge una sola PA = 1 | G13: Seleziona da elenco: | H13: -
A14: punteggio assegnato | B14: =VLOOKUP(B13,G17:H20,2,FALSE) -> 1 | G14: No, ha come destinatario finale un ufficio interno = 2 | H14: 2
A15: Criterio 4: valore economico | G15: Si, il risultato del processo è rivolto direttamente ad utenti esterni = 5 | H15: 5
A16: Qual è l'impatto economico del processo? | B16: Comporta l'affidamento di considerevoli vantaggi a soggetti esterni (es. appalto) = 5
A17: punteggio assegnato | B17: =VLOOKUP(B16,G22:H25,2,FALSE) -> 5 | G17: Seleziona da elenco: | H17: -
A18: Criterio 5: frazionabilità del processo | G18: No, il processo coinvolge una sola PA = 1 | H18: 1
A19: Il risultato finale del processo può essere raggiunto anche effettuando una pluralità di operazioni di entità economica ridotta che, considerate complessivamente, alla fine assicurano lo stesso risultato? | B19: No = 1 | G19: Si, il processo coinvolge più di tre amministrazioni = 3 | H19: 3
A20: punteggio assegnato | B20: =VLOOKUP(B19,G27:H29,2,FALSE) -> 1 | G20: Si, il processo coinvolge più di cinque amministrazioni = 5 | H20: 5
A21: Criterio 6: controlli
A22: Anche sulla base dell'esperienza pregressa, il tipo di controllo applicato sul processo è adeguato a neutralizzare il rischio? | B22: Si, costituisce un efficace strumento di neutralizzazione = 1 | G22: Seleziona da elenco: | H22: -
A23: punteggio assegnato | B23: =VLOOKUP(B22,G31:H36,2,FALSE) -> 1 | G23: Ha rilevanza esclusivamente interna = 1 | H23: 1
A24: Valore stimato della probabilità | B24: =IFERROR((B8+B11+B14+B17+B20+B23)/6,"-") -> 2.5 | G24: Comporta l'attribuzione di vantaggi a soggetti esterni, ma di non particolare rilievo economico (es. borse di studio) = 3 | H24: 3
A25: 0 = nessuna probabilità; 1 = improbabile; 2 = poco probabile; 3 = probabile; 4 = molto probabile; 5 = altamente probabile. | G25: Comporta l'affidamento di considerevoli vantaggi a soggetti esterni (es. appalto) = 5 | H25: 5
A27: 2. Valutazione dell'impatto | G27: Seleziona da elenco: | H27: -
A28: Criterio 1: impatto organizzativo | G28: No = 1 | H28: 1
A29: Rispetto al totale del personale impiegato nel singolo servizio (unità organizzativa semplice) competente a svolgere il processo (o la fase del processo di competenza della PA) nell'ambito della singola PA, quale percentuale di personale è impiegata nel processo? (Se il processo coinvolge l'attività di più servizi nell'ambito della stessa PA occorre riferire la percentuale al personale impiegato nei servizi coinvolti) | B29: Fino a circa il 20% = 1 | G29: Si = 5 | H29: 5
A30: punteggio assegnato | B30: =VLOOKUP(B29,G38:H43,2,FALSE) -> 1
A31: Criterio 2: impatto economico | G31: Seleziona da elenco: | H31: -
A32: Nel corso degli ultimi cinque anni sono state pronunciate sentenze della Corte dei Conti a carico di dipendenti (dirigenti o dipendenti) della PA o sono state pronunciate sentenze di risarcimento del danno nei confronti della PA per la medesima tipologia di evento o di tipologie analoghe? | B32: No = 1 | G32: Si, costituisce un efficace strumento di neutralizzazione = 1 | H32: 1
A33: punteggio assegnato | B33: =VLOOKUP(B32,G27:H29,2,FALSE) -> 1 | G33: Si, è molto efficace = 2 | H33: 2
A34: Criterio 3: impatto reputazionale | G34: Si, per una percentuale approssimativa del 50% = 3 | H34: 3
A35: Nel corso degli ultimi anni sono stati pubblicati su giornali o riviste articoli aventi ad oggetto il medesimo evento o eventi analoghi? | B35: Non ne abbiamo memoria = 1 | G35: Si, ma in minima parte = 4 | H35: 4
A36: punteggio assegnato | B36: =VLOOKUP(B35,G45:H51,2,FALSE) -> 1 | G36: No, il rischio rimane indifferente = 5 | H36: 5
A37: Criterio 4: impatto sull'immagine
A38: A quale livello può collocarsi il rischio dell'evento (livello apicale, intermedio, basso), ovvero la posizione/il ruolo che l'eventuale soggetto riveste nell'organizzazione è elevata, media o bassa? | B38: A livello di dirigente di ufficio non generale, ovvero posizione apicale o posizione organizzativa = 3 | G38: Seleziona da elenco: | H38: -
A39: punteggio assegnato | B39: =VLOOKUP(B38,G53:H58,2,FALSE) -> 3 | G39: Fino a circa il 20% = 1 | H39: 1
A40: Valore stimato dell'impatto | B40: =IFERROR((B30+B33+B36+B39)/4,"-") -> 1.5 | G40: Fino a circa il 40% = 2 | H40: 2
A41: 0 = nessun impatto; 1 = marginale; 2 = minore; 3 = soglia; 4 = serio; 5 = superiore | G41: Fino a circa il 60% = 3 | H41: 3
G42: Fino a circa lo 80% = 4 | H42: 4
A43: 3. Valutazione complessiva del rischio | G43: Fino a circa il 100% = 5 | H43: 5
A44: Valutazione complessiva del rischio = probabilità * impatto | B44: =IF(OR(B8="-",B11="-",B14="-",B17="-",B20="-",B23="-",B30="-",B33="-",B36="-",B39="-"),"Presenti campi non compilati",IFERROR(B24*B40,"-")) -> 3.75
G45: Seleziona da elenco: | H45: -
A46: 4. Misure specifiche da adottare nel triennio per ridurre ulteriormente il rischio | G46: No = 0 | H46: 0
A47: I due fattori maggiori di rischio corruttivo sono legati alla rilevanza esterna del processo e al suo impatto economico. Si ritiene pertanto necessario adottare ogni misura possibile affinché le commissioni di concorso si adoperino nella massima trasparenza, disponendo la pubblicazione più ampia e tempestiva possibile dei verbali di concorso dai quali, specie per i soggetti utilmente posti in graduatoria, risultino chiaramente i criteri di valutazione. | G47: Non ne abbiamo memoria = 1 | H47: 1
G48: Si, sulla stampa locale = 2 | H48: 2
G49: Si, sulla stampa nazionale = 3 | H49: 3
G50: Si, sulla stampa locale e nazionale = 4 | H50: 4
G51: Si sulla stampa, locale, nazionale ed internazionale = 5 | H51: 5
G53: Seleziona da elenco: | H53: -
G54: A livello di addetto = 1 | H54: 1
G55: A livello di collaboratore o funzionario = 2 | H55: 2
G56: A livello di dirigente di ufficio non generale, ovvero posizione apicale o posizione organizzativa = 3 | H56: 3
G57: A livello di dirigente d'ufficio generale = 4 | H57: 4
G58: A livello di capo dipartimento/segretario generale = 5 | H58: 5

Sheet 2
A2: Scheda | B2: =IF(F2="SI",'Indice Schede'!B13,"non utilizzata") -> 2 | D2: Processo valutato? | F2: SI | H2: SI
A3: Concorso per la progressione in carriera del personale | H3: NO
A4: 1. Valutazione della probabilità | D4: Torna all'indice
A5: Criteri | B5: Punteggi | G5: Seleziona da elenco: | H5: -
A6: Criterio 1: discrezionalità | G6: No, è del tutto vincolato = 1 | H6: 1
A7: Il processo è discrezionale? | B7: È parzialmente vincolato solo da atti amministrativi (regolamenti, direttive, circolari) = 4 | G7: È parzialmente vincolato dalla legge e da atti amministrativi (regolamenti, direttive, circolari) = 2 | H7: 2
A8: punteggio assegnato | B8: =VLOOKUP(B7,G5:H10,2,FALSE) -> 4 | G8: È parzialmente vincolato solo dalla legge = 3 | H8: 3
A9: Criterio 2: rilevanza esterna | G9: È parzialmente vincolato solo da atti amministrativi (regolamenti, direttive, circolari) = 4 | H9: 4
A10: Il processo produce effetti diretti all'esterno dell'amministrazione di riferimento ? | B10: No, ha come destinatario finale un ufficio interno = 2 | G10: È altamente discrezionale = 5 | H10: 5
A11: punteggio assegnato | B11: =VLOOKUP(B10,G13:H15,2,FALSE) -> 2
A12: Criterio 3: complessità del processo
A13: Si tratta di un processo complesso che comporta il coinvolgimento di più amministrazioni (esclusi i controlli) in fasi successive per il conseguimento del risultato? | B13: No, il processo coinvolge una sola PA = 1 | G13: Seleziona da elenco: | H13: -
A14: punteggio assegnato | B14: =VLOOKUP(B13,G17:H20,2,FALSE) -> 1 | G14: No, ha come destinatario finale un ufficio interno = 2 | H14: 2
A15: Criterio 4: valore economico | G15: Si, il risultato del processo è rivolto direttamente ad utenti esterni = 5 | H15: 5
A16: Qual è l'impatto economico del processo? | B16: Comporta l'attribuzione di vantaggi a soggetti esterni, ma di non particolare rilievo economico (es. borse di studio) = 3
A17: punteggio assegnato | B17: =VLOOKUP(B16,G22:H25,2,FALSE) -> 3 | G17: Seleziona da elenco: | H17: -
A18: Criterio 5: frazionabilità del processo | G18: No, il processo coinvolge una sola PA = 1 | H18: 1
A19: Il risultato finale del processo può essere raggiunto anche effettuando una pluralità di operazioni di entità economica ridotta che, considerate complessivamente, alla fine assicurano lo stesso risultato? | B19: No = 1 | G19: Si, il processo coinvolge più di tre amministrazioni = 3 | H19: 3
A20: punteggio assegnato | B20: =VLOOKUP(B19,G27:H29,2,FALSE) -> 1 | G20: Si, il processo coinvolge più di cinque amministrazioni = 5 | H20: 5
A21: Criterio 6: controlli
A22: Anche sulla base dell'esperienza pregressa, il tipo di controllo applicato sul processo è adeguato a neutralizzare il rischio? | B22: Si, costituisce un efficace strumento di neutralizzazione = 1 | G22: Seleziona da elenco: | H22: -
A23: punteggio assegnato | B23: =VLOOKUP(B22,G31:H36,2,FALSE) -> 1 | G23: Ha rilevanza esclusivamente interna = 1 | H23: 1
A24: Valore stimato della probabilità | B24: =IFERROR((B8+B11+B14+B17+B20+B23)/6,"-") -> 2 | G24: Comporta l'attribuzione di vantaggi a soggetti esterni, ma di non particolare rilievo economico (es. borse di studio) = 3 | H24: 3
A25: 0 = nessuna probabilità; 1 = improbabile; 2 = poco probabile; 3 = probabile; 4 = molto probabile; 5 = altamente probabile. | G25: Comporta l'affidamento di considerevoli vantaggi a soggetti esterni (es. appalto) = 5 | H25: 5
A27: 2. Valutazione dell'impatto | G27: Seleziona da elenco: | H27: -
A28: Criterio 1: impatto organizzativo | G28: No = 1 | H28: 1
A29: Rispetto al totale del personale impiegato nel singolo servizio (unità organizzativa semplice) competente a svolgere il processo (o la fase del processo di competenza della PA) nell'ambito della singola PA, quale percentuale di personale è impiegata nel processo? (Se il processo coinvolge l'attività di più servizi nell'ambito della stessa PA occorre riferire la percentuale al personale impiegato nei servizi coinvolti) | B29: Fino a circa il 20% = 1 | G29: Si = 5 | H29: 5
A30: punteggio assegnato | B30: =VLOOKUP(B29,G38:H43,2,FALSE) -> 1
A31: Criterio 2: impatto economico | G31: Seleziona da elenco: | H31: -
A32: Nel corso degli ultimi cinque anni sono state pronunciate sentenze della Corte dei Conti a carico di dipendenti (dirigenti o dipendenti) della PA o sono state pronunciate sentenze di risarcimento del danno nei confronti della PA per la medesima tipologia di evento o di tipologie analoghe? | B32: No = 1 | G32: Si, costituisce un efficace strumento di neutralizzazione = 1 | H32: 1
A33: punteggio assegnato | B33: =VLOOKUP(B32,G27:H29,2,FALSE) -> 1 | G33: Si, è molto efficace = 2 | H33: 2
A34: Criterio 3: impatto reputazionale | G34: Si, per una percentuale approssimativa del 50% = 3 | H34: 3
A35: Nel corso degli ultimi anni sono stati pubblicati su giornali o riviste articoli aventi ad oggetto il medesimo evento o eventi analoghi? | B35: No = 0 | G35: Si, ma in minima parte = 4 | H35: 4
A36: punteggio assegnato | B36: =VLOOKUP(B35,G48:H54,2,FALSE) -> 0 | G36: No, il rischio rimane indifferente = 5 | H36: 5
A37: Criterio 4: impatto sull'immagine
A38: A quale livello può collocarsi il rischio dell'evento (livello apicale, intermedio, basso), ovvero la posizione/il ruolo che l'eventuale soggetto riveste nell'organizzazione è elevata, media o bassa? | B38: A livello di dirigente di ufficio non generale, ovvero posizione apicale o posizione organizzativa = 3 | G38: Seleziona da elenco: | H38: -
A39: punteggio assegnato | B39: =VLOOKUP(B38,G56:H61,2,FALSE) -> 3 | G39: Fino a circa il 20% = 1 | H39: 1
A40: Valore stimato dell'impatto | B40: =IFERROR((B30+B33+B36+B39)/4,"-") -> 1.25 | G40: Fino a circa il 40% = 2 | H40: 2
A41: 0 = nessun impatto; 1 = marginale; 2 = minore; 3 = soglia; 4 = serio; 5 = superiore | G41: Fino a circa il 60% = 3 | H41: 3
G42: Fino a circa lo 80% = 4 | H42: 4
A43: 3. Valutazione complessiva del rischio | G43: Fino a circa il 100% = 5 | H43: 5
A44: Valutazione complessiva del rischio = probabilità * impatto | B44: =IF(OR(B8="-",B11="-",B14="-",B17="-",B20="-",B23="-",B30="-",B33="-",B36="-",B39="-"),"Presenti campi non compilati",IFERROR(B24*B40,"-")) -> 2.5
A46: 4. Misure specifiche da adottare nel triennio per ridurre ulteriormente il rischio
A47: Rispetto al processo n. 1, in questo caso il rischio è minore, per il maggiore controllo interno e il minore impatto esterno. In ogni caso risulta anche qui necessario adottare ogni misura possibile affinché le commissioni di concorso si adoperino nella massima trasparenza, disponendo la pubblicazione più ampia e tempestiva possibile dei verbali di concorso dai quali, specie per i soggetti utilmente posti in graduatoria, risultino chiaramente i criteri di valutazione.
G48: Seleziona da elenco: | H48: -
G49: No = 0 | H49: 0
G50: Non ne abbiamo memoria = 1 | H50: 1
G51: Si, sulla stampa locale = 2 | H51: 2
G52: Si, sulla stampa nazionale = 3 | H52: 3
G53: Si, sulla stampa locale e nazionale = 4 | H53: 4
G54: Si sulla stampa, locale, nazionale ed internazionale = 5 | H54: 5
G56: Seleziona da elenco: | H56: -
G57: A livello di addetto = 1 | H57: 1
G58: A livello di collaboratore o funzionario = 2 | H58: 2
G59: A livello di dirigente di ufficio non generale, ovvero posizione apicale o posizione organizzativa = 3 | H59: 3
G60: A livello di dirigente d'ufficio generale = 4 | H60: 4
G61: A livello di capo dipartimento/segretario generale = 5 | H61: 5

Sheet 3
A2: Scheda | B2: =IF(F2="SI",'Indice Schede'!B14,"non utilizzata") -> 3 | D2: Processo valutato? | F2: SI | H2: SI
A3: Selezione per l'affidamento di un incarico professionale | H3: NO
A4: 1. Valutazione della probabilità | D4: Torna all'indice
A5: Criteri | B5: Punteggi | G5: Seleziona da elenco: | H5: -
A6: Criterio 1: discrezionalità | G6: No, è del tutto vincolato = 1 | H6: 1
A7: Il processo è discrezionale? | B7: È parzialmente vincolato solo da atti amministrativi (regolamenti, direttive, circolari) = 4 | G7: È parzialmente vincolato dalla legge e da atti amministrativi (regolamenti, direttive, circolari) = 2 | H7: 2
A8: punteggio assegnato | B8: =VLOOKUP(B7,G5:H10,2,FALSE) -> 4 | G8: È parzialmente vincolato solo dalla legge = 3 | H8: 3
A9: Criterio 2: rilevanza esterna | G9: È parzialmente vincolato solo da atti amministrativi (regolamenti, direttive, circolari) = 4 | H9: 4
A10: Il processo produce effetti diretti all'esterno dell'amministrazione di riferimento ? | B10: Si, il risultato del processo è rivolto direttamente ad utenti esterni = 5 | G10: È altamente discrezionale = 5 | H10: 5
A11: punteggio assegnato | B11: =VLOOKUP(B10,G13:H15,2,FALSE) -> 5
A12: Criterio 3: complessità del processo
A13: Si tratta di un processo complesso che comporta il coinvolgimento di più amministrazioni (esclusi i controlli) in fasi successive per il conseguimento del risultato? | B13: No, il processo coinvolge una sola PA = 1 | G13: Seleziona da elenco: | H13: -
A14: punteggio assegnato | B14: =VLOOKUP(B13,G17:H20,2,FALSE) -> 1 | G14: No, ha come destinatario finale un ufficio interno = 2 | H14: 2
A15: Criterio 4: valore economico | G15: Si, il risultato del processo è rivolto direttamente ad utenti esterni = 5 | H15: 5
A16: Qual è l'impatto economico del processo? | B16: Comporta l'affidamento di considerevoli vantaggi a soggetti esterni (es. appalto) = 5
A17: punteggio assegnato | B17: =VLOOKUP(B16,G22:H25,2,FALSE) -> 5 | G17: Seleziona da elenco: | H17: -
A18: Criterio 5: frazionabilità del processo | G18: No, il processo coinvolge una sola PA = 1 | H18: 1
A19: Il risultato finale del processo può essere raggiunto anche effettuando una pluralità di operazioni di entità economica ridotta che, considerate complessivamente, alla fine assicurano lo stesso risultato? | B19: Si = 5 | G19: Si, il processo coinvolge più di tre amministrazioni = 3 | H19: 3
A20: punteggio assegnato | B20: =VLOOKUP(B19,G27:H29,2,FALSE) -> 5 | G20: Si, il processo coinvolge più di cinque amministrazioni = 5 | H20: 5
A21: Criterio 6: controlli
A22: Anche sulla base dell'esperienza pregressa, il tipo di controllo applicato sul processo è adeguato a neutralizzare il rischio? | B22: Si, costituisce un efficace strumento di neutralizzazione = 1 | G22: Seleziona da elenco: | H22: -
A23: punteggio assegnato | B23: =VLOOKUP(B22,G31:H36,2,FALSE) -> 1 | G23: Ha rilevanza esclusivamente interna = 1 | H23: 1
A24: Valore stimato della probabilità | B24: =IFERROR((B8+B11+B14+B17+B20+B23)/6,"-") -> 3.5 | G24: Comporta l'attribuzione di vantaggi a soggetti esterni, ma di non particolare rilievo economico (es. borse di studio) = 3 | H24: 3
A25: 0 = nessuna probabilità; 1 = improbabile; 2 = poco probabile; 3 = probabile; 4 = molto probabile; 5 = altamente probabile. | G25: Comporta l'affidamento di considerevoli vantaggi a soggetti esterni (es. appalto) = 5 | H25: 5
A27: 2. Valutazione dell'impatto | G27: Seleziona da elenco: | H27: -
A28: Criterio 1: impatto organizzativo | G28: No = 1 | H28: 1
A29: Rispetto al totale del personale impiegato nel singolo servizio (unità organizzativa semplice) competente a svolgere il processo (o la fase del processo di competenza della PA) nell'ambito della singola PA, quale percentuale di personale è impiegata nel processo? (Se il processo coinvolge l'attività di più servizi nell'ambito della stessa PA occorre riferire la percentuale al personale impiegato nei servizi coinvolti) | B29: Fino a circa il 20% = 1 | G29: Si = 5 | H29: 5
A30: punteggio assegnato | B30: =VLOOKUP(B29,G38:H43,2,FALSE) -> 1
A31: Criterio 2: impatto economico | G31: Seleziona da elenco: | H31: -
A32: Nel corso degli ultimi cinque anni sono state pronunciate sentenze della Corte dei Conti a carico di dipendenti (dirigenti o dipendenti) della PA o sono state pronunciate sentenze di risarcimento del danno nei confronti della PA per la medesima tipologia di evento o di tipologie analoghe? | B32: No = 1 | G32: Si, costituisce un efficace strumento di neutralizzazione = 1 | H32: 1
A33: punteggio assegnato | B33: =VLOOKUP(B32,G27:H29,2,FALSE) -> 1 | G33: Si, è molto efficace = 2 | H33: 2
A34: Criterio 3: impatto reputazionale | G34: Si, per una percentuale approssimativa del 50% = 3 | H34: 3
A35: Nel corso degli ultimi anni sono stati pubblicati su giornali o riviste articoli aventi ad oggetto il medesimo evento o eventi analoghi? | B35: Non ne abbiamo memoria = 1 | G35: Si, ma in minima parte = 4 | H35: 4
A36: punteggio assegnato | B36: =VLOOKUP(B35,G48:H54,2,FALSE) -> 1 | G36: No, il rischio rimane indifferente = 5 | H36: 5
A37: Criterio 4: impatto sull'immagine
A38: A quale livello può collocarsi il rischio dell'evento (livello apicale, intermedio, basso), ovvero la posizione/il ruolo che l'eventuale soggetto riveste nell'organizzazione è elevata, media o bassa? | B38: A livello di dirigente di ufficio non generale, ovvero posizione apicale o posizione organizzativa = 3 | G38: Seleziona da elenco: | H38: -
A39: punteggio assegnato | B39: =VLOOKUP(B38,G56:H61,2,FALSE) -> 3 | G39: Fino a circa il 20% = 1 | H39: 1
A40: Valore stimato dell'impatto | B40: =IFERROR((B30+B33+B36+B39)/4,"-") -> 1.5 | G40: Fino a circa il 40% = 2 | H40: 2
A41: 0 = nessun impatto; 1 = marginale; 2 = minore; 3 = soglia; 4 = serio; 5 = superiore | G41: Fino a circa il 60% = 3 | H41: 3
G42: Fino a circa lo 80% = 4 | H42: 4
A43: 3. Valutazione complessiva del rischio | G43: Fino a circa il 100% = 5 | H43: 5
A44: Valutazione complessiva del rischio = probabilità * impatto | B44: =IF(OR(B8="-",B11="-",B14="-",B17="-",B20="-",B23="-",B30="-",B33="-",B36="-",B39="-"),"Presenti campi non compilati",IFERROR(B24*B40,"-")) -> 5.25
A46: 4. Misure specifiche da adottare nel triennio per ridurre ulteriormente il rischio
A47: Pur con i recenti correttivi delle norme che obbligano a fare un piano preliminare e con delle forti limitazione della spesa, questo processo può nascondere una certa pericolosità corruttiva in relazione alle valutazioni di merito che, in via preliminare hanno detrminato l'esigenza di ricorrere a figure esterne all'amministrazione e all'ammontare del corrispettivo, comunque denominato. Si ritiene pertanto necessario disporre che il RPCT venga fatto destinatario per opportuna conoscenza di tutti i provvedimenti di impegno di spesa relativi a corrispettivi particolarmente rilevanti.
G48: Seleziona da elenco: | H48: -
G49: No = 0 | H49: 0
G50: Non ne abbiamo memoria = 1 | H50: 1
G51: Si, sulla stampa locale = 2 | H51: 2
G52: Si, sulla stampa nazionale = 3 | H52: 3
G53: Si, sulla stampa locale e nazionale = 4 | H53: 4
G54: Si sulla stampa, locale, nazionale ed internazionale = 5 | H54: 5
G56: Seleziona da elenco: | H56: -
G57: A livello di addetto = 1 | H57: 1
G58: A livello di collaboratore o funzionario = 2 | H58: 2
G59: A livello di dirigente di ufficio non generale, ovvero posizione apicale o posizione organizzativa = 3 | H59: 3
G60: A livello di dirigente d'ufficio generale = 4 | H60: 4
G61: A livello di capo dipartimento/segretario generale = 5 | H61: 5

Sheet 4
A2: Scheda | B2: =IF(F2="SI",'Indice Schede'!B15,"non utilizzata") -> 4 | D2: Processo valutato? | F2: SI | H2: SI
A3: Affidamento mediante procedura aperta (o ristretta) di lavori, servizi, forniture | H3: NO
A4: 1. Valutazione della probabilità | D4: Torna all'indice
A5: Criteri | B5: Punteggi | G5: Seleziona da elenco: | H5: -
A6: Criterio 1: discrezionalità | G6: No, è del tutto vincolato = 1 | H6: 1
A7: Il processo è discrezionale? | B7: No, è del tutto vincolato = 1 | G7: È parzialmente vincolato dalla legge e da atti amministrativi (regolamenti, direttive, circolari) = 2 | H7: 2
A8: punteggio assegnato | B8: =VLOOKUP(B7,G5:H10,2,FALSE) -> 1 | G8: È parzialmente vincolato solo dalla legge = 3 | H8: 3
A9: Criterio 2: rilevanza esterna | G9: È parzialmente vincolato solo da atti amministrativi (regolamenti, direttive, circolari) = 4 | H9: 4
A10: Il processo produce effetti diretti all'esterno dell'amministrazione di riferimento ? | B10: Si, il risultato del processo è rivolto direttamente ad utenti esterni = 5 | G10: È altamente discrezionale = 5 | H10: 5
A11: punteggio assegnato | B11: =VLOOKUP(B10,G13:H15,2,FALSE) -> 5
A12: Criterio 3: complessità del processo
A13: Si tratta di un processo complesso che comporta il coinvolgimento di più amministrazioni (esclusi i controlli) in fasi successive per il conseguimento del risultato? | B13: No, il processo coinvolge una sola PA = 1 | G13: Seleziona da elenco: | H13: -
A14: punteggio assegnato | B14: =VLOOKUP(B13,G17:H20,2,FALSE) -> 1 | G14: No, ha come destinatario finale un ufficio interno = 2 | H14: 2
A15: Criterio 4: valore economico | G15: Si, il risultato del processo è rivolto direttamente ad utenti esterni = 5 | H15: 5
A16: Qual è l'impatto economico del processo? | B16: Comporta l'affidamento di considerevoli vantaggi a soggetti esterni (es. appalto) = 5
A17: punteggio assegnato | B17: =VLOOKUP(B16,G22:H25,2,FALSE) -> 5 | G17: Seleziona da elenco: | H17: -
A18: Criterio 5: frazionabilità del processo | G18: No, il processo coinvolge una sola PA = 1 | H18: 1
A19: Il risultato finale del processo può essere raggiunto anche effettuando una pluralità di operazioni di entità economica ridotta che, considerate complessivamente, alla fine assicurano lo stesso risultato? | B19: No = 1 | G19: Si, il processo coinvolge più di tre amministrazioni = 3 | H19: 3
A20: punteggio assegnato | B20: =VLOOKUP(B19,G27:H29,2,FALSE) -> 1 | G20: Si, il processo coinvolge più di cinque amministrazioni = 5 | H20: 5
A21: Criterio 6: controlli
A22: Anche sulla base dell'esperienza pregressa, il tipo di controllo applicato sul processo è adeguato a neutralizzare il rischio? | B22: Si, costituisce un efficace strumento di neutralizzazione = 1 | G22: Seleziona da elenco: | H22: -
A23: punteggio assegnato | B23: =VLOOKUP(B22,G31:H36,2,FALSE) -> 1 | G23: Ha rilevanza esclusivamente interna = 1 | H23: 1
A24: Valore stimato della probabilità | B24: =IFERROR((B8+B11+B14+B17+B20+B23)/6,"-") -> 2.3333333 | G24: Comporta l'attribuzione di vantaggi a soggetti esterni, ma di non particolare rilievo economico (es. borse di studio) = 3 | H24: 3
A25: 0 = nessuna probabilità; 1 = improbabile; 2 = poco probabile; 3 = probabile; 4 = molto probabile; 5 = altamente probabile. | G25: Comporta l'affidamento di considerevoli vantaggi a soggetti esterni (es. appalto) = 5 | H25: 5
A27: 2. Valutazione dell'impatto | G27: Seleziona da elenco: | H27: -
A28: Criterio 1: impatto organizzativo | G28: No = 1 | H28: 1
A29: Rispetto al totale del personale impiegato nel singolo servizio (unità organizzativa semplice) competente a svolgere il processo (o la fase del processo di competenza della PA) nell'ambito della singola PA, quale percentuale di personale è impiegata nel processo? (Se il processo coinvolge l'attività di più servizi nell'ambito della stessa PA occorre riferire la percentuale al personale impiegato nei servizi coinvolti) | B29: Fino a circa il 20% = 1 | G29: Si = 5 | H29: 5
A30: punteggio assegnato | B30: =VLOOKUP(B29,G38:H43,2,FALSE) -> 1
A31: Criterio 2: impatto economico | G31: Seleziona da elenco: | H31: -
A32: Nel corso degli ultimi cinque anni sono state pronunciate sentenze della Corte dei Conti a carico di dipendenti (dirigenti o dipendenti) della PA o sono state pronunciate sentenze di risarcimento del danno nei confronti della PA per la medesima tipologia di evento o di tipologie analoghe? | B32: No = 1 | G32: Si, costituisce un efficace strumento di neutralizzazione = 1 | H32: 1
A33: punteggio assegnato | B33: =VLOOKUP(B32,G27:H29,2,FALSE) -> 1 | G33: Si, è molto efficace = 2 | H33: 2
A34: Criterio 3: impatto reputazionale | G34: Si, per una percentuale approssimativa del 50% = 3 | H34: 3
A35: Nel corso degli ultimi anni sono stati pubblicati su giornali o riviste articoli aventi ad oggetto il medesimo evento o eventi analoghi? | B35: No = 0 | G35: Si, ma in minima parte = 4 | H35: 4
A36: punteggio assegnato | B36: =VLOOKUP(B35,G48:H54,2,FALSE) -> 0 | G36: No, il rischio rimane indifferente = 5 | H36: 5
A37: Criterio 4: impatto sull'immagine
A38: A quale livello può collocarsi il rischio dell'evento (livello apicale, intermedio, basso), ovvero la posizione/il ruolo che l'eventuale soggetto riveste nell'organizzazione è elevata, media o bassa? | B38: A livello di dirigente di ufficio non generale, ovvero posizione apicale o posizione organizzativa = 3 | G38: Seleziona da elenco: | H38: -
A39: punteggio assegnato | B39: =VLOOKUP(B38,G56:H61,2,FALSE) -> 3 | G39: Fino a circa il 20% = 1 | H39: 1
A40: Valore stimato dell'impatto | B40: =IFERROR((B30+B33+B36+B39)/4,"-") -> 1.25 | G40: Fino a circa il 40% = 2 | H40: 2
A41: 0 = nessun impatto; 1 = marginale; 2 = minore; 3 = soglia; 4 = serio; 5 = superiore | G41: Fino a circa il 60% = 3 | H41: 3
G42: Fino a circa lo 80% = 4 | H42: 4
A43: 3. Valutazione complessiva del rischio | G43: Fino a circa il 100% = 5 | H43: 5
A44: Valutazione complessiva del rischio = probabilità * impatto | B44: =IF(OR(B8="-",B11="-",B14="-",B17="-",B20="-",B23="-",B30="-",B33="-",B36="-",B39="-"),"Presenti campi non compilati",IFERROR(B24*B40,"-")) -> 2.9166667
A46: 4. Misure specifiche da adottare nel triennio per ridurre ulteriormente il rischio
A47: Le recenti novità che obbligano al ricorso al mercato elettronico e alla limitazione solo a detreminate forniture di meccanismi semplificati di gara, sembrerebbero aver ridotto molto il rischio corruttivo. Risulta però necessaria, anche a campione, una profilazione a consuntivo dei vari passaggi di gara, anche in contraddittorio con i responsbaili delle varie fasi, richiamando preventivamente tutti i soggetti all'applicazione ferrea delle norme esistenti a tutela della concorrenza e dell'economicità delle procedure, prima ancora che della corruzione, che spesso si concretizza proprio in provvedimenti antieconomici per la nostra amministrazione.
G48: Seleziona da elenco: | H48: -
G49: No = 0 | H49: 0
G50: Non ne abbiamo memoria = 1 | H50: 1
G51: Si, sulla stampa locale = 2 | H51: 2
G52: Si, sulla stampa nazionale = 3 | H52: 3
G53: Si, sulla stampa locale e nazionale = 4 | H53: 4
G54: Si sulla stampa, locale, nazionale ed internazionale = 5 | H54: 5
G56: Seleziona da elenco: | H56: -
G57: A livello di addetto = 1 | H57: 1
G58: A livello di collaboratore o funzionario = 2 | H58: 2
G59: A livello di dirigente di ufficio non generale, ovvero posizione apicale o posizione organizzativa = 3 | H59: 3
G60: A livello di dirigente d'ufficio generale = 4 | H60: 4
G61: A livello di capo dipartimento/segretario generale = 5 | H61: 5

Sheet 5
A2: Scheda | B2: =IF(F2="SI",'Indice Schede'!B16,"non utilizzata") -> 5 | D2: Processo valutato? | F2: SI | H2: SI
A3: Affidamento diretto di lavori, servizi o forniture | H3: NO
A4: 1. Valutazione della probabilità | D4: Torna all'indice
A5: Criteri | B5: Punteggi | G5: Seleziona da elenco: | H5: -
A6: Criterio 1: discrezionalità | G6: No, è del tutto vincolato = 1 | H6: 1
A7: Il processo è discrezionale? | B7: È parzialmente vincolato solo da atti amministrativi (regolamenti, direttive, circolari) = 4 | G7: È parzialmente vincolato dalla legge e da atti amministrativi (regolamenti, direttive, circolari) = 2 | H7: 2
A8: punteggio assegnato | B8: =VLOOKUP(B7,G5:H10,2,FALSE) -> 4 | G8: È parzialmente vincolato solo dalla legge = 3 | H8: 3
A9: Criterio 2: rilevanza esterna | G9: È parzialmente vincolato solo da atti amministrativi (regolamenti, direttive, circolari) = 4 | H9: 4
A10: Il processo produce effetti diretti all'esterno dell'amministrazione di riferimento ? | B10: Si, il risultato del processo è rivolto direttamente ad utenti esterni = 5 | G10: È altamente discrezionale = 5 | H10: 5
A11: punteggio assegnato | B11: =VLOOKUP(B10,G13:H15,2,FALSE) -> 5
A12: Criterio 3: complessità del processo
A13: Si tratta di un processo complesso che comporta il coinvolgimento di più amministrazioni (esclusi i controlli) in fasi successive per il conseguimento del risultato? | B13: No, il processo coinvolge una sola PA = 1 | G13: Seleziona da elenco: | H13: -
A14: punteggio assegnato | B14: =VLOOKUP(B13,G17:H20,2,FALSE) -> 1 | G14: No, ha come destinatario finale un ufficio interno = 2 | H14: 2
A15: Criterio 4: valore economico | G15: Si, il risultato del processo è rivolto direttamente ad utenti esterni = 5 | H15: 5
A16: Qual è l'impatto economico del processo? | B16: Comporta l'affidamento di considerevoli vantaggi a soggetti esterni (es. appalto) = 5
A17: punteggio assegnato | B17: =VLOOKUP(B16,G22:H25,2,FALSE) -> 5 | G17: Seleziona da elenco: | H17: -
A18: Criterio 5: frazionabilità del processo | G18: No, il processo coinvolge una sola PA = 1 | H18: 1
A19: Il risultato finale del processo può essere raggiunto anche effettuando una pluralità di operazioni di entità economica ridotta che, considerate complessivamente, alla fine assicurano lo stesso risultato? | B19: No = 1 | G19: Si, il processo coinvolge più di tre amministrazioni = 3 | H19: 3
A20: punteggio assegnato | B20: =VLOOKUP(B19,G27:H29,2,FALSE) -> 1 | G20: Si, il processo coinvolge più di cinque amministrazioni = 5 | H20: 5
A21: Criterio 6: controlli
A22: Anche sulla base dell'esperienza pregressa, il tipo di controllo applicato sul processo è adeguato a neutralizzare il rischio? | B22: Si, costituisce un efficace strumento di neutralizzazione = 1 | G22: Seleziona da elenco: | H22: -
A23: punteggio assegnato | B23: =VLOOKUP(B22,G31:H36,2,FALSE) -> 1 | G23: Ha rilevanza esclusivamente interna = 1 | H23: 1
A24: Valore stimato della probabilità | B24: =IFERROR((B8+B11+B14+B17+B20+B23)/6,"-") -> 2.8333333 | G24: Comporta l'attribuzione di vantaggi a soggetti esterni, ma di non particolare rilievo economico (es. borse di studio) = 3 | H24: 3
A25: 0 = nessuna probabilità; 1 = improbabile; 2 = poco probabile; 3 = probabile; 4 = molto probabile; 5 = altamente probabile. | G25: Comporta l'affidamento di considerevoli vantaggi a soggetti esterni (es. appalto) = 5 | H25: 5
A27: 2. Valutazione dell'impatto | G27: Seleziona da elenco: | H27: -
A28: Criterio 1: impatto organizzativo | G28: No = 1 | H28: 1
A29: Rispetto al totale del personale impiegato nel singolo servizio (unità organizzativa semplice) competente a svolgere il processo (o la fase del processo di competenza della PA) nell'ambito della singola PA, quale percentuale di personale è impiegata nel processo? (Se il processo coinvolge l'attività di più servizi nell'ambito della stessa PA occorre riferire la percentuale al personale impiegato nei servizi coinvolti) | B29: Fino a circa il 20% = 1 | G29: Si = 5 | H29: 5
A30: punteggio assegnato | B30: =VLOOKUP(B29,G38:H43,2,FALSE) -> 1
A31: Criterio 2: impatto economico | G31: Seleziona da elenco: | H31: -
A32: Nel corso degli ultimi cinque anni sono state pronunciate sentenze della Corte dei Conti a carico di dipendenti (dirigenti o dipendenti) della PA o sono state pronunciate sentenze di risarcimento del danno nei confronti della PA per la medesima tipologia di evento o di tipologie analoghe? | B32: No = 1 | G32: Si, costituisce un efficace strumento di neutralizzazione = 1 | H32: 1
A33: punteggio assegnato | B33: =VLOOKUP(B32,G27:H29,2,FALSE) -> 1 | G33: Si, è molto efficace = 2 | H33: 2
A34: Criterio 3: impatto reputazionale | G34: Si, per una percentuale approssimativa del 50% = 3 | H34: 3
A35: Nel corso degli ultimi anni sono stati pubblicati su giornali o riviste articoli aventi ad oggetto il medesimo evento o eventi analoghi? | B35: Non ne abbiamo memoria = 1 | G35: Si, ma in minima parte = 4 | H35: 4
A36: punteggio assegnato | B36: =VLOOKUP(B35,G48:H54,2,FALSE) -> 1 | G36: No, il rischio rimane indifferente = 5 | H36: 5
A37: Criterio 4: impatto sull'immagine
A38: A quale livello può collocarsi il rischio dell'evento (livello apicale, intermedio, basso), ovvero la posizione/il ruolo che l'eventuale soggetto riveste nell'organizzazione è elevata, media o bassa? | B38: A livello di dirigente di ufficio non generale, ovvero posizione apicale o posizione organizzativa = 3 | G38: Seleziona da elenco: | H38: -
A39: punteggio assegnato | B39: =VLOOKUP(B38,G56:H61,2,FALSE) -> 3 | G39: Fino a circa il 20% = 1 | H39: 1
A40: Valore stimato dell'impatto | B40: =IFERROR((B30+B33+B36+B39)/4,"-") -> 1.5 | G40: Fino a circa il 40% = 2 | H40: 2
A41: 0 = nessun impatto; 1 = marginale; 2 = minore; 3 = soglia; 4 = serio; 5 = superiore | G41: Fino a circa il 60% = 3 | H41: 3
G42: Fino a circa lo 80% = 4 | H42: 4
A43: 3. Valutazione complessiva del rischio | G43: Fino a circa il 100% = 5 | H43: 5
A44: Valutazione complessiva del rischio = probabilità * impatto | B44: =IF(OR(B8="-",B11="-",B14="-",B17="-",B20="-",B23="-",B30="-",B33="-",B36="-",B39="-"),"Presenti campi non compilati",IFERROR(B24*B40,"-")) -> 4.25
A46: 4. Misure specifiche da adottare nel triennio per ridurre ulteriormente il rischio
A47: Le recenti novità che obbligano al ricorso al mercato elettronico e alla limitazione solo a detreminate forniture di meccanismi semplificati di gara, sembrerebbero aver ridotto molto il rischio corruttivo. Risulta però necessaria, anche a campione, una profilazione a consuntivo dei vari passaggi di gara, anche in contraddittorio con i responsbaili delle varie fasi, richiamando preventivamente tutti i soggetti all'applicazione ferrea delle norme esistenti a tutela della concorrenza e dell'economicità delle procedure, prima ancora che della corruzione, che spesso si concretizza proprio in provvedimenti antieconomici per la nostra amministrazione.
G48: Seleziona da elenco: | H48: -
G49: No = 0 | H49: 0
G50: Non ne abbiamo memoria = 1 | H50: 1
G51: Si, sulla stampa locale = 2 | H51: 2
G52: Si, sulla stampa nazionale = 3 | H52: 3
G53: Si, sulla stampa locale e nazionale = 4 | H53: 4
G54: Si sulla stampa, locale, nazionale ed internazionale = 5 | H54: 5
G56: Seleziona da elenco: | H56: -
G57: A livello di addetto = 1 | H57: 1
G58: A livello di collaboratore o funzionario = 2 | H58: 2
G59: A livello di dirigente di ufficio non generale, ovvero posizione apicale o posizione organizzativa = 3 | H59: 3
G60: A livello di dirigente d'ufficio generale = 4 | H60: 4
G61: A livello di capo dipartimento/segretario generale = 5 | H61: 5

Sheet 6
A2: Scheda | B2: =IF(F2="SI",'Indice Schede'!B17,"non utilizzata") -> 6 | D2: Processo valutato? | F2: SI | H2: SI
A3: Permesso di costruire | H3: NO
A4: 1. Valutazione della probabilità | D4: Torna all'indice
A5: Criteri | B5: Punteggi | G5: Seleziona da elenco: | H5: -
A6: Criterio 1: discrezionalità | G6: No, è del tutto vincolato = 1 | H6: 1
A7: Il processo è discrezionale? | B7: No, è del tutto vincolato = 1 | G7: È parzialmente vincolato dalla legge e da atti amministrativi (regolamenti, direttive, circolari) = 2 | H7: 2
A8: punteggio assegnato | B8: =VLOOKUP(B7,G5:H10,2,FALSE) -> 1 | G8: È parzialmente vincolato solo dalla legge = 3 | H8: 3
A9: Criterio 2: rilevanza esterna | G9: È parzialmente vincolato solo da atti amministrativi (regolamenti, direttive, circolari) = 4 | H9: 4
A10: Il processo produce effetti diretti all'esterno dell'amministrazione di riferimento ? | B10: Si, il risultato del processo è rivolto direttamente ad utenti esterni = 5 | G10: È altamente discrezionale = 5 | H10: 5
A11: punteggio assegnato | B11: =VLOOKUP(B10,G13:H15,2,FALSE) -> 5
A12: Criterio 3: complessità del processo
A13: Si tratta di un processo complesso che comporta il coinvolgimento di più amministrazioni (esclusi i controlli) in fasi successive per il conseguimento del risultato? | B13: No, il processo coinvolge una sola PA = 1 | G13: Seleziona da elenco: | H13: -
A14: punteggio assegnato | B14: =VLOOKUP(B13,G17:H20,2,FALSE) -> 1 | G14: No, ha come destinatario finale un ufficio interno = 2 | H14: 2
A15: Criterio 4: valore economico | G15: Si, il risultato del processo è rivolto direttamente ad utenti esterni = 5 | H15: 5
A16: Qual è l'impatto economico del processo? | B16: Comporta l'affidamento di considerevoli vantaggi a soggetti esterni (es. appalto) = 5
A17: punteggio assegnato | B17: =VLOOKUP(B16,G22:H25,2,FALSE) -> 5 | G17: Seleziona da elenco: | H17: -
A18: Criterio 5: frazionabilità del processo | G18: No, il processo coinvolge una sola PA = 1 | H18: 1
A19: Il risultato finale del processo può essere raggiunto anche effettuando una pluralità di operazioni di entità economica ridotta che, considerate complessivamente, alla fine assicurano lo stesso risultato? | B19: No = 1 | G19: Si, il processo coinvolge più di tre amministrazioni = 3 | H19: 3
A20: punteggio assegnato | B20: =VLOOKUP(B19,G27:H29,2,FALSE) -> 1 | G20: Si, il processo coinvolge più di cinque amministrazioni = 5 | H20: 5
A21: Criterio 6: controlli
A22: Anche sulla base dell'esperienza pregressa, il tipo di controllo applicato sul processo è adeguato a neutralizzare il rischio? | B22: Si, costituisce un efficace strumento di neutralizzazione = 1 | G22: Seleziona da elenco: | H22: -
A23: punteggio assegnato | B23: =VLOOKUP(B22,G31:H36,2,FALSE) -> 1 | G23: Ha rilevanza esclusivamente interna = 1 | H23: 1
A24: Valore stimato della probabilità | B24: =IFERROR((B8+B11+B14+B17+B20+B23)/6,"-") -> 2.3333333 | G24: Comporta l'attribuzione di vantaggi a soggetti esterni, ma di non particolare rilievo economico (es. borse di studio) = 3 | H24: 3
A25: 0 = nessuna probabilità; 1 = improbabile; 2 = poco probabile; 3 = probabile; 4 = molto probabile; 5 = altamente probabile. | G25: Comporta l'affidamento di considerevoli vantaggi a soggetti esterni (es. appalto) = 5 | H25: 5
A27: 2. Valutazione dell'impatto | G27: Seleziona da elenco: | H27: -
A28: Criterio 1: impatto organizzativo | G28: No = 1 | H28: 1
A29: Rispetto al totale del personale impiegato nel singolo servizio (unità organizzativa semplice) competente a svolgere il processo (o la fase del processo di competenza della PA) nell'ambito della singola PA, quale percentuale di personale è impiegata nel processo? (Se il processo coinvolge l'attività di più servizi nell'ambito della stessa PA occorre riferire la percentuale al personale impiegato nei servizi coinvolti) | B29: Fino a circa il 20% = 1 | G29: Si = 5 | H29: 5
A30: punteggio assegnato | B30: =VLOOKUP(B29,G38:H43,2,FALSE) -> 1
A31: Criterio 2: impatto economico | G31: Seleziona da elenco: | H31: -
A32: Nel corso degli ultimi cinque anni sono state pronunciate sentenze della Corte dei Conti a carico di dipendenti (dirigenti o dipendenti) della PA o sono state pronunciate sentenze di risarcimento del danno nei confronti della PA per la medesima tipologia di evento o di tipologie analoghe? | B32: No = 1 | G32: Si, costituisce un efficace strumento di neutralizzazione = 1 | H32: 1
A33: punteggio assegnato | B33: =VLOOKUP(B32,G27:H29,2,FALSE) -> 1 | G33: Si, è molto efficace = 2 | H33: 2
A34: Criterio 3: impatto reputazionale | G34: Si, per una percentuale approssimativa del 50% = 3 | H34: 3
A35: Nel corso degli ultimi anni sono stati pubblicati su giornali o riviste articoli aventi ad oggetto il medesimo evento o eventi analoghi? | B35: No = 0 | G35: Si, ma in minima parte = 4 | H35: 4
A36: punteggio assegnato | B36: =VLOOKUP(B35,G48:H54,2,FALSE) -> 0 | G36: No, il rischio rimane indifferente = 5 | H36: 5
A37: Criterio 4: impatto sull'immagine
A38: A quale livello può collocarsi il rischio dell'evento (livello apicale, intermedio, basso), ovvero la posizione/il ruolo che l'eventuale soggetto riveste nell'organizzazione è elevata, media o bassa? | B38: A livello di dirigente di ufficio non generale, ovvero posizione apicale o posizione organizzativa = 3 | G38: Seleziona da elenco: | H38: -
A39: punteggio assegnato | B39: =VLOOKUP(B38,G56:H61,2,FALSE) -> 3 | G39: Fino a circa il 20% = 1 | H39: 1
A40: Valore stimato dell'impatto | B40: =IFERROR((B30+B33+B36+B39)/4,"-") -> 1.25 | G40: Fino a circa il 40% = 2 | H40: 2
A41: 0 = nessun impatto; 1 = marginale; 2 = minore; 3 = soglia; 4 = serio; 5 = superiore | G41: Fino a circa il 60% = 3 | H41: 3
G42: Fino a circa lo 80% = 4 | H42: 4
A43: 3. Valutazione complessiva del rischio | G43: Fino a circa il 100% = 5 | H43: 5
A44: Valutazione complessiva del rischio = probabilità * impatto | B44: =IF(OR(B8="-",B11="-",B14="-",B17="-",B20="-",B23="-",B30="-",B33="-",B36="-",B39="-"),"Presenti campi non compilati",IFERROR(B24*B40,"-")) -> 2.9166667
A46: 4. Misure specifiche da adottare nel triennio per ridurre ulteriormente il rischio
A47: L'accesso agli uffici dei progettisti professionisti, degli impresari edili e dei proprietari di terreni edificabili o edifici che possono essere oggetto di interventi dovrà essere disciplinato in modo chiaro e basato su principi previamente definiti. In caso di varianti si dovrà dare conto nei provvedimenti finali delle motivazioni che hanno portato al rilascio.
G48: Seleziona da elenco: | H48: -
G49: No = 0 | H49: 0
G50: Non ne abbiamo memoria = 1 | H50: 1
G51: Si, sulla stampa locale = 2 | H51: 2
G52: Si, sulla stampa nazionale = 3 | H52: 3
G53: Si, sulla stampa locale e nazionale = 4 | H53: 4
G54: Si sulla stampa, locale, nazionale ed internazionale = 5 | H54: 5
G56: Seleziona da elenco: | H56: -
G57: A livello di addetto = 1 | H57: 1
G58: A livello di collaboratore o funzionario = 2 | H58: 2
G59: A livello di dirigente di ufficio non generale, ovvero posizione apicale o posizione organizzativa = 3 | H59: 3
G60: A livello di dirigente d'ufficio generale = 4 | H60: 4
G61: A livello di capo dipartimento/segretario generale = 5 | H61: 5

Sheet 7
A2: Scheda | B2: =IF(F2="SI",'Indice Schede'!B18,"non utilizzata") -> 7 | D2: Processo valutato? | F2: SI | H2: SI
A3: Permesso di costruire in aree assoggettate ad autorizzazione paesaggistica | H3: NO
A4: 1. Valutazione della probabilità | D4: Torna all'indice
A5: Criteri | B5: Punteggi | G5: Seleziona da elenco: | H5: -
A6: Criterio 1: discrezionalità | G6: No, è del tutto vincolato = 1 | H6: 1
A7: Il processo è discrezionale? | B7: È parzialmente vincolato solo dalla legge = 3 | G7: È parzialmente vincolato dalla legge e da atti amministrativi (regolamenti, direttive, circolari) = 2 | H7: 2
A8: punteggio assegnato | B8: =VLOOKUP(B7,G5:H10,2,FALSE) -> 3 | G8: È parzialmente vincolato solo dalla legge = 3 | H8: 3
A9: Criterio 2: rilevanza esterna | G9: È parzialmente vincolato solo da atti amministrativi (regolamenti, direttive, circolari) = 4 | H9: 4
A10: Il processo produce effetti diretti all'esterno dell'amministrazione di riferimento ? | B10: Si, il risultato del processo è rivolto direttamente ad utenti esterni = 5 | G10: È altamente discrezionale = 5 | H10: 5
A11: punteggio assegnato | B11: =VLOOKUP(B10,G13:H15,2,FALSE) -> 5
A12: Criterio 3: complessità del processo
A13: Si tratta di un processo complesso che comporta il coinvolgimento di più amministrazioni (esclusi i controlli) in fasi successive per il conseguimento del risultato? | B13: Si, il processo coinvolge più di tre amministrazioni = 3 | G13: Seleziona da elenco: | H13: -
A14: punteggio assegnato | B14: =VLOOKUP(B13,G17:H20,2,FALSE) -> 3 | G14: No, ha come destinatario finale un ufficio interno = 2 | H14: 2
A15: Criterio 4: valore economico | G15: Si, il risultato del processo è rivolto direttamente ad utenti esterni = 5 | H15: 5
A16: Qual è l'impatto economico del processo? | B16: Comporta l'affidamento di considerevoli vantaggi a soggetti esterni (es. appalto) = 5
A17: punteggio assegnato | B17: =VLOOKUP(B16,G22:H25,2,FALSE) -> 5 | G17: Seleziona da elenco: | H17: -
A18: Criterio 5: frazionabilità del processo | G18: No, il processo coinvolge una sola PA = 1 | H18: 1
A19: Il risultato finale del processo può essere raggiunto anche effettuando una pluralità di operazioni di entità economica ridotta che, considerate complessivamente, alla fine assicurano lo stesso risultato? | B19: No = 1 | G19: Si, il processo coinvolge più di tre amministrazioni = 3 | H19: 3
A20: punteggio assegnato | B20: =VLOOKUP(B19,G27:H29,2,FALSE) -> 1 | G20: Si, il processo coinvolge più di cinque amministrazioni = 5 | H20: 5
A21: Criterio 6: controlli
A22: Anche sulla base dell'esperienza pregressa, il tipo di controllo applicato sul processo è adeguato a neutralizzare il rischio? | B22: Si, costituisce un efficace strumento di neutralizzazione = 1 | G22: Seleziona da elenco: | H22: -
A23: punteggio assegnato | B23: =VLOOKUP(B22,G31:H36,2,FALSE) -> 1 | G23: Ha rilevanza esclusivamente interna = 1 | H23: 1
A24: Valore stimato della probabilità | B24: =IFERROR((B8+B11+B14+B17+B20+B23)/6,"-") -> 3 | G24: Comporta l'attribuzione di vantaggi a soggetti esterni, ma di non particolare rilievo economico (es. borse di studio) = 3 | H24: 3
A25: 0 = nessuna probabilità; 1 = improbabile; 2 = poco probabile; 3 = probabile; 4 = molto probabile; 5 = altamente probabile. | G25: Comporta l'affidamento di considerevoli vantaggi a soggetti esterni (es. appalto) = 5 | H25: 5
A27: 2. Valutazione dell'impatto | G27: Seleziona da elenco: | H27: -
A28: Criterio 1: impatto organizzativo | G28: No = 1 | H28: 1
A29: Rispetto al totale del personale impiegato nel singolo servizio (unità organizzativa semplice) competente a svolgere il processo (o la fase del processo di competenza della PA) nell'ambito della singola PA, quale percentuale di personale è impiegata nel processo? (Se il processo coinvolge l'attività di più servizi nell'ambito della stessa PA occorre riferire la percentuale al personale impiegato nei servizi coinvolti) | B29: Fino a circa il 20% = 1 | G29: Si = 5 | H29: 5
A30: punteggio assegnato | B30: =VLOOKUP(B29,G38:H43,2,FALSE) -> 1
A31: Criterio 2: impatto economico | G31: Seleziona da elenco: | H31: -
A32: Nel corso degli ultimi cinque anni sono state pronunciate sentenze della Corte dei Conti a carico di dipendenti (dirigenti o dipendenti) della PA o sono state pronunciate sentenze di risarcimento del danno nei confronti della PA per la medesima tipologia di evento o di tipologie analoghe? | B32: No = 1 | G32: Si, costituisce un efficace strumento di neutralizzazione = 1 | H32: 1
A33: punteggio assegnato | B33: =VLOOKUP(B32,G27:H29,2,FALSE) -> 1 | G33: Si, è molto efficace = 2 | H33: 2
A34: Criterio 3: impatto reputazionale | G34: Si, per una percentuale approssimativa del 50% = 3 | H34: 3
A35: Nel corso degli ultimi anni sono stati pubblicati su giornali o riviste articoli aventi ad oggetto il medesimo evento o eventi analoghi? | B35: No = 0 | G35: Si, ma in minima parte = 4 | H35: 4
A36: punteggio assegnato | B36: =VLOOKUP(B35,G48:H54,2,FALSE) -> 0 | G36: No, il rischio rimane indifferente = 5 | H36: 5
A37: Criterio 4: impatto sull'immagine
A38: A quale livello può collocarsi il rischio dell'evento (livello apicale, intermedio, basso), ovvero la posizione/il ruolo che l'eventuale soggetto riveste nell'organizzazione è elevata, media o bassa? | B38: A livello di dirigente di ufficio non generale, ovvero posizione apicale o posizione organizzativa = 3 | G38: Seleziona da elenco: | H38: -
A39: punteggio assegnato | B39: =VLOOKUP(B38,G56:H61,2,FALSE) -> 3 | G39: Fino a circa il 20% = 1 | H39: 1
A40: Valore stimato dell'impatto | B40: =IFERROR((B30+B33+B36+B39)/4,"-") -> 1.25 | G40: Fino a circa il 40% = 2 | H40: 2
A41: 0 = nessun impatto; 1 = marginale; 2 = minore; 3 = soglia; 4 = serio; 5 = superiore | G41: Fino a circa il 60% = 3 | H41: 3
G42: Fino a circa lo 80% = 4 | H42: 4
A43: 3. Valutazione complessiva del rischio | G43: Fino a circa il 100% = 5 | H43: 5
A44: Valutazione complessiva del rischio = probabilità * impatto | B44: =IF(OR(B8="-",B11="-",B14="-",B17="-",B20="-",B23="-",B30="-",B33="-",B36="-",B39="-"),"Presenti campi non compilati",IFERROR(B24*B40,"-")) -> 3.75
A46: 4. Misure specifiche da adottare nel triennio per ridurre ulteriormente il rischio
A47: In questo caso, oltre ai documenti di legge e a quanto previsto nella scheda n. 6, qui integralmente richiamato, si rende necessario uno studio del responsabile del servizio, preliminare ad ogni progetto approvato di questo tipo, che valuti anche i requisiti soggettivi del destinatario o di chi ne trae vantaggio, al fine di evitare che detti provvedimenti si risolvano in atti, seppure corretti formalmente, a favore di pratiche censurabili.
G48: Seleziona da elenco: | H48: -
G49: No = 0 | H49: 0
G50: Non ne abbiamo memoria = 1 | H50: 1
G51: Si, sulla stampa locale = 2 | H51: 2
G52: Si, sulla stampa nazionale = 3 | H52: 3
G53: Si, sulla stampa locale e nazionale = 4 | H53: 4
G54: Si sulla stampa, locale, nazionale ed internazionale = 5 | H54: 5
G56: Seleziona da elenco: | H56: -
G57: A livello di addetto = 1 | H57: 1
G58: A livello di collaboratore o funzionario = 2 | H58: 2
G59: A livello di dirigente di ufficio non generale, ovvero posizione apicale o posizione organizzativa = 3 | H59: 3
G60: A livello di dirigente d'ufficio generale = 4 | H60: 4
G61: A livello di capo dipartimento/segretario generale = 5 | H61: 5

Sheet 8
A2: Scheda | B2: =IF(F2="SI",'Indice Schede'!B19,"non utilizzata") -> 8 | D2: Processo valutato? | F2: SI | H2: SI
A3: Concessione di sovvenzioni, contributi, sussidi, ausili finanziari, nonché attribuzione di vantaggi economici di qualunque genere | H3: NO
A4: 1. Valutazione della probabilità | D4: Torna all'indice
A5: Criteri | B5: Punteggi | G5: Seleziona da elenco: | H5: -
A6: Criterio 1: discrezionalità | G6: No, è del tutto vincolato = 1 | H6: 1
A7: Il processo è discrezionale? | B7: È parzialmente vincolato solo da atti amministrativi (regolamenti, direttive, circolari) = 4 | G7: È parzialmente vincolato dalla legge e da atti amministrativi (regolamenti, direttive, circolari) = 2 | H7: 2
A8: punteggio assegnato | B8: =VLOOKUP(B7,G5:H10,2,FALSE) -> 4 | G8: È parzialmente vincolato solo dalla legge = 3 | H8: 3
A9: Criterio 2: rilevanza esterna | G9: È parzialmente vincolato solo da atti amministrativi (regolamenti, direttive, circolari) = 4 | H9: 4
A10: Il processo produce effetti diretti all'esterno dell'amministrazione di riferimento ? | B10: Si, il risultato del processo è rivolto direttamente ad utenti esterni = 5 | G10: È altamente discrezionale = 5 | H10: 5
A11: punteggio assegnato | B11: =VLOOKUP(B10,G13:H15,2,FALSE) -> 5
A12: Criterio 3: complessità del processo
A13: Si tratta di un processo complesso che comporta il coinvolgimento di più amministrazioni (esclusi i controlli) in fasi successive per il conseguimento del risultato? | B13: No, il processo coinvolge una sola PA = 1 | G13: Seleziona da elenco: | H13: -
A14: punteggio assegnato | B14: =VLOOKUP(B13,G17:H20,2,FALSE) -> 1 | G14: No, ha come destinatario finale un ufficio interno = 2 | H14: 2
A15: Criterio 4: valore economico | G15: Si, il risultato del processo è rivolto direttamente ad utenti esterni = 5 | H15: 5
A16: Qual è l'impatto economico del processo? | B16: Comporta l'attribuzione di vantaggi a soggetti esterni, ma di non particolare rilievo economico (es. borse di studio) = 3
A17: punteggio assegnato | B17: =VLOOKUP(B16,G22:H25,2,FALSE) -> 3 | G17: Seleziona da elenco: | H17: -
A18: Criterio 5: frazionabilità del processo | G18: No, il processo coinvolge una sola PA = 1 | H18: 1
A19: Il risultato finale del processo può essere raggiunto anche effettuando una pluralità di operazioni di entità economica ridotta che, considerate complessivamente, alla fine assicurano lo stesso risultato? | B19: No = 1 | G19: Si, il processo coinvolge più di tre amministrazioni = 3 | H19: 3
A20: punteggio assegnato | B20: =VLOOKUP(B19,G27:H29,2,FALSE) -> 1 | G20: Si, il processo coinvolge più di cinque amministrazioni = 5 | H20: 5
A21: Criterio 6: controlli
A22: Anche sulla base dell'esperienza pregressa, il tipo di controllo applicato sul processo è adeguato a neutralizzare il rischio? | B22: Si, costituisce un efficace strumento di neutralizzazione = 1 | G22: Seleziona da elenco: | H22: -
A23: punteggio assegnato | B23: =VLOOKUP(B22,G31:H36,2,FALSE) -> 1 | G23: Ha rilevanza esclusivamente interna = 1 | H23: 1
A24: Valore stimato della probabilità | B24: =IFERROR((B8+B11+B14+B17+B20+B23)/6,"-") -> 2.5 | G24: Comporta l'attribuzione di vantaggi a soggetti esterni, ma di non particolare rilievo economico (es. borse di studio) = 3 | H24: 3
A25: 0 = nessuna probabilità; 1 = improbabile; 2 = poco probabile; 3 = probabile; 4 = molto probabile; 5 = altamente probabile. | G25: Comporta l'affidamento di considerevoli vantaggi a soggetti esterni (es. appalto) = 5 | H25: 5
A27: 2. Valutazione dell'impatto | G27: Seleziona da elenco: | H27: -
A28: Criterio 1: impatto organizzativo | G28: No = 1 | H28: 1
A29: Rispetto al totale del personale impiegato nel singolo servizio (unità organizzativa semplice) competente a svolgere il processo (o la fase del processo di competenza della PA) nell'ambito della singola PA, quale percentuale di personale è impiegata nel processo? (Se il processo coinvolge l'attività di più servizi nell'ambito della stessa PA occorre riferire la percentuale al personale impiegato nei servizi coinvolti) | B29: Fino a circa il 20% = 1 | G29: Si = 5 | H29: 5
A30: punteggio assegnato | B30: =VLOOKUP(B29,G38:H43,2,FALSE) -> 1
A31: Criterio 2: impatto economico | G31: Seleziona da elenco: | H31: -
A32: Nel corso degli ultimi cinque anni sono state pronunciate sentenze della Corte dei Conti a carico di dipendenti (dirigenti o dipendenti) della PA o sono state pronunciate sentenze di risarcimento del danno nei confronti della PA per la medesima tipologia di evento o di tipologie analoghe? | B32: No = 1 | G32: Si, costituisce un efficace strumento di neutralizzazione = 1 | H32: 1
A33: punteggio assegnato | B33: =VLOOKUP(B32,G27:H29,2,FALSE) -> 1 | G33: Si, è molto efficace = 2 | H33: 2
A34: Criterio 3: impatto reputazionale | G34: Si, per una percentuale approssimativa del 50% = 3 | H34: 3
A35: Nel corso degli ultimi anni sono stati pubblicati su giornali o riviste articoli aventi ad oggetto il medesimo evento o eventi analoghi? | B35: Non ne abbiamo memoria = 1 | G35: Si, ma in minima parte = 4 | H35: 4
A36: punteggio assegnato | B36: =VLOOKUP(B35,G48:H54,2,FALSE) -> 1 | G36: No, il rischio rimane indifferente = 5 | H36: 5
A37: Criterio 4: impatto sull'immagine
A38: A quale livello può collocarsi il rischio dell'evento (livello apicale, intermedio, basso), ovvero la posizione/il ruolo che l'eventuale soggetto riveste nell'organizzazione è elevata, media o bassa? | B38: A livello di dirigente di ufficio non generale, ovvero posizione apicale o posizione organizzativa = 3 | G38: Seleziona da elenco: | H38: -
A39: punteggio assegnato | B39: =VLOOKUP(B38,G56:H61,2,FALSE) -> 3 | G39: Fino a circa il 20% = 1 | H39: 1
A40: Valore stimato dell'impatto | B40: =IFERROR((B30+B33+B36+B39)/4,"-") -> 1.5 | G40: Fino a circa il 40% = 2 | H40: 2
A41: 0 = nessun impatto; 1 = marginale; 2 = minore; 3 = soglia; 4 = serio; 5 = superiore | G41: Fino a circa il 60% = 3 | H41: 3
G42: Fino a circa lo 80% = 4 | H42: 4
A43: 3. Valutazione complessiva del rischio | G43: Fino a circa il 100% = 5 | H43: 5
A44: Valutazione complessiva del rischio = probabilità * impatto | B44: =IF(OR(B8="-",B11="-",B14="-",B17="-",B20="-",B23="-",B30="-",B33="-",B36="-",B39="-"),"Presenti campi non compilati",IFERROR(B24*B40,"-")) -> 3.75
A46: 4. Misure specifiche da adottare nel triennio per ridurre ulteriormente il rischio
A47: Il rischio corruttivo insito in questo processo e nelle varie fasi può essere abbattuto solo se si adoattano criteri oggettivi di corresponsione dei benefici e con procedimenti che siano il più possibile rigidi, dove cioè non ci siano margini di discrezionalità. I processi dovranno essere avviati sulla base di un regolamento o di un bando pubblico, si dovrà fornire una modulistica che non permetta da parte di nessuno di avvalersi di "scorciatoie" procedimentali e, con le dovute cautele relative alla riservatezza dei dati personali, dovrà essere data la più ampia pubblicità possibile ai provvedimenti di liquidazione.
G48: Seleziona da elenco: | H48: -
G49: No = 0 | H49: 0
G50: Non ne abbiamo memoria = 1 | H50: 1
G51: Si, sulla stampa locale = 2 | H51: 2
G52: Si, sulla stampa nazionale = 3 | H52: 3
G53: Si, sulla stampa locale e nazionale = 4 | H53: 4
G54: Si sulla stampa, locale, nazionale ed internazionale = 5 | H54: 5
G56: Seleziona da elenco: | H56: -
G57: A livello di addetto = 1 | H57: 1
G58: A livello di collaboratore o funzionario = 2 | H58: 2
G59: A livello di dirigente di ufficio non generale, ovvero posizione apicale o posizione organizzativa = 3 | H59: 3
G60: A livello di dirigente d'ufficio generale = 4 | H60: 4
G61: A livello di capo dipartimento/segretario generale = 5 | H61: 5

Sheet 9
A2: Scheda | B2: =IF(F2="SI",'Indice Schede'!B20,"non utilizzata") -> 9 | D2: Processo valutato? | F2: SI | H2: SI
A3: Provvedimenti di pianificazione urbanistica generale | H3: NO
A4: 1. Valutazione della probabilità | D4: Torna all'indice
A5: Criteri | B5: Punteggi | G5: Seleziona da elenco: | H5: -
A6: Criterio 1: discrezionalità | G6: No, è del tutto vincolato = 1 | H6: 1
A7: Il processo è discrezionale? | B7: È altamente discrezionale = 5 | G7: È parzialmente vincolato dalla legge e da atti amministrativi (regolamenti, direttive, circolari) = 2 | H7: 2
A8: punteggio assegnato | B8: =VLOOKUP(B7,G5:H10,2,FALSE) -> 5 | G8: È parzialmente vincolato solo dalla legge = 3 | H8: 3
A9: Criterio 2: rilevanza esterna | G9: È parzialmente vincolato solo da atti amministrativi (regolamenti, direttive, circolari) = 4 | H9: 4
A10: Il processo produce effetti diretti all'esterno dell'amministrazione di riferimento ? | B10: Si, il risultato del processo è rivolto direttamente ad utenti esterni = 5 | G10: È altamente discrezionale = 5 | H10: 5
A11: punteggio assegnato | B11: =VLOOKUP(B10,G13:H15,2,FALSE) -> 5
A12: Criterio 3: complessità del processo
A13: Si tratta di un processo complesso che comporta il coinvolgimento di più amministrazioni (esclusi i controlli) in fasi successive per il conseguimento del risultato? | B13: Si, il processo coinvolge più di tre amministrazioni = 3 | G13: Seleziona da elenco: | H13: -
A14: punteggio assegnato | B14: =VLOOKUP(B13,G17:H20,2,FALSE) -> 3 | G14: No, ha come destinatario finale un ufficio interno = 2 | H14: 2
A15: Criterio 4: valore economico | G15: Si, il risultato del processo è rivolto direttamente ad utenti esterni = 5 | H15: 5
A16: Qual è l'impatto economico del processo? | B16: Comporta l'affidamento di considerevoli vantaggi a soggetti esterni (es. appalto) = 5
A17: punteggio assegnato | B17: =VLOOKUP(B16,G22:H25,2,FALSE) -> 5 | G17: Seleziona da elenco: | H17: -
A18: Criterio 5: frazionabilità del processo | G18: No, il processo coinvolge una sola PA = 1 | H18: 1
A19: Il risultato finale del processo può essere raggiunto anche effettuando una pluralità di operazioni di entità economica ridotta che, considerate complessivamente, alla fine assicurano lo stesso risultato? | B19: Si = 5 | G19: Si, il processo coinvolge più di tre amministrazioni = 3 | H19: 3
A20: punteggio assegnato | B20: =VLOOKUP(B19,G27:H29,2,FALSE) -> 5 | G20: Si, il processo coinvolge più di cinque amministrazioni = 5 | H20: 5
A21: Criterio 6: controlli
A22: Anche sulla base dell'esperienza pregressa, il tipo di controllo applicato sul processo è adeguato a neutralizzare il rischio? | B22: Si, costituisce un efficace strumento di neutralizzazione = 1 | G22: Seleziona da elenco: | H22: -
A23: punteggio assegnato | B23: =VLOOKUP(B22,G31:H36,2,FALSE) -> 1 | G23: Ha rilevanza esclusivamente interna = 1 | H23: 1
A24: Valore stimato della probabilità | B24: =IFERROR((B8+B11+B14+B17+B20+B23)/6,"-") -> 4 | G24: Comporta l'attribuzione di vantaggi a soggetti esterni, ma di non particolare rilievo economico (es. borse di studio) = 3 | H24: 3
A25: 0 = nessuna probabilità; 1 = improbabile; 2 = poco probabile; 3 = probabile; 4 = molto probabile; 5 = altamente probabile. | G25: Comporta l'affidamento di considerevoli vantaggi a soggetti esterni (es. appalto) = 5 | H25: 5
A27: 2. Valutazione dell'impatto | G27: Seleziona da elenco: | H27: -
A28: Criterio 1: impatto organizzativo | G28: No = 1 | H28: 1
A29: Rispetto al totale del personale impiegato nel singolo servizio (unità organizzativa semplice) competente a svolgere il processo (o la fase del processo di competenza della PA) nell'ambito della singola PA, quale percentuale di personale è impiegata nel processo? (Se il processo coinvolge l'attività di più servizi nell'ambito della stessa PA occorre riferire la percentuale al personale impiegato nei servizi coinvolti) | B29: Fino a circa il 40% = 2 | G29: Si = 5 | H29: 5
A30: punteggio assegnato | B30: =VLOOKUP(B29,G38:H43,2,FALSE) -> 2
A31: Criterio 2: impatto economico | G31: Seleziona da elenco: | H31: -
A32: Nel corso degli ultimi cinque anni sono state pronunciate sentenze della Corte dei Conti a carico di dipendenti (dirigenti o dipendenti) della PA o sono state pronunciate sentenze di risarcimento del danno nei confronti della PA per la medesima tipologia di evento o di tipologie analoghe? | B32: No = 1 | G32: Si, costituisce un efficace strumento di neutralizzazione = 1 | H32: 1
A33: punteggio assegnato | B33: =VLOOKUP(B32,G27:H29,2,FALSE) -> 1 | G33: Si, è molto efficace = 2 | H33: 2
A34: Criterio 3: impatto reputazionale | G34: Si, per una percentuale approssimativa del 50% = 3 | H34: 3
A35: Nel corso degli ultimi anni sono stati pubblicati su giornali o riviste articoli aventi ad oggetto il medesimo evento o eventi analoghi? | B35: Non ne abbiamo memoria = 1 | G35: Si, ma in minima parte = 4 | H35: 4
A36: punteggio assegnato | B36: =VLOOKUP(B35,G48:H54,2,FALSE) -> 1 | G36: No, il rischio rimane indifferente = 5 | H36: 5
A37: Criterio 4: impatto sull'immagine
A38: A quale livello può collocarsi il rischio dell'evento (livello apicale, intermedio, basso), ovvero la posizione/il ruolo che l'eventuale soggetto riveste nell'organizzazione è elevata, media o bassa? | B38: A livello di dirigente di ufficio non generale, ovvero posizione apicale o posizione organizzativa = 3 | G38: Seleziona da elenco: | H38: -
A39: punteggio assegnato | B39: =VLOOKUP(B38,G56:H61,2,FALSE) -> 3 | G39: Fino a circa il 20% = 1 | H39: 1
A40: Valore stimato dell'impatto | B40: =IFERROR((B30+B33+B36+B39)/4,"-") -> 1.75 | G40: Fino a circa il 40% = 2 | H40: 2
A41: 0 = nessun impatto; 1 = marginale; 2 = minore; 3 = soglia; 4 = serio; 5 = superiore | G41: Fino a circa il 60% = 3 | H41: 3
G42: Fino a circa lo 80% = 4 | H42: 4
A43: 3. Valutazione complessiva del rischio | G43: Fino a circa il 100% = 5 | H43: 5
A44: Valutazione complessiva del rischio = probabilità * impatto | B44: =IF(OR(B8="-",B11="-",B14="-",B17="-",B20="-",B23="-",B30="-",B33="-",B36="-",B39="-"),"Presenti campi non compilati",IFERROR(B24*B40,"-")) -> 7
A46: 4. Misure specifiche da adottare nel triennio per ridurre ulteriormente il rischio
A47: Anche in questo processo vengono richiamate e si auspica l'applicazione delle misure di cui alle schede 6 e 7. In più, visto che i processi di pianificazione generale hanno una durata temporale molto lunga, andrà tenuta memoria dei vari passaggi e in caso di "oggetti di previsione" particolarmente impattanti sia a livello finanziario che urbanistico, si dovrà vigilare in particolare sui beneficiari affinché non abbiamo alcun "contatto" che non sia esclusivamente tecnico, con i tecnici che pianificano e con gli amministratori che decidono.
G48: Seleziona da elenco: | H48: -
G49: No = 0 | H49: 0
G50: Non ne abbiamo memoria = 1 | H50: 1
G51: Si, sulla stampa locale = 2 | H51: 2
G52: Si, sulla stampa nazionale = 3 | H52: 3
G53: Si, sulla stampa locale e nazionale = 4 | H53: 4
G54: Si sulla stampa, locale, nazionale ed internazionale = 5 | H54: 5
G56: Seleziona da elenco: | H56: -
G57: A livello di addetto = 1 | H57: 1
G58: A livello di collaboratore o funzionario = 2 | H58: 2
G59: A livello di dirigente di ufficio non generale, ovvero posizione apicale o posizione organizzativa = 3 | H59: 3
G60: A livello di dirigente d'ufficio generale = 4 | H60: 4
G61: A livello di capo dipartimento/segretario generale = 5 | H61: 5

Sheet 10
A2: Scheda | B2: =IF(F2="SI",'Indice Schede'!B21,"non utilizzata") -> 10 | D2: Processo valutato? | F2: SI | H2: SI
A3: Provvedimenti di pianificazione urbanistica attuativa | H3: NO
A4: 1. Valutazione della probabilità | D4: Torna all'indice
A5: Criteri | B5: Punteggi | G5: Seleziona da elenco: | H5: -
A6: Criterio 1: discrezionalità | G6: No, è del tutto vincolato = 1 | H6: 1
A7: Il processo è discrezionale? | B7: È parzialmente vincolato solo da atti amministrativi (regolamenti, direttive, circolari) = 4 | G7: È parzialmente vincolato dalla legge e da atti amministrativi (regolamenti, direttive, circolari) = 2 | H7: 2
A8: punteggio assegnato | B8: =VLOOKUP(B7,G5:H10,2,FALSE) -> 4 | G8: È parzialmente vincolato solo dalla legge = 3 | H8: 3
A9: Criterio 2: rilevanza esterna | G9: È parzialmente vincolato solo da atti amministrativi (regolamenti, direttive, circolari) = 4 | H9: 4
A10: Il processo produce effetti diretti all'esterno dell'amministrazione di riferimento ? | B10: Si, il risultato del processo è rivolto direttamente ad utenti esterni = 5 | G10: È altamente discrezionale = 5 | H10: 5
A11: punteggio assegnato | B11: =VLOOKUP(B10,G13:H15,2,FALSE) -> 5
A12: Criterio 3: complessità del processo
A13: Si tratta di un processo complesso che comporta il coinvolgimento di più amministrazioni (esclusi i controlli) in fasi successive per il conseguimento del risultato? | B13: Si, il processo coinvolge più di tre amministrazioni = 3 | G13: Seleziona da elenco: | H13: -
A14: punteggio assegnato | B14: =VLOOKUP(B13,G17:H20,2,FALSE) -> 3 | G14: No, ha come destinatario finale un ufficio interno = 2 | H14: 2
A15: Criterio 4: valore economico | G15: Si, il risultato del processo è rivolto direttamente ad utenti esterni = 5 | H15: 5
A16: Qual è l'impatto economico del processo? | B16: Comporta l'affidamento di considerevoli vantaggi a soggetti esterni (es. appalto) = 5
A17: punteggio assegnato | B17: =VLOOKUP(B16,G22:H25,2,FALSE) -> 5 | G17: Seleziona da elenco: | H17: -
A18: Criterio 5: frazionabilità del processo | G18: No, il processo coinvolge una sola PA = 1 | H18: 1
A19: Il risultato finale del processo può essere raggiunto anche effettuando una pluralità di operazioni di entità economica ridotta che, considerate complessivamente, alla fine assicurano lo stesso risultato? | B19: Si = 5 | G19: Si, il processo coinvolge più di tre amministrazioni = 3 | H19: 3
A20: punteggio assegnato | B20: =VLOOKUP(B19,G27:H29,2,FALSE) -> 5 | G20: Si, il processo coinvolge più di cinque amministrazioni = 5 | H20: 5
A21: Criterio 6: controlli
A22: Anche sulla base dell'esperienza pregressa, il tipo di controllo applicato sul processo è adeguato a neutralizzare il rischio? | B22: Si, costituisce un efficace strumento di neutralizzazione = 1 | G22: Seleziona da elenco: | H22: -
A23: punteggio assegnato | B23: =VLOOKUP(B22,G31:H36,2,FALSE) -> 1 | G23: Ha rilevanza esclusivamente interna = 1 | H23: 1
A24: Valore stimato della probabilità | B24: =IFERROR((B8+B11+B14+B17+B20+B23)/6,"-") -> 3.8333333 | G24: Comporta l'attribuzione di vantaggi a soggetti esterni, ma di non particolare rilievo economico (es. borse di studio) = 3 | H24: 3
A25: 0 = nessuna probabilità; 1 = improbabile; 2 = poco probabile; 3 = probabile; 4 = molto probabile; 5 = altamente probabile. | G25: Comporta l'affidamento di considerevoli vantaggi a soggetti esterni (es. appalto) = 5 | H25: 5
A27: 2. Valutazione dell'impatto | G27: Seleziona da elenco: | H27: -
A28: Criterio 1: impatto organizzativo | G28: No = 1 | H28: 1
A29: Rispetto al totale del personale impiegato nel singolo servizio (unità organizzativa semplice) competente a svolgere il processo (o la fase del processo di competenza della PA) nell'ambito della singola PA, quale percentuale di personale è impiegata nel processo? (Se il processo coinvolge l'attività di più servizi nell'ambito della stessa PA occorre riferire la percentuale al personale impiegato nei servizi coinvolti) | B29: Fino a circa il 40% = 2 | G29: Si = 5 | H29: 5
A30: punteggio assegnato | B30: =VLOOKUP(B29,G38:H43,2,FALSE) -> 2
A31: Criterio 2: impatto economico | G31: Seleziona da elenco: | H31: -
A32: Nel corso degli ultimi cinque anni sono state pronunciate sentenze della Corte dei Conti a carico di dipendenti (dirigenti o dipendenti) della PA o sono state pronunciate sentenze di risarcimento del danno nei confronti della PA per la medesima tipologia di evento o di tipologie analoghe? | B32: No = 1 | G32: Si, costituisce un efficace strumento di neutralizzazione = 1 | H32: 1
A33: punteggio assegnato | B33: =VLOOKUP(B32,G27:H29,2,FALSE) -> 1 | G33: Si, è molto efficace = 2 | H33: 2
A34: Criterio 3: impatto reputazionale | G34: Si, per una percentuale approssimativa del 50% = 3 | H34: 3
A35: Nel corso degli ultimi anni sono stati pubblicati su giornali o riviste articoli aventi ad oggetto il medesimo evento o eventi analoghi? | B35: Non ne abbiamo memoria = 1 | G35: Si, ma in minima parte = 4 | H35: 4
A36: punteggio assegnato | B36: =VLOOKUP(B35,G48:H54,2,FALSE) -> 1 | G36: No, il rischio rimane indifferente = 5 | H36: 5
A37: Criterio 4: impatto sull'immagine
A38: A quale livello può collocarsi il rischio dell'evento (livello apicale, intermedio, basso), ovvero la posizione/il ruolo che l'eventuale soggetto riveste nell'organizzazione è elevata, media o bassa? | B38: A livello di dirigente di ufficio non generale, ovvero posizione apicale o posizione organizzativa = 3 | G38: Seleziona da elenco: | H38: -
A39: punteggio assegnato | B39: =VLOOKUP(B38,G56:H61,2,FALSE) -> 3 | G39: Fino a circa il 20% = 1 | H39: 1
A40: Valore stimato dell'impatto | B40: =IFERROR((B30+B33+B36+B39)/4,"-") -> 1.75 | G40: Fino a circa il 40% = 2 | H40: 2
A41: 0 = nessun impatto; 1 = marginale; 2 = minore; 3 = soglia; 4 = serio; 5 = superiore | G41: Fino a circa il 60% = 3 | H41: 3
G42: Fino a circa lo 80% = 4 | H42: 4
A43: 3. Valutazione complessiva del rischio | G43: Fino a circa il 100% = 5 | H43: 5
A44: Valutazione complessiva del rischio = probabilità * impatto | B44: =IF(OR(B8="-",B11="-",B14="-",B17="-",B20="-",B23="-",B30="-",B33="-",B36="-",B39="-"),"Presenti campi non compilati",IFERROR(B24*B40,"-")) -> 6.7083333
A46: 4. Misure specifiche da adottare nel triennio per ridurre ulteriormente il rischio
A47: Anche in questo processo vengono richiamate e si auspica l'applicazione delle misure di cui alle schede 6 e 7. In più, visto che i processi di pianificazione generale hanno una durata temporale molto lunga, andrà tenuta memoria dei vari passaggi e in caso di "oggetti di previsione" particolarmente impattanti sia a livello finanziario che urbanistico, si dovrà vigilare in particolare sui beneficiari affinché non abbiamo alcun "contatto" che non sia esclusivamente tecnico, con i tecnici che pianificano e con gli amministratori che decidono.
G48: Seleziona da elenco: | H48: -
G49: No = 0 | H49: 0
G50: Non ne abbiamo memoria = 1 | H50: 1
G51: Si, sulla stampa locale = 2 | H51: 2
G52: Si, sulla stampa nazionale = 3 | H52: 3
G53: Si, sulla stampa locale e nazionale = 4 | H53: 4
G54: Si sulla stampa, locale, nazionale ed internazionale = 5 | H54: 5
G56: Seleziona da elenco: | H56: -
G57: A livello di addetto = 1 | H57: 1
G58: A livello di collaboratore o funzionario = 2 | H58: 2
G59: A livello di dirigente di ufficio non generale, ovvero posizione apicale o posizione organizzativa = 3 | H59: 3
G60: A livello di dirigente d'ufficio generale = 4 | H60: 4
G61: A livello di capo dipartimento/segretario generale = 5 | H61: 5

Sheet 11
A2: Scheda | B2: =IF(F2="SI",'Indice Schede'!B22,"non utilizzata") -> 11 | D2: Processo valutato? | F2: SI | H2: SI
A3: Levata dei protesti | H3: NO
A4: 1. Valutazione della probabilità | D4: Torna all'indice
A5: Criteri | B5: Punteggi | G5: Seleziona da elenco: | H5: -
A6: Criterio 1: discrezionalità | G6: No, è del tutto vincolato = 1 | H6: 1
A7: Il processo è discrezionale? | B7: No, è del tutto vincolato = 1 | G7: È parzialmente vincolato dalla legge e da atti amministrativi (regolamenti, direttive, circolari) = 2 | H7: 2
A8: punteggio assegnato | B8: =VLOOKUP(B7,G5:H10,2,FALSE) -> 1 | G8: È parzialmente vincolato solo dalla legge = 3 | H8: 3
A9: Criterio 2: rilevanza esterna | G9: È parzialmente vincolato solo da atti amministrativi (regolamenti, direttive, circolari) = 4 | H9: 4
A10: Il processo produce effetti diretti all'esterno dell'amministrazione di riferimento ? | B10: Si, il risultato del processo è rivolto direttamente ad utenti esterni = 5 | G10: È altamente discrezionale = 5 | H10: 5
A11: punteggio assegnato | B11: =VLOOKUP(B10,G13:H15,2,FALSE) -> 5
A12: Criterio 3: complessità del processo
A13: Si tratta di un processo complesso che comporta il coinvolgimento di più amministrazioni (esclusi i controlli) in fasi successive per il conseguimento del risultato? | B13: No, il processo coinvolge una sola PA = 1 | G13: Seleziona da elenco: | H13: -
A14: punteggio assegnato | B14: =VLOOKUP(B13,G17:H20,2,FALSE) -> 1 | G14: No, ha come destinatario finale un ufficio interno = 2 | H14: 2
A15: Criterio 4: valore economico | G15: Si, il risultato del processo è rivolto direttamente ad utenti esterni = 5 | H15: 5
A16: Qual è l'impatto economico del processo? | B16: Comporta l'attribuzione di vantaggi a soggetti esterni, ma di non particolare rilievo economico (es. borse di studio) = 3
A17: punteggio assegnato | B17: =VLOOKUP(B16,G22:H25,2,FALSE) -> 3 | G17: Seleziona da elenco: | H17: -
A18: Criterio 5: frazionabilità del processo | G18: No, il processo coinvolge una sola PA = 1 | H18: 1
A19: Il risultato finale del processo può essere raggiunto anche effettuando una pluralità di operazioni di entità economica ridotta che, considerate complessivamente, alla fine assicurano lo stesso risultato? | B19: No = 1 | G19: Si, il processo coinvolge più di tre amministrazioni = 3 | H19: 3
A20: punteggio assegnato | B20: =VLOOKUP(B19,G27:H29,2,FALSE) -> 1 | G20: Si, il processo coinvolge più di cinque amministrazioni = 5 | H20: 5
A21: Criterio 6: controlli
A22: Anche sulla base dell'esperienza pregressa, il tipo di controllo applicato sul processo è adeguato a neutralizzare il rischio? | B22: Si, costituisce un efficace strumento di neutralizzazione = 1 | G22: Seleziona da elenco: | H22: -
A23: punteggio assegnato | B23: =VLOOKUP(B22,G31:H36,2,FALSE) -> 1 | G23: Ha rilevanza esclusivamente interna = 1 | H23: 1
A24: Valore stimato della probabilità | B24: =IFERROR((B8+B11+B14+B17+B20+B23)/6,"-") -> 2 | G24: Comporta l'attribuzione di vantaggi a soggetti esterni, ma di non particolare rilievo economico (es. borse di studio) = 3 | H24: 3
A25: 0 = nessuna probabilità; 1 = improbabile; 2 = poco probabile; 3 = probabile; 4 = molto probabile; 5 = altamente probabile. | G25: Comporta l'affidamento di considerevoli vantaggi a soggetti esterni (es. appalto) = 5 | H25: 5
A27: 2. Valutazione dell'impatto | G27: Seleziona da elenco: | H27: -
A28: Criterio 1: impatto organizzativo | G28: No = 1 | H28: 1
A29: Rispetto al totale del personale impiegato nel singolo servizio (unità organizzativa semplice) competente a svolgere il processo (o la fase del processo di competenza della PA) nell'ambito della singola PA, quale percentuale di personale è impiegata nel processo? (Se il processo coinvolge l'attività di più servizi nell'ambito della stessa PA occorre riferire la percentuale al personale impiegato nei servizi coinvolti) | B29: Fino a circa il 20% = 1 | G29: Si = 5 | H29: 5
A30: punteggio assegnato | B30: =VLOOKUP(B29,G38:H43,2,FALSE) -> 1
A31: Criterio 2: impatto economico | G31: Seleziona da elenco: | H31: -
A32: Nel corso degli ultimi cinque anni sono state pronunciate sentenze della Corte dei Conti a carico di dipendenti (dirigenti o dipendenti) della PA o sono state pronunciate sentenze di risarcimento del danno nei confronti della PA per la medesima tipologia di evento o di tipologie analoghe? | B32: No = 1 | G32: Si, costituisce un efficace strumento di neutralizzazione = 1 | H32: 1
A33: punteggio assegnato | B33: =VLOOKUP(B32,G27:H29,2,FALSE) -> 1 | G33: Si, è molto efficace = 2 | H33: 2
A34: Criterio 3: impatto reputazionale | G34: Si, per una percentuale approssimativa del 50% = 3 | H34: 3
A35: Nel corso degli ultimi anni sono stati pubblicati su giornali o riviste articoli aventi ad oggetto il medesimo evento o eventi analoghi? | B35: No = 0 | G35: Si, ma in minima parte = 4 | H35: 4
A36: punteggio assegnato | B36: =VLOOKUP(B35,G48:H54,2,FALSE) -> 0 | G36: No, il rischio rimane indifferente = 5 | H36: 5
A37: Criterio 4: impatto sull'immagine
A38: A quale livello può collocarsi il rischio dell'evento (livello apicale, intermedio, basso), ovvero la posizione/il ruolo che l'eventuale soggetto riveste nell'organizzazione è elevata, media o bassa? | B38: A livello di capo dipartimento/segretario generale = 5 | G38: Seleziona da elenco: | H38: -
A39: punteggio assegnato | B39: =VLOOKUP(B38,G56:H61,2,FALSE) -> 5 | G39: Fino a circa il 20% = 1 | H39: 1
A40: Valore stimato dell'impatto | B40: =IFERROR((B30+B33+B36+B39)/4,"-") -> 1.75 | G40: Fino a circa il 40% = 2 | H40: 2
A41: 0 = nessun impatto; 1 = marginale; 2 = minore; 3 = soglia; 4 = serio; 5 = superiore | G41: Fino a circa il 60% = 3 | H41: 3
G42: Fino a circa lo 80% = 4 | H42: 4
A43: 3. Valutazione complessiva del rischio | G43: Fino a circa il 100% = 5 | H43: 5
A44: Valutazione complessiva del rischio = probabilità * impatto | B44: =IF(OR(B8="-",B11="-",B14="-",B17="-",B20="-",B23="-",B30="-",B33="-",B36="-",B39="-"),"Presenti campi non compilati",IFERROR(B24*B40,"-")) -> 3.5
A46: 4. Misure specifiche da adottare nel triennio per ridurre ulteriormente il rischio
A47: Quando il segretario esercita questa funzione, lo fa sempre alla presenza di un suo collaboratore che sia in grado in ogni momento di testimoniare dell'integrità dei suoi comportamenti.
G48: Seleziona da elenco: | H48: -
G49: No = 0 | H49: 0
G50: Non ne abbiamo memoria = 1 | H50: 1
G51: Si, sulla stampa locale = 2 | H51: 2
G52: Si, sulla stampa nazionale = 3 | H52: 3
G53: Si, sulla stampa locale e nazionale = 4 | H53: 4
G54: Si sulla stampa, locale, nazionale ed internazionale = 5 | H54: 5
G56: Seleziona da elenco: | H56: -
G57: A livello di addetto = 1 | H57: 1
G58: A livello di collaboratore o funzionario = 2 | H58: 2
G59: A livello di dirigente di ufficio non generale, ovvero posizione apicale o posizione organizzativa = 3 | H59: 3
G60: A livello di dirigente d'ufficio generale = 4 | H60: 4
G61: A livello di capo dipartimento/segretario generale = 5 | H61: 5

Sheet 12
A2: Scheda | B2: =IF(F2="SI",'Indice Schede'!B23,"non utilizzata") -> 12 | D2: Processo valutato? | F2: SI | H2: SI
A3: Gestione delle sanzioni per violazione del CDS | H3: NO
A4: 1. Valutazione della probabilità | D4: Torna all'indice
A5: Criteri | B5: Punteggi | G5: Seleziona da elenco: | H5: -
A6: Criterio 1: discrezionalità | G6: No, è del tutto vincolato = 1 | H6: 1
A7: Il processo è discrezionale? | B7: È parzialmente vincolato dalla legge e da atti amministrativi (regolamenti, direttive, circolari) = 2 | G7: È parzialmente vincolato dalla legge e da atti amministrativi (regolamenti, direttive, circolari) = 2 | H7: 2
A8: punteggio assegnato | B8: =VLOOKUP(B7,G5:H10,2,FALSE) -> 2 | G8: È parzialmente vincolato solo dalla legge = 3 | H8: 3
A9: Criterio 2: rilevanza esterna | G9: È parzialmente vincolato solo da atti amministrativi (regolamenti, direttive, circolari) = 4 | H9: 4
A10: Il processo produce effetti diretti all'esterno dell'amministrazione di riferimento ? | B10: Si, il risultato del processo è rivolto direttamente ad utenti esterni = 5 | G10: È altamente discrezionale = 5 | H10: 5
A11: punteggio assegnato | B11: =VLOOKUP(B10,G13:H15,2,FALSE) -> 5
A12: Criterio 3: complessità del processo
A13: Si tratta di un processo complesso che comporta il coinvolgimento di più amministrazioni (esclusi i controlli) in fasi successive per il conseguimento del risultato? | B13: No, il processo coinvolge una sola PA = 1 | G13: Seleziona da elenco: | H13: -
A14: punteggio assegnato | B14: =VLOOKUP(B13,G17:H20,2,FALSE) -> 1 | G14: No, ha come destinatario finale un ufficio interno = 2 | H14: 2
A15: Criterio 4: valore economico | G15: Si, il risultato del processo è rivolto direttamente ad utenti esterni = 5 | H15: 5
A16: Qual è l'impatto economico del processo? | B16: Comporta l'attribuzione di vantaggi a soggetti esterni, ma di non particolare rilievo economico (es. borse di studio) = 3
A17: punteggio assegnato | B17: =VLOOKUP(B16,G22:H25,2,FALSE) -> 3 | G17: Seleziona da elenco: | H17: -
A18: Criterio 5: frazionabilità del processo | G18: No, il processo coinvolge una sola PA = 1 | H18: 1
A19: Il risultato finale del processo può essere raggiunto anche effettuando una pluralità di operazioni di entità economica ridotta che, considerate complessivamente, alla fine assicurano lo stesso risultato? | B19: No = 1 | G19: Si, il processo coinvolge più di tre amministrazioni = 3 | H19: 3
A20: punteggio assegnato | B20: =VLOOKUP(B19,G27:H29,2,FALSE) -> 1 | G20: Si, il processo coinvolge più di cinque amministrazioni = 5 | H20: 5
A21: Criterio 6: controlli
A22: Anche sulla base dell'esperienza pregressa, il tipo di controllo applicato sul processo è adeguato a neutralizzare il rischio? | B22: Si, costituisce un efficace strumento di neutralizzazione = 1 | G22: Seleziona da elenco: | H22: -
A23: punteggio assegnato | B23: =VLOOKUP(B22,G31:H36,2,FALSE) -> 1 | G23: Ha rilevanza esclusivamente interna = 1 | H23: 1
A24: Valore stimato della probabilità | B24: =IFERROR((B8+B11+B14+B17+B20+B23)/6,"-") -> 2.1666667 | G24: Comporta l'attribuzione di vantaggi a soggetti esterni, ma di non particolare rilievo economico (es. borse di studio) = 3 | H24: 3
A25: 0 = nessuna probabilità; 1 = improbabile; 2 = poco probabile; 3 = probabile; 4 = molto probabile; 5 = altamente probabile. | G25: Comporta l'affidamento di considerevoli vantaggi a soggetti esterni (es. appalto) = 5 | H25: 5
A27: 2. Valutazione dell'impatto | G27: Seleziona da elenco: | H27: -
A28: Criterio 1: impatto organizzativo | G28: No = 1 | H28: 1
A29: Rispetto al totale del personale impiegato nel singolo servizio (unità organizzativa semplice) competente a svolgere il processo (o la fase del processo di competenza della PA) nell'ambito della singola PA, quale percentuale di personale è impiegata nel processo? (Se il processo coinvolge l'attività di più servizi nell'ambito della stessa PA occorre riferire la percentuale al personale impiegato nei servizi coinvolti) | B29: Fino a circa il 20% = 1 | G29: Si = 5 | H29: 5
A30: punteggio assegnato | B30: =VLOOKUP(B29,G38:H43,2,FALSE) -> 1
A31: Criterio 2: impatto economico | G31: Seleziona da elenco: | H31: -
A32: Nel corso degli ultimi cinque anni sono state pronunciate sentenze della Corte dei Conti a carico di dipendenti (dirigenti o dipendenti) della PA o sono state pronunciate sentenze di risarcimento del danno nei confronti della PA per la medesima tipologia di evento o di tipologie analoghe? | B32: No = 1 | G32: Si, costituisce un efficace strumento di neutralizzazione = 1 | H32: 1
A33: punteggio assegnato | B33: =VLOOKUP(B32,G27:H29,2,FALSE) -> 1 | G33: Si, è molto efficace = 2 | H33: 2
A34: Criterio 3: impatto reputazionale | G34: Si, per una percentuale approssimativa del 50% = 3 | H34: 3
A35: Nel corso degli ultimi anni sono stati pubblicati su giornali o riviste articoli aventi ad oggetto il medesimo evento o eventi analoghi? | B35: No = 0 | G35: Si, ma in minima parte = 4 | H35: 4
A36: punteggio assegnato | B36: =VLOOKUP(B35,G48:H54,2,FALSE) -> 0 | G36: No, il rischio rimane indifferente = 5 | H36: 5
A37: Criterio 4: impatto sull'immagine
A38: A quale livello può collocarsi il rischio dell'evento (livello apicale, intermedio, basso), ovvero la posizione/il ruolo che l'eventuale soggetto riveste nell'organizzazione è elevata, media o bassa? | B38: A livello di capo dipartimento/segretario generale = 5 | G38: Seleziona da elenco: | H38: -
A39: punteggio assegnato | B39: =VLOOKUP(B38,G56:H61,2,FALSE) -> 5 | G39: Fino a circa il 20% = 1 | H39: 1
A40: Valore stimato dell'impatto | B40: =IFERROR((B30+B33+B36+B39)/4,"-") -> 1.75 | G40: Fino a circa il 40% = 2 | H40: 2
A41: 0 = nessun impatto; 1 = marginale; 2 = minore; 3 = soglia; 4 = serio; 5 = superiore | G41: Fino a circa il 60% = 3 | H41: 3
G42: Fino a circa lo 80% = 4 | H42: 4
A43: 3. Valutazione complessiva del rischio | G43: Fino a circa il 100% = 5 | H43: 5
A44: Valutazione complessiva del rischio = probabilità * impatto | B44: =IF(OR(B8="-",B11="-",B14="-",B17="-",B20="-",B23="-",B30="-",B33="-",B36="-",B39="-"),"Presenti campi non compilati",IFERROR(B24*B40,"-")) -> 3.7916667
A46: 4. Misure specifiche da adottare nel triennio per ridurre ulteriormente il rischio
A47: Due sono le direttive per la riduzione del rischio. La prima fa riferimento agli agenti ed ausiliari che accertano le violazioni che dovranno sempre operare almeno in coppia al fin di testimoniare reciprocamente l'integrità dei comportamenti dei pubblici ufficiali. La seconda misura è inerente al processo di riscossione che deve essere progressivamente sempre più informatizzato e rendere automatico ogni passaggio, specie per quelle sanzioni che vengono annullate, revocate o per le quali si decide di non procedere con la "messa a ruolo/risocssione coattiva"
G48: Seleziona da elenco: | H48: -
G49: No = 0 | H49: 0
G50: Non ne abbiamo memoria = 1 | H50: 1
G51: Si, sulla stampa locale = 2 | H51: 2
G52: Si, sulla stampa nazionale = 3 | H52: 3
G53: Si, sulla stampa locale e nazionale = 4 | H53: 4
G54: Si sulla stampa, locale, nazionale ed internazionale = 5 | H54: 5
G56: Seleziona da elenco: | H56: -
G57: A livello di addetto = 1 | H57: 1
G58: A livello di collaboratore o funzionario = 2 | H58: 2
G59: A livello di dirigente di ufficio non generale, ovvero posizione apicale o posizione organizzativa = 3 | H59: 3
G60: A livello di dirigente d'ufficio generale = 4 | H60: 4
G61: A livello di capo dipartimento/segretario generale = 5 | H61: 5

Sheet 13
A2: Scheda | B2: =IF(F2="SI",'Indice Schede'!B24,"non utilizzata") -> 13 | D2: Processo valutato? | F2: SI | H2: SI
A3: Gestione ordinaria delle entrate di bilancio | H3: NO
A4: 1. Valutazione della probabilità | D4: Torna all'indice
A5: Criteri | B5: Punteggi | G5: Seleziona da elenco: | H5: -
A6: Criterio 1: discrezionalità | G6: No, è del tutto vincolato = 1 | H6: 1
A7: Il processo è discrezionale? | B7: È parzialmente vincolato dalla legge e da atti amministrativi (regolamenti, direttive, circolari) = 2 | G7: È parzialmente vincolato dalla legge e da atti amministrativi (regolamenti, direttive, circolari) = 2 | H7: 2
A8: punteggio assegnato | B8: =VLOOKUP(B7,G5:H10,2,FALSE) -> 2 | G8: È parzialmente vincolato solo dalla legge = 3 | H8: 3
A9: Criterio 2: rilevanza esterna | G9: È parzialmente vincolato solo da atti amministrativi (regolamenti, direttive, circolari) = 4 | H9: 4
A10: Il processo produce effetti diretti all'esterno dell'amministrazione di riferimento ? | B10: Si, il risultato del processo è rivolto direttamente ad utenti esterni = 5 | G10: È altamente discrezionale = 5 | H10: 5
A11: punteggio assegnato | B11: =VLOOKUP(B10,G13:H15,2,FALSE) -> 5
A12: Criterio 3: complessità del processo
A13: Si tratta di un processo complesso che comporta il coinvolgimento di più amministrazioni (esclusi i controlli) in fasi successive per il conseguimento del risultato? | B13: No, il processo coinvolge una sola PA = 1 | G13: Seleziona da elenco: | H13: -
A14: punteggio assegnato | B14: =VLOOKUP(B13,G17:H20,2,FALSE) -> 1 | G14: No, ha come destinatario finale un ufficio interno = 2 | H14: 2
A15: Criterio 4: valore economico | G15: Si, il risultato del processo è rivolto direttamente ad utenti esterni = 5 | H15: 5
A16: Qual è l'impatto economico del processo? | B16: Comporta l'attribuzione di vantaggi a soggetti esterni, ma di non particolare rilievo economico (es. borse di studio) = 3
A17: punteggio assegnato | B17: =VLOOKUP(B16,G22:H25,2,FALSE) -> 3 | G17: Seleziona da elenco: | H17: -
A18: Criterio 5: frazionabilità del processo | G18: No, il processo coinvolge una sola PA = 1 | H18: 1
A19: Il risultato finale del processo può essere raggiunto anche effettuando una pluralità di operazioni di entità economica ridotta che, considerate complessivamente, alla fine assicurano lo stesso risultato? | B19: No = 1 | G19: Si, il processo coinvolge più di tre amministrazioni = 3 | H19: 3
A20: punteggio assegnato | B20: =VLOOKUP(B19,G27:H29,2,FALSE) -> 1 | G20: Si, il processo coinvolge più di cinque amministrazioni = 5 | H20: 5
A21: Criterio 6: controlli
A22: Anche sulla base dell'esperienza pregressa, il tipo di controllo applicato sul processo è adeguato a neutralizzare il rischio? | B22: Si, costituisce un efficace strumento di neutralizzazione = 1 | G22: Seleziona da elenco: | H22: -
A23: punteggio assegnato | B23: =VLOOKUP(B22,G31:H36,2,FALSE) -> 1 | G23: Ha rilevanza esclusivamente interna = 1 | H23: 1
A24: Valore stimato della probabilità | B24: =IFERROR((B8+B11+B14+B17+B20+B23)/6,"-") -> 2.1666667 | G24: Comporta l'attribuzione di vantaggi a soggetti esterni, ma di non particolare rilievo economico (es. borse di studio) = 3 | H24: 3
A25: 0 = nessuna probabilità; 1 = improbabile; 2 = poco probabile; 3 = probabile; 4 = molto probabile; 5 = altamente probabile. | G25: Comporta l'affidamento di considerevoli vantaggi a soggetti esterni (es. appalto) = 5 | H25: 5
A27: 2. Valutazione dell'impatto | G27: Seleziona da elenco: | H27: -
A28: Criterio 1: impatto organizzativo | G28: No = 1 | H28: 1
A29: Rispetto al totale del personale impiegato nel singolo servizio (unità organizzativa semplice) competente a svolgere il processo (o la fase del processo di competenza della PA) nell'ambito della singola PA, quale percentuale di personale è impiegata nel processo? (Se il processo coinvolge l'attività di più servizi nell'ambito della stessa PA occorre riferire la percentuale al personale impiegato nei servizi coinvolti) | B29: Fino a circa il 20% = 1 | G29: Si = 5 | H29: 5
A30: punteggio assegnato | B30: =VLOOKUP(B29,G38:H43,2,FALSE) -> 1
A31: Criterio 2: impatto economico | G31: Seleziona da elenco: | H31: -
A32: Nel corso degli ultimi cinque anni sono state pronunciate sentenze della Corte dei Conti a carico di dipendenti (dirigenti o dipendenti) della PA o sono state pronunciate sentenze di risarcimento del danno nei confronti della PA per la medesima tipologia di evento o di tipologie analoghe? | B32: No = 1 | G32: Si, costituisce un efficace strumento di neutralizzazione = 1 | H32: 1
A33: punteggio assegnato | B33: =VLOOKUP(B32,G27:H29,2,FALSE) -> 1 | G33: Si, è molto efficace = 2 | H33: 2
A34: Criterio 3: impatto reputazionale | G34: Si, per una percentuale approssimativa del 50% = 3 | H34: 3
A35: Nel corso degli ultimi anni sono stati pubblicati su giornali o riviste articoli aventi ad oggetto il medesimo evento o eventi analoghi? | B35: No = 0 | G35: Si, ma in minima parte = 4 | H35: 4
A36: punteggio assegnato | B36: =VLOOKUP(B35,G48:H54,2,FALSE) -> 0 | G36: No, il rischio rimane indifferente = 5 | H36: 5
A37: Criterio 4: impatto sull'immagine
A38: A quale livello può collocarsi il rischio dell'evento (livello apicale, intermedio, basso), ovvero la posizione/il ruolo che l'eventuale soggetto riveste nell'organizzazione è elevata, media o bassa? | B38: A livello di collaboratore o funzionario = 2 | G38: Seleziona da elenco: | H38: -
A39: punteggio assegnato | B39: =VLOOKUP(B38,G56:H61,2,FALSE) -> 2 | G39: Fino a circa il 20% = 1 | H39: 1
A40: Valore stimato dell'impatto | B40: =IFERROR((B30+B33+B36+B39)/4,"-") -> 1 | G40: Fino a circa il 40% = 2 | H40: 2
A41: 0 = nessun impatto; 1 = marginale; 2 = minore; 3 = soglia; 4 = serio; 5 = superiore | G41: Fino a circa il 60% = 3 | H41: 3
G42: Fino a circa lo 80% = 4 | H42: 4
A43: 3. Valutazione complessiva del rischio | G43: Fino a circa il 100% = 5 | H43: 5
A44: Valutazione complessiva del rischio = probabilità * impatto | B44: =IF(OR(B8="-",B11="-",B14="-",B17="-",B20="-",B23="-",B30="-",B33="-",B36="-",B39="-"),"Presenti campi non compilati",IFERROR(B24*B40,"-")) -> 2.1666667
A46: 4. Misure specifiche da adottare nel triennio per ridurre ulteriormente il rischio
A47: Le fattispecie in cui si concretizzano questi processi sono le più varie, ma diventano rilevanti ai fini dell'anticorruzione solo quando "si decidono" dilazioni, sconti, azzeramenti, rimodulazioni del debito ecc. In questi casi si dovrebbe produrre anche uno scostamento tra la previsione di entrata registrata a bilancio e l'accertamento della stessa. Sarebbe bene dunque che, specie quando si determinano detti scostamenti, venissero dai servizi finanziari segnalati al RPCT.
G48: Seleziona da elenco: | H48: -
G49: No = 0 | H49: 0
G50: Non ne abbiamo memoria = 1 | H50: 1
G51: Si, sulla stampa locale = 2 | H51: 2
G52: Si, sulla stampa nazionale = 3 | H52: 3
G53: Si, sulla stampa locale e nazionale = 4 | H53: 4
G54: Si sulla stampa, locale, nazionale ed internazionale = 5 | H54: 5
G56: Seleziona da elenco: | H56: -
G57: A livello di addetto = 1 | H57: 1
G58: A livello di collaboratore o funzionario = 2 | H58: 2
G59: A livello di dirigente di ufficio non generale, ovvero posizione apicale o posizione organizzativa = 3 | H59: 3
G60: A livello di dirigente d'ufficio generale = 4 | H60: 4
G61: A livello di capo dipartimento/segretario generale = 5 | H61: 5

Sheet 14
A2: Scheda | B2: =IF(F2="SI",'Indice Schede'!B25,"non utilizzata") -> 14 | D2: Processo valutato? | F2: SI | H2: SI
A3: Gestione ordinaria delle spese di bilancio | H3: NO
A4: 1. Valutazione della probabilità | D4: Torna all'indice
A5: Criteri | B5: Punteggi | G5: Seleziona da elenco: | H5: -
A6: Criterio 1: discrezionalità | G6: No, è del tutto vincolato = 1 | H6: 1
A7: Il processo è discrezionale? | B7: È parzialmente vincolato solo dalla legge = 3 | G7: È parzialmente vincolato dalla legge e da atti amministrativi (regolamenti, direttive, circolari) = 2 | H7: 2
A8: punteggio assegnato | B8: =VLOOKUP(B7,G5:H10,2,FALSE) -> 3 | G8: È parzialmente vincolato solo dalla legge = 3 | H8: 3
A9: Criterio 2: rilevanza esterna | G9: È parzialmente vincolato solo da atti amministrativi (regolamenti, direttive, circolari) = 4 | H9: 4
A10: Il processo produce effetti diretti all'esterno dell'amministrazione di riferimento ? | B10: Si, il risultato del processo è rivolto direttamente ad utenti esterni = 5 | G10: È altamente discrezionale = 5 | H10: 5
A11: punteggio assegnato | B11: =VLOOKUP(B10,G13:H15,2,FALSE) -> 5
A12: Criterio 3: complessità del processo
A13: Si tratta di un processo complesso che comporta il coinvolgimento di più amministrazioni (esclusi i controlli) in fasi successive per il conseguimento del risultato? | B13: No, il processo coinvolge una sola PA = 1 | G13: Seleziona da elenco: | H13: -
A14: punteggio assegnato | B14: =VLOOKUP(B13,G17:H20,2,FALSE) -> 1 | G14: No, ha come destinatario finale un ufficio interno = 2 | H14: 2
A15: Criterio 4: valore economico | G15: Si, il risultato del processo è rivolto direttamente ad utenti esterni = 5 | H15: 5
A16: Qual è l'impatto economico del processo? | B16: Comporta l'affidamento di considerevoli vantaggi a soggetti esterni (es. appalto) = 5
A17: punteggio assegnato | B17: =VLOOKUP(B16,G22:H25,2,FALSE) -> 5 | G17: Seleziona da elenco: | H17: -
A18: Criterio 5: frazionabilità del processo | G18: No, il processo coinvolge una sola PA = 1 | H18: 1
A19: Il risultato finale del processo può essere raggiunto anche effettuando una pluralità di operazioni di entità economica ridotta che, considerate complessivamente, alla fine assicurano lo stesso risultato? | B19: Si = 5 | G19: Si, il processo coinvolge più di tre amministrazioni = 3 | H19: 3
A20: punteggio assegnato | B20: =VLOOKUP(B19,G27:H29,2,FALSE) -> 5 | G20: Si, il processo coinvolge più di cinque amministrazioni = 5 | H20: 5
A21: Criterio 6: controlli
A22: Anche sulla base dell'esperienza pregressa, il tipo di controllo applicato sul processo è adeguato a neutralizzare il rischio? | B22: Si, costituisce un efficace strumento di neutralizzazione = 1 | G22: Seleziona da elenco: | H22: -
A23: punteggio assegnato | B23: =VLOOKUP(B22,G31:H36,2,FALSE) -> 1 | G23: Ha rilevanza esclusivamente interna = 1 | H23: 1
